Workbook
Name Data_Table_1: 'Table 1'!$H$21:$L$264
Name Data_Table_2: 'Table 2'!$H$21:$L$29
Name Data_Table_3: 'Table 3'!$I$21:$S$264
Name Data_Table_3_1: 'Table 3.1'!$I$21:$S$264
Name Data_Table_3_2: 'Table 3.2'!$I$21:$S$264
Name Data_Table_3_2_1: 'Table 3.2.1'!$I$21:$S$264
Name Data_Table_3_2_2: 'Table 3.2.2'!$I$21:$S$264
Name Data_Table_4: 'Table 4'!$H$21:$L$264
Name Data_Table_5: 'Table 5'!$I$21:$P$262,'Table 5'!$I$264:$P$264
Name Data_Table_5_1: 'Table 5.1'!$I$21:$P$262,'Table 5.1'!$I$264:$P$264
Name Data_Table_5_2: 'Table 5.2'!$I$21:$P$262,'Table 5.2'!$I$264:$P$264
Name Data_Table_5_2_1: 'Table 5.2.1'!$I$21:$P$262,'Table 5.2.1'!$I$264:$P$264
Name Data_Table_5_2_2: 'Table 5.2.2'!$I$21:$P$262,'Table 5.2.2'!$I$264:$P$264
Name Data_Table_7: 'Table 7'!$H$21:$L$264
Name Range_ReportControl: 'Report Form'!$A$1:$B$1
Name Report_Version_Number: 'Report Form'!$A$3
Name Report_Version_Tag: 'Report Form'!$A$1
Name Reporting_Country_Code: 'Index Page'!$G$4
Name Reporting_Country_Name: 'Index Page'!$E$4
Name Reporting_Currency_Code: 'Index Page'!$G$5
Name Reporting_Currency_Name: 'Index Page'!$E$6
Name Reporting_Period_Code: 'Index Page'!$E$5
Name Reporting_Scale_Name: 'Index Page'!$E$7

Sheet General Instructions
C2: International Monetary Fund
C3: Coordinated Portfolio Investment Survey (CPIS)
C5: Instructions to the Compiler
C7: i. | D7: The concepts and principles underlying the collection and compilation of positions on portfolio investment (equity and investment fund shares, and long- and short-term debt securities) in the CPIS are identified in: | G7: The IMF’s Balance of Payments and International Investment Position Manual, sixth edition (BPM6)
C8: ii. | D8: The collection methods for the survey, as well as other practical issues are outlined in: | G8: The Coordinated Portfolio Investment Survey Guide (second edition, 2002)
C9: iii. | D9: Please also see: | G9: The CPIS Frequently Asked Questions (FAQs)
C10: iv. | D10: For questions regarding this survey, please send an email to cpis@imf.org.
C11: What to fill out
C12: 1 | E12: Core Items | F12: - | G12: The core items include a breakdown of portfolio investment positions by instrument (equity and investment fund shares, and long- and short-term debt securities); and with the securities geographically allocated by the economy of residence of the issuer, by type of security.
C13: 2 | E13: Encouraged Data (Assets) | F13: - | G13: i) currency of denomination of the securities held; ii) a breakdown by the institutional sector of the resident holder; iii) a breakdown by the institutional sector of the nonresident issuer (of the security); iv) a breakdown by institutional sector of the resident holder cross-classified by the institutional sector of the nonresident issuer for specified economies; and v) the separate reporting of short or negative positions.
C14: 3 | E14: Encouraged Data (Liabilities) | F14: - | G14: The CPIS also collects as an encouraged item, portfolio investment liabilities.
C15: How to fill out the report forms
C16: 4 | E16: Reporting unit | F16: - | G16: The preferred reporting unit is Million.
C17: 5 | E17: Reporting currency | F17: - | G17: The reporting currency is either Domestic currency, Euros or USD.
C18: 6 | E18: Zero Values | F18: - | G18: Zero values are observations actually collected, which are either zero (0) or below the level of relevance for the scale of the questionnaire (any data below the 0.5 unit). They should not be confused with not available data.
C19: 7 | E19: Not Available Data | F19: - | G19: Not available or missing values are data, which are not collected, and refer to lack of data, but not that the data is “0”.
C20: 8 | E20: Rounding | F20: - | G20: Rounding up to the next unit when decimals are equal to or larger than 0.5; otherwise they are rounded to zero (“0”).
C21: 9 | E21: Confidential Data | F21: - | G21: Confidential data should be reported with the symbol "c".
C22: 10 | E22: Not Specified (including Confidential) | F22: - | G22: The sheets with the geographical breakdown include a line for "Not specified (including Confidential)". This line refers to data that cannot be allocated for confidentiality reasons and holdings against unknown/unspecified counterparts.
C23: 11 | E23: No Links | F23: - | G23: Do not link to other files in the template. Otherwise all the data will not be uploaded.
C24: What to check for
C25: 12 | E25: Totals | F25: - | G25: For new data, the totals are the sum of related components. For revised data, there are no aggregation formulas. These totals are provided as they exist in our database.
C26: 13 | E26: Cross Checks | F26: - | G26: The report forms contain cross-checks for each instrument that has components, and are provided for consistency checks only, and will not be updated in our database.
C27: 14 | E27: Validation Checks | F27: - | G27: “Residual Disclosure” will appear if only a total or one of its components is reported as “c” confidential data making it possible to derive.

Sheet Index Page
A1: Domestic Currency | B1: 2
A2: US Dollars | B2: 1
A3: Euros | B3: 6
D4: Declaring country | E4: Cayman Islands | G4: 377
A5: Unit | B5: 1 | D5: Year | E5: 2021S2 | F5: =IF(RIGHT(T(E5),2)="S1"," As of end-June "&LEFT(T(E5),4),IF(RIGHT(T(E5),2)="S2"," As of end-December "&LEFT(T(E5),4),"")) -> As of end-December 2021 | G5: =VLOOKUP(Reporting_Currency_Name,$A$1:$B$3,2,FALSE) -> 1
A6: Thousand | B6: 3 | D6: Currency | E6: US Dollars
A7: Million | B7: 6 | D7: Scale | E7: Million
A8: Billion | B8: 9
A9: Trillion | B9: 12
H10: v1.0

Sheet Table 1
H1: Table 1: CPIS: Total Portfolio Investment Assets: Core 1
G4: Reporting Economy | H4: =Reporting_Country_Name -> Cayman Islands | J4: Country Code: | K4: =Reporting_Country_Code -> 377 | L4: Reference Date: | M4: =Reporting_Period_Code -> 2021S2
G7: Reporting Currency | H7: =Reporting_Currency_Name -> US Dollars | J7: Currency Code: | K7: =Reporting_Currency_Code -> 1 | L7: Scale | M7: =Reporting_Scale_Name -> Million
H13: Data Reported by Holder
F14: Code | M14: Residual Disclosure (Confidential value may be deducted through reported data) | N14: Cross-Check: Calculated Total = (I + J)-H | O14: Cross-Check: Calculated Total Debt Securities =(K + L)-J
H15: TOTAL ASSETS
E16: No. | G16: Economy of Nonresident Issuer | I16: Equiity Securities2 | J16: Total Debt Securities3 | K16: Long-term Debt Securities | L16: Short-term Debt Securities
B17: PPP | D17: Sector PPP | H17: .8B9999.A | I17: .8BA000.A | J17: .8BB000.A | K17: .8BB000.A | L17: .8BB000.A
H18: .A | I18: .A | J18: .A | K18: .A | L18: .A
G19: Maturity | H19: .A. | I19: .A. | J19: .A. | K19: .L. | L19: .S.
B20: PPP | C20: Of Which Currency | D20: Partner Sector | G20: Partner Sector
B21: .512 | D21: .A | E21: 1 | F21: AF | G21: Afghanistan, Islamic State of | H21: =IF(AND(I21="",J21=""),"",IF(OR(I21="c",J21="c"),"c",SUM(I21,J21))) -> 0 | I21: ='[1]Table 1'!$B2 -> 0 | J21: =IF(AND(K21="",L21=""),"",IF(OR(K21="c",L21="c"),"c",SUM(K21,L21))) -> 0 | K21: ='[1]Table 1'!$C2 -> 0 | L21: ='[1]Table 1'!$D2 -> 0 | M21: =IF(AND(SUM(COUNTIF(K21:L21,"c"),(COUNTIF(J21,"c")))=1,AND(K21<>"",L21<>"",J21<>"")),"Residual Disclosure",IF(AND(SUM(COUNTIF(I21:J21,"c"),(COUNTIF(H21,"c")))=1,AND(I21<>"",J21<>"",H21<>"")),"Residual Disclosure","")) | N21: =IF(M21<>"","",IF(OR(AND(H21="c",OR(J21="c",I21="c")),AND(H21<>"",I21="c",J21="c"),AND(H21<>"",J21="",I21="")),"",IF(OR(I21="c",J21="c"),"c",IF(ABS(SUM(I21,J21)-SUM(H21))>0.9,SUM(I21,J21)-SUM(H21),"")))) | O21: =IF(M21<>"","",IF(OR(AND(J21="c",OR(L21="c",K21="c")),AND(J21<>"",K21="c",L21="c"),AND(J21<>"",L21="",K21="")),"",IF(COUNTIF(K21:L21,"c")>1,"",IF(ABS(SUM(K21,L21)-SUM(J21))>0.9,SUM(K21,L21)-SUM(J21),""))))
B22: .914 | D22: .A | E22: 2 | F22: AL | G22: Albania | H22: =IF(AND(I22="",J22=""),"",IF(OR(I22="c",J22="c"),"c",SUM(I22,J22))) -> 0 | I22: ='[1]Table 1'!$B3 -> 0 | J22: =IF(AND(K22="",L22=""),"",IF(OR(K22="c",L22="c"),"c",SUM(K22,L22))) -> 0 | K22: ='[1]Table 1'!$C3 -> 0 | L22: ='[1]Table 1'!$D3 -> 0 | M22: =IF(AND(SUM(COUNTIF(K22:L22,"c"),(COUNTIF(J22,"c")))=1,AND(K22<>"",L22<>"",J22<>"")),"Residual Disclosure",IF(AND(SUM(COUNTIF(I22:J22,"c"),(COUNTIF(H22,"c")))=1,AND(I22<>"",J22<>"",H22<>"")),"Residual Disclosure","")) | N22: =IF(M22<>"","",IF(OR(AND(H22="c",OR(J22="c",I22="c")),AND(H22<>"",I22="c",J22="c"),AND(H22<>"",J22="",I22="")),"",IF(OR(I22="c",J22="c"),"c",IF(ABS(SUM(I22,J22)-SUM(H22))>0.9,SUM(I22,J22)-SUM(H22),"")))) | O22: =IF(M22<>"","",IF(OR(AND(J22="c",OR(L22="c",K22="c")),AND(J22<>"",K22="c",L22="c"),AND(J22<>"",L22="",K22="")),"",IF(COUNTIF(K22:L22,"c")>1,"",IF(ABS(SUM(K22,L22)-SUM(J22))>0.9,SUM(K22,L22)-SUM(J22),""))))
B23: .612 | D23: .A | E23: 3 | F23: DZ | G23: Algeria | H23: =IF(AND(I23="",J23=""),"",IF(OR(I23="c",J23="c"),"c",SUM(I23,J23))) -> 0 | I23: ='[1]Table 1'!$B4 -> 0 | J23: =IF(AND(K23="",L23=""),"",IF(OR(K23="c",L23="c"),"c",SUM(K23,L23))) -> 0 | K23: ='[1]Table 1'!$C4 -> 0 | L23: ='[1]Table 1'!$D4 -> 0 | M23: =IF(AND(SUM(COUNTIF(K23:L23,"c"),(COUNTIF(J23,"c")))=1,AND(K23<>"",L23<>"",J23<>"")),"Residual Disclosure",IF(AND(SUM(COUNTIF(I23:J23,"c"),(COUNTIF(H23,"c")))=1,AND(I23<>"",J23<>"",H23<>"")),"Residual Disclosure","")) | N23: =IF(M23<>"","",IF(OR(AND(H23="c",OR(J23="c",I23="c")),AND(H23<>"",I23="c",J23="c"),AND(H23<>"",J23="",I23="")),"",IF(OR(I23="c",J23="c"),"c",IF(ABS(SUM(I23,J23)-SUM(H23))>0.9,SUM(I23,J23)-SUM(H23),"")))) | O23: =IF(M23<>"","",IF(OR(AND(J23="c",OR(L23="c",K23="c")),AND(J23<>"",K23="c",L23="c"),AND(J23<>"",L23="",K23="")),"",IF(COUNTIF(K23:L23,"c")>1,"",IF(ABS(SUM(K23,L23)-SUM(J23))>0.9,SUM(K23,L23)-SUM(J23),""))))
B24: .859 | D24: .A | E24: 4 | F24: AS | G24: American Samoa | H24: =IF(AND(I24="",J24=""),"",IF(OR(I24="c",J24="c"),"c",SUM(I24,J24))) -> 0 | I24: ='[1]Table 1'!$B5 -> 0 | J24: =IF(AND(K24="",L24=""),"",IF(OR(K24="c",L24="c"),"c",SUM(K24,L24))) -> 0 | K24: ='[1]Table 1'!$C5 -> 0 | L24: ='[1]Table 1'!$D5 -> 0 | M24: =IF(AND(SUM(COUNTIF(K24:L24,"c"),(COUNTIF(J24,"c")))=1,AND(K24<>"",L24<>"",J24<>"")),"Residual Disclosure",IF(AND(SUM(COUNTIF(I24:J24,"c"),(COUNTIF(H24,"c")))=1,AND(I24<>"",J24<>"",H24<>"")),"Residual Disclosure","")) | N24: =IF(M24<>"","",IF(OR(AND(H24="c",OR(J24="c",I24="c")),AND(H24<>"",I24="c",J24="c"),AND(H24<>"",J24="",I24="")),"",IF(OR(I24="c",J24="c"),"c",IF(ABS(SUM(I24,J24)-SUM(H24))>0.9,SUM(I24,J24)-SUM(H24),"")))) | O24: =IF(M24<>"","",IF(OR(AND(J24="c",OR(L24="c",K24="c")),AND(J24<>"",K24="c",L24="c"),AND(J24<>"",L24="",K24="")),"",IF(COUNTIF(K24:L24,"c")>1,"",IF(ABS(SUM(K24,L24)-SUM(J24))>0.9,SUM(K24,L24)-SUM(J24),""))))
B25: .171 | D25: .A | E25: 5 | F25: AD | G25: Andorra | H25: =IF(AND(I25="",J25=""),"",IF(OR(I25="c",J25="c"),"c",SUM(I25,J25))) -> 0 | I25: ='[1]Table 1'!$B6 -> 0 | J25: =IF(AND(K25="",L25=""),"",IF(OR(K25="c",L25="c"),"c",SUM(K25,L25))) -> 0 | K25: ='[1]Table 1'!$C6 -> 0 | L25: ='[1]Table 1'!$D6 -> 0 | M25: =IF(AND(SUM(COUNTIF(K25:L25,"c"),(COUNTIF(J25,"c")))=1,AND(K25<>"",L25<>"",J25<>"")),"Residual Disclosure",IF(AND(SUM(COUNTIF(I25:J25,"c"),(COUNTIF(H25,"c")))=1,AND(I25<>"",J25<>"",H25<>"")),"Residual Disclosure","")) | N25: =IF(M25<>"","",IF(OR(AND(H25="c",OR(J25="c",I25="c")),AND(H25<>"",I25="c",J25="c"),AND(H25<>"",J25="",I25="")),"",IF(OR(I25="c",J25="c"),"c",IF(ABS(SUM(I25,J25)-SUM(H25))>0.9,SUM(I25,J25)-SUM(H25),"")))) | O25: =IF(M25<>"","",IF(OR(AND(J25="c",OR(L25="c",K25="c")),AND(J25<>"",K25="c",L25="c"),AND(J25<>"",L25="",K25="")),"",IF(COUNTIF(K25:L25,"c")>1,"",IF(ABS(SUM(K25,L25)-SUM(J25))>0.9,SUM(K25,L25)-SUM(J25),""))))
B26: .614 | D26: .A | E26: 6 | F26: AO | G26: Angola | H26: =IF(AND(I26="",J26=""),"",IF(OR(I26="c",J26="c"),"c",SUM(I26,J26))) -> 166.69408 | I26: ='[1]Table 1'!$B7 -> 0 | J26: =IF(AND(K26="",L26=""),"",IF(OR(K26="c",L26="c"),"c",SUM(K26,L26))) -> 166.69408 | K26: ='[1]Table 1'!$C7 -> 166.69408 | L26: ='[1]Table 1'!$D7 -> 0 | M26: =IF(AND(SUM(COUNTIF(K26:L26,"c"),(COUNTIF(J26,"c")))=1,AND(K26<>"",L26<>"",J26<>"")),"Residual Disclosure",IF(AND(SUM(COUNTIF(I26:J26,"c"),(COUNTIF(H26,"c")))=1,AND(I26<>"",J26<>"",H26<>"")),"Residual Disclosure","")) | N26: =IF(M26<>"","",IF(OR(AND(H26="c",OR(J26="c",I26="c")),AND(H26<>"",I26="c",J26="c"),AND(H26<>"",J26="",I26="")),"",IF(OR(I26="c",J26="c"),"c",IF(ABS(SUM(I26,J26)-SUM(H26))>0.9,SUM(I26,J26)-SUM(H26),"")))) | O26: =IF(M26<>"","",IF(OR(AND(J26="c",OR(L26="c",K26="c")),AND(J26<>"",K26="c",L26="c"),AND(J26<>"",L26="",K26="")),"",IF(COUNTIF(K26:L26,"c")>1,"",IF(ABS(SUM(K26,L26)-SUM(J26))>0.9,SUM(K26,L26)-SUM(J26),""))))
B27: .312 | D27: .A | E27: 7 | F27: AI | G27: Anguilla | H27: =IF(AND(I27="",J27=""),"",IF(OR(I27="c",J27="c"),"c",SUM(I27,J27))) -> 205.40712 | I27: ='[1]Table 1'!$B8 -> 205.40712 | J27: =IF(AND(K27="",L27=""),"",IF(OR(K27="c",L27="c"),"c",SUM(K27,L27))) -> 0 | K27: ='[1]Table 1'!$C8 -> 0 | L27: ='[1]Table 1'!$D8 -> 0 | M27: =IF(AND(SUM(COUNTIF(K27:L27,"c"),(COUNTIF(J27,"c")))=1,AND(K27<>"",L27<>"",J27<>"")),"Residual Disclosure",IF(AND(SUM(COUNTIF(I27:J27,"c"),(COUNTIF(H27,"c")))=1,AND(I27<>"",J27<>"",H27<>"")),"Residual Disclosure","")) | N27: =IF(M27<>"","",IF(OR(AND(H27="c",OR(J27="c",I27="c")),AND(H27<>"",I27="c",J27="c"),AND(H27<>"",J27="",I27="")),"",IF(OR(I27="c",J27="c"),"c",IF(ABS(SUM(I27,J27)-SUM(H27))>0.9,SUM(I27,J27)-SUM(H27),"")))) | O27: =IF(M27<>"","",IF(OR(AND(J27="c",OR(L27="c",K27="c")),AND(J27<>"",K27="c",L27="c"),AND(J27<>"",L27="",K27="")),"",IF(COUNTIF(K27:L27,"c")>1,"",IF(ABS(SUM(K27,L27)-SUM(J27))>0.9,SUM(K27,L27)-SUM(J27),""))))
B28: .311 | D28: .A | E28: 8 | F28: AG | G28: Antigua and Barbuda | H28: =IF(AND(I28="",J28=""),"",IF(OR(I28="c",J28="c"),"c",SUM(I28,J28))) -> 6.923839 | I28: ='[1]Table 1'!$B9 -> 0 | J28: =IF(AND(K28="",L28=""),"",IF(OR(K28="c",L28="c"),"c",SUM(K28,L28))) -> 6.923839 | K28: ='[1]Table 1'!$C9 -> 0 | L28: ='[1]Table 1'!$D9 -> 6.923839 | M28: =IF(AND(SUM(COUNTIF(K28:L28,"c"),(COUNTIF(J28,"c")))=1,AND(K28<>"",L28<>"",J28<>"")),"Residual Disclosure",IF(AND(SUM(COUNTIF(I28:J28,"c"),(COUNTIF(H28,"c")))=1,AND(I28<>"",J28<>"",H28<>"")),"Residual Disclosure","")) | N28: =IF(M28<>"","",IF(OR(AND(H28="c",OR(J28="c",I28="c")),AND(H28<>"",I28="c",J28="c"),AND(H28<>"",J28="",I28="")),"",IF(OR(I28="c",J28="c"),"c",IF(ABS(SUM(I28,J28)-SUM(H28))>0.9,SUM(I28,J28)-SUM(H28),"")))) | O28: =IF(M28<>"","",IF(OR(AND(J28="c",OR(L28="c",K28="c")),AND(J28<>"",K28="c",L28="c"),AND(J28<>"",L28="",K28="")),"",IF(COUNTIF(K28:L28,"c")>1,"",IF(ABS(SUM(K28,L28)-SUM(J28))>0.9,SUM(K28,L28)-SUM(J28),""))))
B29: .213 | D29: .A | E29: 9 | F29: AR | G29: Argentina | H29: =IF(AND(I29="",J29=""),"",IF(OR(I29="c",J29="c"),"c",SUM(I29,J29))) -> 3669.4002 | I29: ='[1]Table 1'!$B10 -> 139.01634 | J29: =IF(AND(K29="",L29=""),"",IF(OR(K29="c",L29="c"),"c",SUM(K29,L29))) -> 3530.3838 | K29: ='[1]Table 1'!$C10 -> 3508.2089 | L29: ='[1]Table 1'!$D10 -> 22.174898 | M29: =IF(AND(SUM(COUNTIF(K29:L29,"c"),(COUNTIF(J29,"c")))=1,AND(K29<>"",L29<>"",J29<>"")),"Residual Disclosure",IF(AND(SUM(COUNTIF(I29:J29,"c"),(COUNTIF(H29,"c")))=1,AND(I29<>"",J29<>"",H29<>"")),"Residual Disclosure","")) | N29: =IF(M29<>"","",IF(OR(AND(H29="c",OR(J29="c",I29="c")),AND(H29<>"",I29="c",J29="c"),AND(H29<>"",J29="",I29="")),"",IF(OR(I29="c",J29="c"),"c",IF(ABS(SUM(I29,J29)-SUM(H29))>0.9,SUM(I29,J29)-SUM(H29),"")))) | O29: =IF(M29<>"","",IF(OR(AND(J29="c",OR(L29="c",K29="c")),AND(J29<>"",K29="c",L29="c"),AND(J29<>"",L29="",K29="")),"",IF(COUNTIF(K29:L29,"c")>1,"",IF(ABS(SUM(K29,L29)-SUM(J29))>0.9,SUM(K29,L29)-SUM(J29),""))))
B30: .911 | D30: .A | E30: 10 | F30: AM | G30: Armenia | H30: =IF(AND(I30="",J30=""),"",IF(OR(I30="c",J30="c"),"c",SUM(I30,J30))) -> 2.69832 | I30: ='[1]Table 1'!$B11 -> 0 | J30: =IF(AND(K30="",L30=""),"",IF(OR(K30="c",L30="c"),"c",SUM(K30,L30))) -> 2.69832 | K30: ='[1]Table 1'!$C11 -> 2.583725 | L30: ='[1]Table 1'!$D11 -> 0.114595 | M30: =IF(AND(SUM(COUNTIF(K30:L30,"c"),(COUNTIF(J30,"c")))=1,AND(K30<>"",L30<>"",J30<>"")),"Residual Disclosure",IF(AND(SUM(COUNTIF(I30:J30,"c"),(COUNTIF(H30,"c")))=1,AND(I30<>"",J30<>"",H30<>"")),"Residual Disclosure","")) | N30: =IF(M30<>"","",IF(OR(AND(H30="c",OR(J30="c",I30="c")),AND(H30<>"",I30="c",J30="c"),AND(H30<>"",J30="",I30="")),"",IF(OR(I30="c",J30="c"),"c",IF(ABS(SUM(I30,J30)-SUM(H30))>0.9,SUM(I30,J30)-SUM(H30),"")))) | O30: =IF(M30<>"","",IF(OR(AND(J30="c",OR(L30="c",K30="c")),AND(J30<>"",K30="c",L30="c"),AND(J30<>"",L30="",K30="")),"",IF(COUNTIF(K30:L30,"c")>1,"",IF(ABS(SUM(K30,L30)-SUM(J30))>0.9,SUM(K30,L30)-SUM(J30),""))))
B31: .314 | D31: .A | E31: 11 | F31: AW | G31: Aruba | H31: =IF(AND(I31="",J31=""),"",IF(OR(I31="c",J31="c"),"c",SUM(I31,J31))) -> 30.479599 | I31: ='[1]Table 1'!$B12 -> 0 | J31: =IF(AND(K31="",L31=""),"",IF(OR(K31="c",L31="c"),"c",SUM(K31,L31))) -> 30.479599 | K31: ='[1]Table 1'!$C12 -> 25.479599 | L31: ='[1]Table 1'!$D12 -> 5 | M31: =IF(AND(SUM(COUNTIF(K31:L31,"c"),(COUNTIF(J31,"c")))=1,AND(K31<>"",L31<>"",J31<>"")),"Residual Disclosure",IF(AND(SUM(COUNTIF(I31:J31,"c"),(COUNTIF(H31,"c")))=1,AND(I31<>"",J31<>"",H31<>"")),"Residual Disclosure","")) | N31: =IF(M31<>"","",IF(OR(AND(H31="c",OR(J31="c",I31="c")),AND(H31<>"",I31="c",J31="c"),AND(H31<>"",J31="",I31="")),"",IF(OR(I31="c",J31="c"),"c",IF(ABS(SUM(I31,J31)-SUM(H31))>0.9,SUM(I31,J31)-SUM(H31),"")))) | O31: =IF(M31<>"","",IF(OR(AND(J31="c",OR(L31="c",K31="c")),AND(J31<>"",K31="c",L31="c"),AND(J31<>"",L31="",K31="")),"",IF(COUNTIF(K31:L31,"c")>1,"",IF(ABS(SUM(K31,L31)-SUM(J31))>0.9,SUM(K31,L31)-SUM(J31),""))))
B32: .193 | D32: .A | E32: 12 | F32: AU | G32: Australia | H32: =IF(AND(I32="",J32=""),"",IF(OR(I32="c",J32="c"),"c",SUM(I32,J32))) -> 13909.867 | I32: ='[1]Table 1'!$B13 -> 2877.8676 | J32: =IF(AND(K32="",L32=""),"",IF(OR(K32="c",L32="c"),"c",SUM(K32,L32))) -> 11031.999 | K32: ='[1]Table 1'!$C13 -> 10430.684 | L32: ='[1]Table 1'!$D13 -> 601.31528 | M32: =IF(AND(SUM(COUNTIF(K32:L32,"c"),(COUNTIF(J32,"c")))=1,AND(K32<>"",L32<>"",J32<>"")),"Residual Disclosure",IF(AND(SUM(COUNTIF(I32:J32,"c"),(COUNTIF(H32,"c")))=1,AND(I32<>"",J32<>"",H32<>"")),"Residual Disclosure","")) | N32: =IF(M32<>"","",IF(OR(AND(H32="c",OR(J32="c",I32="c")),AND(H32<>"",I32="c",J32="c"),AND(H32<>"",J32="",I32="")),"",IF(OR(I32="c",J32="c"),"c",IF(ABS(SUM(I32,J32)-SUM(H32))>0.9,SUM(I32,J32)-SUM(H32),"")))) | O32: =IF(M32<>"","",IF(OR(AND(J32="c",OR(L32="c",K32="c")),AND(J32<>"",K32="c",L32="c"),AND(J32<>"",L32="",K32="")),"",IF(COUNTIF(K32:L32,"c")>1,"",IF(ABS(SUM(K32,L32)-SUM(J32))>0.9,SUM(K32,L32)-SUM(J32),""))))
... B58: .156 | D58: .A | E58: 38 | F58: CA | G58: Canada | H58: =IF(AND(I58="",J58=""),"",IF(OR(I58="c",J58="c"),"c",SUM(I58,J58))) -> 53041.761 | I58: ='[1]Table 1'!$B39 -> 24016.644 | J58: =IF(AND(K58="",L58=""),"",IF(OR(K58="c",L58="c"),"c",SUM(K58,L58))) -> 29025.116 | K58: ='[1]Table 1'!$C39 -> 21359.246 | L58: ='[1]Table 1'!$D39 -> 7665.8702 | M58: =IF(AND(SUM(COUNTIF(K58:L58,"c"),(COUNTIF(J58,"c")))=1,AND(K58<>"",L58<>"",J58<>"")),"Residual Disclosure",IF(AND(SUM(COUNTIF(I58:J58,"c"),(COUNTIF(H58,"c")))=1,AND(I58<>"",J58<>"",H58<>"")),"Residual Disclosure","")) | N58: =IF(M58<>"","",IF(OR(AND(H58="c",OR(J58="c",I58="c")),AND(H58<>"",I58="c",J58="c"),AND(H58<>"",J58="",I58="")),"",IF(OR(I58="c",J58="c"),"c",IF(ABS(SUM(I58,J58)-SUM(H58))>0.9,SUM(I58,J58)-SUM(H58),"")))) | O58: =IF(M58<>"","",IF(OR(AND(J58="c",OR(L58="c",K58="c")),AND(J58<>"",K58="c",L58="c"),AND(J58<>"",L58="",K58="")),"",IF(COUNTIF(K58:L58,"c")>1,"",IF(ABS(SUM(K58,L58)-SUM(J58))>0.9,SUM(K58,L58)-SUM(J58),""))))
B59: .377 | D59: .A | E59: 39 | F59: KY | G59: Cayman Islands | H59: =IF(AND(I59="",J59=""),"",IF(OR(I59="c",J59="c"),"c",SUM(I59,J59))) -> 0 | I59: 0 | J59: =IF(AND(K59="",L59=""),"",IF(OR(K59="c",L59="c"),"c",SUM(K59,L59))) -> 0 | K59: 0 | L59: 0 | M59: =IF(AND(SUM(COUNTIF(K59:L59,"c"),(COUNTIF(J59,"c")))=1,AND(K59<>"",L59<>"",J59<>"")),"Residual Disclosure",IF(AND(SUM(COUNTIF(I59:J59,"c"),(COUNTIF(H59,"c")))=1,AND(I59<>"",J59<>"",H59<>"")),"Residual Disclosure","")) | N59: =IF(M59<>"","",IF(OR(AND(H59="c",OR(J59="c",I59="c")),AND(H59<>"",I59="c",J59="c"),AND(H59<>"",J59="",I59="")),"",IF(OR(I59="c",J59="c"),"c",IF(ABS(SUM(I59,J59)-SUM(H59))>0.9,SUM(I59,J59)-SUM(H59),"")))) | O59: =IF(M59<>"","",IF(OR(AND(J59="c",OR(L59="c",K59="c")),AND(J59<>"",K59="c",L59="c"),AND(J59<>"",L59="",K59="")),"",IF(COUNTIF(K59:L59,"c")>1,"",IF(ABS(SUM(K59,L59)-SUM(J59))>0.9,SUM(K59,L59)-SUM(J59),""))))
B60: .626 | D60: .A | E60: 40 | F60: CF | G60: Central African Republic | H60: =IF(AND(I60="",J60=""),"",IF(OR(I60="c",J60="c"),"c",SUM(I60,J60))) -> 0 | I60: ='[1]Table 1'!$B41 -> 0 | J60: =IF(AND(K60="",L60=""),"",IF(OR(K60="c",L60="c"),"c",SUM(K60,L60))) -> 0 | K60: ='[1]Table 1'!$C41 -> 0 | L60: ='[1]Table 1'!$D41 -> 0 | M60: =IF(AND(SUM(COUNTIF(K60:L60,"c"),(COUNTIF(J60,"c")))=1,AND(K60<>"",L60<>"",J60<>"")),"Residual Disclosure",IF(AND(SUM(COUNTIF(I60:J60,"c"),(COUNTIF(H60,"c")))=1,AND(I60<>"",J60<>"",H60<>"")),"Residual Disclosure","")) | N60: =IF(M60<>"","",IF(OR(AND(H60="c",OR(J60="c",I60="c")),AND(H60<>"",I60="c",J60="c"),AND(H60<>"",J60="",I60="")),"",IF(OR(I60="c",J60="c"),"c",IF(ABS(SUM(I60,J60)-SUM(H60))>0.9,SUM(I60,J60)-SUM(H60),"")))) | O60: =IF(M60<>"","",IF(OR(AND(J60="c",OR(L60="c",K60="c")),AND(J60<>"",K60="c",L60="c"),AND(J60<>"",L60="",K60="")),"",IF(COUNTIF(K60:L60,"c")>1,"",IF(ABS(SUM(K60,L60)-SUM(J60))>0.9,SUM(K60,L60)-SUM(J60),""))))
B61: .628 | D61: .A | E61: 41 | F61: TD | G61: Chad | H61: =IF(AND(I61="",J61=""),"",IF(OR(I61="c",J61="c"),"c",SUM(I61,J61))) -> 0 | I61: ='[1]Table 1'!$B42 -> 0 | J61: =IF(AND(K61="",L61=""),"",IF(OR(K61="c",L61="c"),"c",SUM(K61,L61))) -> 0 | K61: ='[1]Table 1'!$C42 -> 0 | L61: ='[1]Table 1'!$D42 -> 0 | M61: =IF(AND(SUM(COUNTIF(K61:L61,"c"),(COUNTIF(J61,"c")))=1,AND(K61<>"",L61<>"",J61<>"")),"Residual Disclosure",IF(AND(SUM(COUNTIF(I61:J61,"c"),(COUNTIF(H61,"c")))=1,AND(I61<>"",J61<>"",H61<>"")),"Residual Disclosure","")) | N61: =IF(M61<>"","",IF(OR(AND(H61="c",OR(J61="c",I61="c")),AND(H61<>"",I61="c",J61="c"),AND(H61<>"",J61="",I61="")),"",IF(OR(I61="c",J61="c"),"c",IF(ABS(SUM(I61,J61)-SUM(H61))>0.9,SUM(I61,J61)-SUM(H61),"")))) | O61: =IF(M61<>"","",IF(OR(AND(J61="c",OR(L61="c",K61="c")),AND(J61<>"",K61="c",L61="c"),AND(J61<>"",L61="",K61="")),"",IF(COUNTIF(K61:L61,"c")>1,"",IF(ABS(SUM(K61,L61)-SUM(J61))>0.9,SUM(K61,L61)-SUM(J61),""))))
B62: .228 | D62: .A | E62: 42 | F62: CL | G62: Chile | H62: =IF(AND(I62="",J62=""),"",IF(OR(I62="c",J62="c"),"c",SUM(I62,J62))) -> 486.88594 | I62: ='[1]Table 1'!$B43 -> 111.35633 | J62: =IF(AND(K62="",L62=""),"",IF(OR(K62="c",L62="c"),"c",SUM(K62,L62))) -> 375.52961 | K62: ='[1]Table 1'!$C43 -> 346.36421 | L62: ='[1]Table 1'!$D43 -> 29.165405 | M62: =IF(AND(SUM(COUNTIF(K62:L62,"c"),(COUNTIF(J62,"c")))=1,AND(K62<>"",L62<>"",J62<>"")),"Residual Disclosure",IF(AND(SUM(COUNTIF(I62:J62,"c"),(COUNTIF(H62,"c")))=1,AND(I62<>"",J62<>"",H62<>"")),"Residual Disclosure","")) | N62: =IF(M62<>"","",IF(OR(AND(H62="c",OR(J62="c",I62="c")),AND(H62<>"",I62="c",J62="c"),AND(H62<>"",J62="",I62="")),"",IF(OR(I62="c",J62="c"),"c",IF(ABS(SUM(I62,J62)-SUM(H62))>0.9,SUM(I62,J62)-SUM(H62),"")))) | O62: =IF(M62<>"","",IF(OR(AND(J62="c",OR(L62="c",K62="c")),AND(J62<>"",K62="c",L62="c"),AND(J62<>"",L62="",K62="")),"",IF(COUNTIF(K62:L62,"c")>1,"",IF(ABS(SUM(K62,L62)-SUM(J62))>0.9,SUM(K62,L62)-SUM(J62),""))))
B63: .532 | D63: .A | E63: 43 | F63: HK | G63: China, P.R.: Hong Kong | H63: =IF(AND(I63="",J63=""),"",IF(OR(I63="c",J63="c"),"c",SUM(I63,J63))) -> 22140.905 | I63: ='[1]Table 1'!$B44 -> 18500.467 | J63: =IF(AND(K63="",L63=""),"",IF(OR(K63="c",L63="c"),"c",SUM(K63,L63))) -> 3640.4374 | K63: ='[1]Table 1'!$C44 -> 3009.9211 | L63: ='[1]Table 1'!$D44 -> 630.51624 | M63: =IF(AND(SUM(COUNTIF(K63:L63,"c"),(COUNTIF(J63,"c")))=1,AND(K63<>"",L63<>"",J63<>"")),"Residual Disclosure",IF(AND(SUM(COUNTIF(I63:J63,"c"),(COUNTIF(H63,"c")))=1,AND(I63<>"",J63<>"",H63<>"")),"Residual Disclosure","")) | N63: =IF(M63<>"","",IF(OR(AND(H63="c",OR(J63="c",I63="c")),AND(H63<>"",I63="c",J63="c"),AND(H63<>"",J63="",I63="")),"",IF(OR(I63="c",J63="c"),"c",IF(ABS(SUM(I63,J63)-SUM(H63))>0.9,SUM(I63,J63)-SUM(H63),"")))) | O63: =IF(M63<>"","",IF(OR(AND(J63="c",OR(L63="c",K63="c")),AND(J63<>"",K63="c",L63="c"),AND(J63<>"",L63="",K63="")),"",IF(COUNTIF(K63:L63,"c")>1,"",IF(ABS(SUM(K63,L63)-SUM(J63))>0.9,SUM(K63,L63)-SUM(J63),""))))
B64: .546 | D64: .A | E64: 44 | F64: MO | G64: China, P.R.: Macao | H64: =IF(AND(I64="",J64=""),"",IF(OR(I64="c",J64="c"),"c",SUM(I64,J64))) -> 52.344986 | I64: ='[1]Table 1'!$B45 -> 0.629616 | J64: =IF(AND(K64="",L64=""),"",IF(OR(K64="c",L64="c"),"c",SUM(K64,L64))) -> 51.71537 | K64: ='[1]Table 1'!$C45 -> 51.71537 | L64: ='[1]Table 1'!$D45 -> 0 | M64: =IF(AND(SUM(COUNTIF(K64:L64,"c"),(COUNTIF(J64,"c")))=1,AND(K64<>"",L64<>"",J64<>"")),"Residual Disclosure",IF(AND(SUM(COUNTIF(I64:J64,"c"),(COUNTIF(H64,"c")))=1,AND(I64<>"",J64<>"",H64<>"")),"Residual Disclosure","")) | N64: =IF(M64<>"","",IF(OR(AND(H64="c",OR(J64="c",I64="c")),AND(H64<>"",I64="c",J64="c"),AND(H64<>"",J64="",I64="")),"",IF(OR(I64="c",J64="c"),"c",IF(ABS(SUM(I64,J64)-SUM(H64))>0.9,SUM(I64,J64)-SUM(H64),"")))) | O64: =IF(M64<>"","",IF(OR(AND(J64="c",OR(L64="c",K64="c")),AND(J64<>"",K64="c",L64="c"),AND(J64<>"",L64="",K64="")),"",IF(COUNTIF(K64:L64,"c")>1,"",IF(ABS(SUM(K64,L64)-SUM(J64))>0.9,SUM(K64,L64)-SUM(J64),""))))
B65: .924 | D65: .A | E65: 45 | F65: CN | G65: China, P.R.: Mainland | H65: =IF(AND(I65="",J65=""),"",IF(OR(I65="c",J65="c"),"c",SUM(I65,J65))) -> 145633.2 | I65: ='[1]Table 1'!$B46 -> 114322.28 | J65: =IF(AND(K65="",L65=""),"",IF(OR(K65="c",L65="c"),"c",SUM(K65,L65))) -> 31310.921 | K65: ='[1]Table 1'!$C46 -> 26948.108 | L65: ='[1]Table 1'!$D46 -> 4362.8136 | M65: =IF(AND(SUM(COUNTIF(K65:L65,"c"),(COUNTIF(J65,"c")))=1,AND(K65<>"",L65<>"",J65<>"")),"Residual Disclosure",IF(AND(SUM(COUNTIF(I65:J65,"c"),(COUNTIF(H65,"c")))=1,AND(I65<>"",J65<>"",H65<>"")),"Residual Disclosure","")) | N65: =IF(M65<>"","",IF(OR(AND(H65="c",OR(J65="c",I65="c")),AND(H65<>"",I65="c",J65="c"),AND(H65<>"",J65="",I65="")),"",IF(OR(I65="c",J65="c"),"c",IF(ABS(SUM(I65,J65)-SUM(H65))>0.9,SUM(I65,J65)-SUM(H65),"")))) | O65: =IF(M65<>"","",IF(OR(AND(J65="c",OR(L65="c",K65="c")),AND(J65<>"",K65="c",L65="c"),AND(J65<>"",L65="",K65="")),"",IF(COUNTIF(K65:L65,"c")>1,"",IF(ABS(SUM(K65,L65)-SUM(J65))>0.9,SUM(K65,L65)-SUM(J65),""))))
B66: .814 | D66: .A | E66: 46 | F66: CX | G66: Christmas Island | H66: =IF(AND(I66="",J66=""),"",IF(OR(I66="c",J66="c"),"c",SUM(I66,J66))) -> 25.679247 | I66: ='[1]Table 1'!$B47 -> 0 | J66: =IF(AND(K66="",L66=""),"",IF(OR(K66="c",L66="c"),"c",SUM(K66,L66))) -> 25.679247 | K66: ='[1]Table 1'!$C47 -> 0 | L66: ='[1]Table 1'!$D47 -> 25.679247 | M66: =IF(AND(SUM(COUNTIF(K66:L66,"c"),(COUNTIF(J66,"c")))=1,AND(K66<>"",L66<>"",J66<>"")),"Residual Disclosure",IF(AND(SUM(COUNTIF(I66:J66,"c"),(COUNTIF(H66,"c")))=1,AND(I66<>"",J66<>"",H66<>"")),"Residual Disclosure","")) | N66: =IF(M66<>"","",IF(OR(AND(H66="c",OR(J66="c",I66="c")),AND(H66<>"",I66="c",J66="c"),AND(H66<>"",J66="",I66="")),"",IF(OR(I66="c",J66="c"),"c",IF(ABS(SUM(I66,J66)-SUM(H66))>0.9,SUM(I66,J66)-SUM(H66),"")))) | O66: =IF(M66<>"","",IF(OR(AND(J66="c",OR(L66="c",K66="c")),AND(J66<>"",K66="c",L66="c"),AND(J66<>"",L66="",K66="")),"",IF(COUNTIF(K66:L66,"c")>1,"",IF(ABS(SUM(K66,L66)-SUM(J66))>0.9,SUM(K66,L66)-SUM(J66),""))))
B67: .865 | D67: .A | E67: 47 | F67: CC | G67: Cocos (Keeling) Islands | H67: =IF(AND(I67="",J67=""),"",IF(OR(I67="c",J67="c"),"c",SUM(I67,J67))) -> 0 | I67: ='[1]Table 1'!$B48 -> 0 | J67: =IF(AND(K67="",L67=""),"",IF(OR(K67="c",L67="c"),"c",SUM(K67,L67))) -> 0 | K67: ='[1]Table 1'!$C48 -> 0 | L67: ='[1]Table 1'!$D48 -> 0 | M67: =IF(AND(SUM(COUNTIF(K67:L67,"c"),(COUNTIF(J67,"c")))=1,AND(K67<>"",L67<>"",J67<>"")),"Residual Disclosure",IF(AND(SUM(COUNTIF(I67:J67,"c"),(COUNTIF(H67,"c")))=1,AND(I67<>"",J67<>"",H67<>"")),"Residual Disclosure","")) | N67: =IF(M67<>"","",IF(OR(AND(H67="c",OR(J67="c",I67="c")),AND(H67<>"",I67="c",J67="c"),AND(H67<>"",J67="",I67="")),"",IF(OR(I67="c",J67="c"),"c",IF(ABS(SUM(I67,J67)-SUM(H67))>0.9,SUM(I67,J67)-SUM(H67),"")))) | O67: =IF(M67<>"","",IF(OR(AND(J67="c",OR(L67="c",K67="c")),AND(J67<>"",K67="c",L67="c"),AND(J67<>"",L67="",K67="")),"",IF(COUNTIF(K67:L67,"c")>1,"",IF(ABS(SUM(K67,L67)-SUM(J67))>0.9,SUM(K67,L67)-SUM(J67),""))))
B68: .233 | D68: .A | E68: 48 | F68: CO | G68: Colombia | H68: =IF(AND(I68="",J68=""),"",IF(OR(I68="c",J68="c"),"c",SUM(I68,J68))) -> 14936.652 | I68: ='[1]Table 1'!$B49 -> 50.865903 | J68: =IF(AND(K68="",L68=""),"",IF(OR(K68="c",L68="c"),"c",SUM(K68,L68))) -> 14885.786 | K68: ='[1]Table 1'!$C49 -> 14857.02 | L68: ='[1]Table 1'!$D49 -> 28.76632 | M68: =IF(AND(SUM(COUNTIF(K68:L68,"c"),(COUNTIF(J68,"c")))=1,AND(K68<>"",L68<>"",J68<>"")),"Residual Disclosure",IF(AND(SUM(COUNTIF(I68:J68,"c"),(COUNTIF(H68,"c")))=1,AND(I68<>"",J68<>"",H68<>"")),"Residual Disclosure","")) | N68: =IF(M68<>"","",IF(OR(AND(H68="c",OR(J68="c",I68="c")),AND(H68<>"",I68="c",J68="c"),AND(H68<>"",J68="",I68="")),"",IF(OR(I68="c",J68="c"),"c",IF(ABS(SUM(I68,J68)-SUM(H68))>0.9,SUM(I68,J68)-SUM(H68),"")))) | O68: =IF(M68<>"","",IF(OR(AND(J68="c",OR(L68="c",K68="c")),AND(J68<>"",K68="c",L68="c"),AND(J68<>"",L68="",K68="")),"",IF(COUNTIF(K68:L68,"c")>1,"",IF(ABS(SUM(K68,L68)-SUM(J68))>0.9,SUM(K68,L68)-SUM(J68),""))))
B69: .632 | D69: .A | E69: 49 | F69: KM | G69: Comoros | H69: =IF(AND(I69="",J69=""),"",IF(OR(I69="c",J69="c"),"c",SUM(I69,J69))) -> 0 | I69: ='[1]Table 1'!$B50 -> 0 | J69: =IF(AND(K69="",L69=""),"",IF(OR(K69="c",L69="c"),"c",SUM(K69,L69))) -> 0 | K69: ='[1]Table 1'!$C50 -> 0 | L69: ='[1]Table 1'!$D50 -> 0 | M69: =IF(AND(SUM(COUNTIF(K69:L69,"c"),(COUNTIF(J69,"c")))=1,AND(K69<>"",L69<>"",J69<>"")),"Residual Disclosure",IF(AND(SUM(COUNTIF(I69:J69,"c"),(COUNTIF(H69,"c")))=1,AND(I69<>"",J69<>"",H69<>"")),"Residual Disclosure","")) | N69: =IF(M69<>"","",IF(OR(AND(H69="c",OR(J69="c",I69="c")),AND(H69<>"",I69="c",J69="c"),AND(H69<>"",J69="",I69="")),"",IF(OR(I69="c",J69="c"),"c",IF(ABS(SUM(I69,J69)-SUM(H69))>0.9,SUM(I69,J69)-SUM(H69),"")))) | O69: =IF(M69<>"","",IF(OR(AND(J69="c",OR(L69="c",K69="c")),AND(J69<>"",K69="c",L69="c"),AND(J69<>"",L69="",K69="")),"",IF(COUNTIF(K69:L69,"c")>1,"",IF(ABS(SUM(K69,L69)-SUM(J69))>0.9,SUM(K69,L69)-SUM(J69),""))))
B70: .636 | D70: .A | E70: 50 | F70: CD | G70: Congo, Dem. Rep. of | H70: =IF(AND(I70="",J70=""),"",IF(OR(I70="c",J70="c"),"c",SUM(I70,J70))) -> 20.089929 | I70: ='[1]Table 1'!$B51 -> 0 | J70: =IF(AND(K70="",L70=""),"",IF(OR(K70="c",L70="c"),"c",SUM(K70,L70))) -> 20.089929 | K70: ='[1]Table 1'!$C51 -> 0 | L70: ='[1]Table 1'!$D51 -> 20.089929 | M70: =IF(AND(SUM(COUNTIF(K70:L70,"c"),(COUNTIF(J70,"c")))=1,AND(K70<>"",L70<>"",J70<>"")),"Residual Disclosure",IF(AND(SUM(COUNTIF(I70:J70,"c"),(COUNTIF(H70,"c")))=1,AND(I70<>"",J70<>"",H70<>"")),"Residual Disclosure","")) | N70: =IF(M70<>"","",IF(OR(AND(H70="c",OR(J70="c",I70="c")),AND(H70<>"",I70="c",J70="c"),AND(H70<>"",J70="",I70="")),"",IF(OR(I70="c",J70="c"),"c",IF(ABS(SUM(I70,J70)-SUM(H70))>0.9,SUM(I70,J70)-SUM(H70),"")))) | O70: =IF(M70<>"","",IF(OR(AND(J70="c",OR(L70="c",K70="c")),AND(J70<>"",K70="c",L70="c"),AND(J70<>"",L70="",K70="")),"",IF(COUNTIF(K70:L70,"c")>1,"",IF(ABS(SUM(K70,L70)-SUM(J70))>0.9,SUM(K70,L70)-SUM(J70),""))))
B71: .634 | D71: .A | E71: 51 | F71: CG | G71: Congo, Rep. of | H71: =IF(AND(I71="",J71=""),"",IF(OR(I71="c",J71="c"),"c",SUM(I71,J71))) -> 0 | I71: ='[1]Table 1'!$B52 -> 0 | J71: =IF(AND(K71="",L71=""),"",IF(OR(K71="c",L71="c"),"c",SUM(K71,L71))) -> 0 | K71: ='[1]Table 1'!$C52 -> 0 | L71: ='[1]Table 1'!$D52 -> 0 | M71: =IF(AND(SUM(COUNTIF(K71:L71,"c"),(COUNTIF(J71,"c")))=1,AND(K71<>"",L71<>"",J71<>"")),"Residual Disclosure",IF(AND(SUM(COUNTIF(I71:J71,"c"),(COUNTIF(H71,"c")))=1,AND(I71<>"",J71<>"",H71<>"")),"Residual Disclosure","")) | N71: =IF(M71<>"","",IF(OR(AND(H71="c",OR(J71="c",I71="c")),AND(H71<>"",I71="c",J71="c"),AND(H71<>"",J71="",I71="")),"",IF(OR(I71="c",J71="c"),"c",IF(ABS(SUM(I71,J71)-SUM(H71))>0.9,SUM(I71,J71)-SUM(H71),"")))) | O71: =IF(M71<>"","",IF(OR(AND(J71="c",OR(L71="c",K71="c")),AND(J71<>"",K71="c",L71="c"),AND(J71<>"",L71="",K71="")),"",IF(COUNTIF(K71:L71,"c")>1,"",IF(ABS(SUM(K71,L71)-SUM(J71))>0.9,SUM(K71,L71)-SUM(J71),""))))
... B180: .849 | D180: .A | E180: 160 | F180: NF | G180: Norfolk Island | H180: =IF(AND(I180="",J180=""),"",IF(OR(I180="c",J180="c"),"c",SUM(I180,J180))) -> 0 | I180: ='[1]Table 1'!$B161 -> 0 | J180: =IF(AND(K180="",L180=""),"",IF(OR(K180="c",L180="c"),"c",SUM(K180,L180))) -> 0 | K180: ='[1]Table 1'!$C161 -> 0 | L180: ='[1]Table 1'!$D161 -> 0 | M180: =IF(AND(SUM(COUNTIF(K180:L180,"c"),(COUNTIF(J180,"c")))=1,AND(K180<>"",L180<>"",J180<>"")),"Residual Disclosure",IF(AND(SUM(COUNTIF(I180:J180,"c"),(COUNTIF(H180,"c")))=1,AND(I180<>"",J180<>"",H180<>"")),"Residual Disclosure","")) | N180: =IF(M180<>"","",IF(OR(AND(H180="c",OR(J180="c",I180="c")),AND(H180<>"",I180="c",J180="c"),AND(H180<>"",J180="",I180="")),"",IF(OR(I180="c",J180="c"),"c",IF(ABS(SUM(I180,J180)-SUM(H180))>0.9,SUM(I180,J180)-SUM(H180),"")))) | O180: =IF(M180<>"","",IF(OR(AND(J180="c",OR(L180="c",K180="c")),AND(J180<>"",K180="c",L180="c"),AND(J180<>"",L180="",K180="")),"",IF(COUNTIF(K180:L180,"c")>1,"",IF(ABS(SUM(K180,L180)-SUM(J180))>0.9,SUM(K180,L180)-SUM(J180),""))))
B181: .962 | D181: .A | E181: 161 | F181: MK | G181: North Macedonia, Republic of | H181: =IF(AND(I181="",J181=""),"",IF(OR(I181="c",J181="c"),"c",SUM(I181,J181))) -> 0 | I181: ='[1]Table 1'!$B162 -> 0 | J181: =IF(AND(K181="",L181=""),"",IF(OR(K181="c",L181="c"),"c",SUM(K181,L181))) -> 0 | K181: ='[1]Table 1'!$C162 -> 0 | L181: ='[1]Table 1'!$D162 -> 0 | N181: =IF(M181<>"","",IF(OR(AND(H181="c",OR(J181="c",I181="c")),AND(H181<>"",I181="c",J181="c"),AND(H181<>"",J181="",I181="")),"",IF(OR(I181="c",J181="c"),"c",IF(ABS(SUM(I181,J181)-SUM(H181))>0.9,SUM(I181,J181)-SUM(H181),"")))) | O181: =IF(M181<>"","",IF(OR(AND(J181="c",OR(L181="c",K181="c")),AND(J181<>"",K181="c",L181="c"),AND(J181<>"",L181="",K181="")),"",IF(COUNTIF(K181:L181,"c")>1,"",IF(ABS(SUM(K181,L181)-SUM(J181))>0.9,SUM(K181,L181)-SUM(J181),""))))
B182: .142 | D182: .A | E182: 162 | F182: NO | G182: Norway | H182: =IF(AND(I182="",J182=""),"",IF(OR(I182="c",J182="c"),"c",SUM(I182,J182))) -> 3498.6275 | I182: ='[1]Table 1'!$B163 -> 376.42638 | J182: =IF(AND(K182="",L182=""),"",IF(OR(K182="c",L182="c"),"c",SUM(K182,L182))) -> 3122.2012 | K182: ='[1]Table 1'!$C163 -> 3073.9675 | L182: ='[1]Table 1'!$D163 -> 48.233679 | M182: =IF(AND(SUM(COUNTIF(K182:L182,"c"),(COUNTIF(J182,"c")))=1,AND(K182<>"",L182<>"",J182<>"")),"Residual Disclosure",IF(AND(SUM(COUNTIF(I182:J182,"c"),(COUNTIF(H182,"c")))=1,AND(I182<>"",J182<>"",H182<>"")),"Residual Disclosure","")) | N182: =IF(M182<>"","",IF(OR(AND(H182="c",OR(J182="c",I182="c")),AND(H182<>"",I182="c",J182="c"),AND(H182<>"",J182="",I182="")),"",IF(OR(I182="c",J182="c"),"c",IF(ABS(SUM(I182,J182)-SUM(H182))>0.9,SUM(I182,J182)-SUM(H182),"")))) | O182: =IF(M182<>"","",IF(OR(AND(J182="c",OR(L182="c",K182="c")),AND(J182<>"",K182="c",L182="c"),AND(J182<>"",L182="",K182="")),"",IF(COUNTIF(K182:L182,"c")>1,"",IF(ABS(SUM(K182,L182)-SUM(J182))>0.9,SUM(K182,L182)-SUM(J182),""))))
B183: .449 | D183: .A | E183: 163 | F183: OM | G183: Oman | H183: =IF(AND(I183="",J183=""),"",IF(OR(I183="c",J183="c"),"c",SUM(I183,J183))) -> 151.57662 | I183: ='[1]Table 1'!$B164 -> 30.003205 | J183: =IF(AND(K183="",L183=""),"",IF(OR(K183="c",L183="c"),"c",SUM(K183,L183))) -> 121.57341 | K183: ='[1]Table 1'!$C164 -> 89.107222 | L183: ='[1]Table 1'!$D164 -> 32.466192 | M183: =IF(AND(SUM(COUNTIF(K183:L183,"c"),(COUNTIF(J183,"c")))=1,AND(K183<>"",L183<>"",J183<>"")),"Residual Disclosure",IF(AND(SUM(COUNTIF(I183:J183,"c"),(COUNTIF(H183,"c")))=1,AND(I183<>"",J183<>"",H183<>"")),"Residual Disclosure","")) | N183: =IF(M183<>"","",IF(OR(AND(H183="c",OR(J183="c",I183="c")),AND(H183<>"",I183="c",J183="c"),AND(H183<>"",J183="",I183="")),"",IF(OR(I183="c",J183="c"),"c",IF(ABS(SUM(I183,J183)-SUM(H183))>0.9,SUM(I183,J183)-SUM(H183),"")))) | O183: =IF(M183<>"","",IF(OR(AND(J183="c",OR(L183="c",K183="c")),AND(J183<>"",K183="c",L183="c"),AND(J183<>"",L183="",K183="")),"",IF(COUNTIF(K183:L183,"c")>1,"",IF(ABS(SUM(K183,L183)-SUM(J183))>0.9,SUM(K183,L183)-SUM(J183),""))))
B184: .564 | D184: .A | E184: 164 | F184: PK | G184: Pakistan | H184: =IF(AND(I184="",J184=""),"",IF(OR(I184="c",J184="c"),"c",SUM(I184,J184))) -> 24.248174 | I184: ='[1]Table 1'!$B165 -> 22.632958 | J184: =IF(AND(K184="",L184=""),"",IF(OR(K184="c",L184="c"),"c",SUM(K184,L184))) -> 1.615216 | K184: ='[1]Table 1'!$C165 -> 1.615216 | L184: ='[1]Table 1'!$D165 -> 0 | M184: =IF(AND(SUM(COUNTIF(K184:L184,"c"),(COUNTIF(J184,"c")))=1,AND(K184<>"",L184<>"",J184<>"")),"Residual Disclosure",IF(AND(SUM(COUNTIF(I184:J184,"c"),(COUNTIF(H184,"c")))=1,AND(I184<>"",J184<>"",H184<>"")),"Residual Disclosure","")) | N184: =IF(M184<>"","",IF(OR(AND(H184="c",OR(J184="c",I184="c")),AND(H184<>"",I184="c",J184="c"),AND(H184<>"",J184="",I184="")),"",IF(OR(I184="c",J184="c"),"c",IF(ABS(SUM(I184,J184)-SUM(H184))>0.9,SUM(I184,J184)-SUM(H184),"")))) | O184: =IF(M184<>"","",IF(OR(AND(J184="c",OR(L184="c",K184="c")),AND(J184<>"",K184="c",L184="c"),AND(J184<>"",L184="",K184="")),"",IF(COUNTIF(K184:L184,"c")>1,"",IF(ABS(SUM(K184,L184)-SUM(J184))>0.9,SUM(K184,L184)-SUM(J184),""))))
B185: .565 | D185: .A | E185: 165 | F185: PW | G185: Palau | H185: =IF(AND(I185="",J185=""),"",IF(OR(I185="c",J185="c"),"c",SUM(I185,J185))) -> 0 | I185: ='[1]Table 1'!$B166 -> 0 | J185: =IF(AND(K185="",L185=""),"",IF(OR(K185="c",L185="c"),"c",SUM(K185,L185))) -> 0 | K185: ='[1]Table 1'!$C166 -> 0 | L185: ='[1]Table 1'!$D166 -> 0 | M185: =IF(AND(SUM(COUNTIF(K185:L185,"c"),(COUNTIF(J185,"c")))=1,AND(K185<>"",L185<>"",J185<>"")),"Residual Disclosure",IF(AND(SUM(COUNTIF(I185:J185,"c"),(COUNTIF(H185,"c")))=1,AND(I185<>"",J185<>"",H185<>"")),"Residual Disclosure","")) | N185: =IF(M185<>"","",IF(OR(AND(H185="c",OR(J185="c",I185="c")),AND(H185<>"",I185="c",J185="c"),AND(H185<>"",J185="",I185="")),"",IF(OR(I185="c",J185="c"),"c",IF(ABS(SUM(I185,J185)-SUM(H185))>0.9,SUM(I185,J185)-SUM(H185),"")))) | O185: =IF(M185<>"","",IF(OR(AND(J185="c",OR(L185="c",K185="c")),AND(J185<>"",K185="c",L185="c"),AND(J185<>"",L185="",K185="")),"",IF(COUNTIF(K185:L185,"c")>1,"",IF(ABS(SUM(K185,L185)-SUM(J185))>0.9,SUM(K185,L185)-SUM(J185),""))))
B186: .283 | D186: .A | E186: 166 | F186: PA | G186: Panama | H186: =IF(AND(I186="",J186=""),"",IF(OR(I186="c",J186="c"),"c",SUM(I186,J186))) -> 173.16307 | I186: ='[1]Table 1'!$B167 -> 41.35 | J186: =IF(AND(K186="",L186=""),"",IF(OR(K186="c",L186="c"),"c",SUM(K186,L186))) -> 131.81307 | K186: ='[1]Table 1'!$C167 -> 121.58443 | L186: ='[1]Table 1'!$D167 -> 10.228642 | M186: =IF(AND(SUM(COUNTIF(K186:L186,"c"),(COUNTIF(J186,"c")))=1,AND(K186<>"",L186<>"",J186<>"")),"Residual Disclosure",IF(AND(SUM(COUNTIF(I186:J186,"c"),(COUNTIF(H186,"c")))=1,AND(I186<>"",J186<>"",H186<>"")),"Residual Disclosure","")) | N186: =IF(M186<>"","",IF(OR(AND(H186="c",OR(J186="c",I186="c")),AND(H186<>"",I186="c",J186="c"),AND(H186<>"",J186="",I186="")),"",IF(OR(I186="c",J186="c"),"c",IF(ABS(SUM(I186,J186)-SUM(H186))>0.9,SUM(I186,J186)-SUM(H186),"")))) | O186: =IF(M186<>"","",IF(OR(AND(J186="c",OR(L186="c",K186="c")),AND(J186<>"",K186="c",L186="c"),AND(J186<>"",L186="",K186="")),"",IF(COUNTIF(K186:L186,"c")>1,"",IF(ABS(SUM(K186,L186)-SUM(J186))>0.9,SUM(K186,L186)-SUM(J186),""))))
B187: .853 | D187: .A | E187: 167 | F187: PG | G187: Papua New Guinea | H187: =IF(AND(I187="",J187=""),"",IF(OR(I187="c",J187="c"),"c",SUM(I187,J187))) -> 0 | I187: ='[1]Table 1'!$B168 -> 0 | J187: =IF(AND(K187="",L187=""),"",IF(OR(K187="c",L187="c"),"c",SUM(K187,L187))) -> 0 | K187: ='[1]Table 1'!$C168 -> 0 | L187: ='[1]Table 1'!$D168 -> 0 | M187: =IF(AND(SUM(COUNTIF(K187:L187,"c"),(COUNTIF(J187,"c")))=1,AND(K187<>"",L187<>"",J187<>"")),"Residual Disclosure",IF(AND(SUM(COUNTIF(I187:J187,"c"),(COUNTIF(H187,"c")))=1,AND(I187<>"",J187<>"",H187<>"")),"Residual Disclosure","")) | N187: =IF(M187<>"","",IF(OR(AND(H187="c",OR(J187="c",I187="c")),AND(H187<>"",I187="c",J187="c"),AND(H187<>"",J187="",I187="")),"",IF(OR(I187="c",J187="c"),"c",IF(ABS(SUM(I187,J187)-SUM(H187))>0.9,SUM(I187,J187)-SUM(H187),"")))) | O187: =IF(M187<>"","",IF(OR(AND(J187="c",OR(L187="c",K187="c")),AND(J187<>"",K187="c",L187="c"),AND(J187<>"",L187="",K187="")),"",IF(COUNTIF(K187:L187,"c")>1,"",IF(ABS(SUM(K187,L187)-SUM(J187))>0.9,SUM(K187,L187)-SUM(J187),""))))
B188: .288 | D188: .A | E188: 168 | F188: PY | G188: Paraguay | H188: =IF(AND(I188="",J188=""),"",IF(OR(I188="c",J188="c"),"c",SUM(I188,J188))) -> 9.068915 | I188: ='[1]Table 1'!$B169 -> 6.880617 | J188: =IF(AND(K188="",L188=""),"",IF(OR(K188="c",L188="c"),"c",SUM(K188,L188))) -> 2.188298 | K188: ='[1]Table 1'!$C169 -> 2.188298 | L188: ='[1]Table 1'!$D169 -> 0 | M188: =IF(AND(SUM(COUNTIF(K188:L188,"c"),(COUNTIF(J188,"c")))=1,AND(K188<>"",L188<>"",J188<>"")),"Residual Disclosure",IF(AND(SUM(COUNTIF(I188:J188,"c"),(COUNTIF(H188,"c")))=1,AND(I188<>"",J188<>"",H188<>"")),"Residual Disclosure","")) | N188: =IF(M188<>"","",IF(OR(AND(H188="c",OR(J188="c",I188="c")),AND(H188<>"",I188="c",J188="c"),AND(H188<>"",J188="",I188="")),"",IF(OR(I188="c",J188="c"),"c",IF(ABS(SUM(I188,J188)-SUM(H188))>0.9,SUM(I188,J188)-SUM(H188),"")))) | O188: =IF(M188<>"","",IF(OR(AND(J188="c",OR(L188="c",K188="c")),AND(J188<>"",K188="c",L188="c"),AND(J188<>"",L188="",K188="")),"",IF(COUNTIF(K188:L188,"c")>1,"",IF(ABS(SUM(K188,L188)-SUM(J188))>0.9,SUM(K188,L188)-SUM(J188),""))))
B189: .293 | D189: .A | E189: 169 | F189: PE | G189: Peru | H189: =IF(AND(I189="",J189=""),"",IF(OR(I189="c",J189="c"),"c",SUM(I189,J189))) -> 567.29204 | I189: ='[1]Table 1'!$B170 -> 4.386696 | J189: =IF(AND(K189="",L189=""),"",IF(OR(K189="c",L189="c"),"c",SUM(K189,L189))) -> 562.90534 | K189: ='[1]Table 1'!$C170 -> 500.59685 | L189: ='[1]Table 1'!$D170 -> 62.308489 | M189: =IF(AND(SUM(COUNTIF(K189:L189,"c"),(COUNTIF(J189,"c")))=1,AND(K189<>"",L189<>"",J189<>"")),"Residual Disclosure",IF(AND(SUM(COUNTIF(I189:J189,"c"),(COUNTIF(H189,"c")))=1,AND(I189<>"",J189<>"",H189<>"")),"Residual Disclosure","")) | N189: =IF(M189<>"","",IF(OR(AND(H189="c",OR(J189="c",I189="c")),AND(H189<>"",I189="c",J189="c"),AND(H189<>"",J189="",I189="")),"",IF(OR(I189="c",J189="c"),"c",IF(ABS(SUM(I189,J189)-SUM(H189))>0.9,SUM(I189,J189)-SUM(H189),"")))) | O189: =IF(M189<>"","",IF(OR(AND(J189="c",OR(L189="c",K189="c")),AND(J189<>"",K189="c",L189="c"),AND(J189<>"",L189="",K189="")),"",IF(COUNTIF(K189:L189,"c")>1,"",IF(ABS(SUM(K189,L189)-SUM(J189))>0.9,SUM(K189,L189)-SUM(J189),""))))
B190: .566 | D190: .A | E190: 170 | F190: PH | G190: Philippines | H190: =IF(AND(I190="",J190=""),"",IF(OR(I190="c",J190="c"),"c",SUM(I190,J190))) -> 531.33915 | I190: ='[1]Table 1'!$B171 -> 305.13236 | J190: =IF(AND(K190="",L190=""),"",IF(OR(K190="c",L190="c"),"c",SUM(K190,L190))) -> 226.20679 | K190: ='[1]Table 1'!$C171 -> 209.57921 | L190: ='[1]Table 1'!$D171 -> 16.627574 | M190: =IF(AND(SUM(COUNTIF(K190:L190,"c"),(COUNTIF(J190,"c")))=1,AND(K190<>"",L190<>"",J190<>"")),"Residual Disclosure",IF(AND(SUM(COUNTIF(I190:J190,"c"),(COUNTIF(H190,"c")))=1,AND(I190<>"",J190<>"",H190<>"")),"Residual Disclosure","")) | N190: =IF(M190<>"","",IF(OR(AND(H190="c",OR(J190="c",I190="c")),AND(H190<>"",I190="c",J190="c"),AND(H190<>"",J190="",I190="")),"",IF(OR(I190="c",J190="c"),"c",IF(ABS(SUM(I190,J190)-SUM(H190))>0.9,SUM(I190,J190)-SUM(H190),"")))) | O190: =IF(M190<>"","",IF(OR(AND(J190="c",OR(L190="c",K190="c")),AND(J190<>"",K190="c",L190="c"),AND(J190<>"",L190="",K190="")),"",IF(COUNTIF(K190:L190,"c")>1,"",IF(ABS(SUM(K190,L190)-SUM(J190))>0.9,SUM(K190,L190)-SUM(J190),""))))
B191: .863 | D191: .A | E191: 171 | F191: PN | G191: Pitcairn | H191: =IF(AND(I191="",J191=""),"",IF(OR(I191="c",J191="c"),"c",SUM(I191,J191))) -> 0 | I191: ='[1]Table 1'!$B172 -> 0 | J191: =IF(AND(K191="",L191=""),"",IF(OR(K191="c",L191="c"),"c",SUM(K191,L191))) -> 0 | K191: ='[1]Table 1'!$C172 -> 0 | L191: ='[1]Table 1'!$D172 -> 0 | M191: =IF(AND(SUM(COUNTIF(K191:L191,"c"),(COUNTIF(J191,"c")))=1,AND(K191<>"",L191<>"",J191<>"")),"Residual Disclosure",IF(AND(SUM(COUNTIF(I191:J191,"c"),(COUNTIF(H191,"c")))=1,AND(I191<>"",J191<>"",H191<>"")),"Residual Disclosure","")) | N191: =IF(M191<>"","",IF(OR(AND(H191="c",OR(J191="c",I191="c")),AND(H191<>"",I191="c",J191="c"),AND(H191<>"",J191="",I191="")),"",IF(OR(I191="c",J191="c"),"c",IF(ABS(SUM(I191,J191)-SUM(H191))>0.9,SUM(I191,J191)-SUM(H191),"")))) | O191: =IF(M191<>"","",IF(OR(AND(J191="c",OR(L191="c",K191="c")),AND(J191<>"",K191="c",L191="c"),AND(J191<>"",L191="",K191="")),"",IF(COUNTIF(K191:L191,"c")>1,"",IF(ABS(SUM(K191,L191)-SUM(J191))>0.9,SUM(K191,L191)-SUM(J191),""))))
B192: .964 | D192: .A | E192: 172 | F192: PL | G192: Poland | H192: =IF(AND(I192="",J192=""),"",IF(OR(I192="c",J192="c"),"c",SUM(I192,J192))) -> 404.77555 | I192: ='[1]Table 1'!$B173 -> 202.88161 | J192: =IF(AND(K192="",L192=""),"",IF(OR(K192="c",L192="c"),"c",SUM(K192,L192))) -> 201.89394 | K192: ='[1]Table 1'!$C173 -> 201.42638 | L192: ='[1]Table 1'!$D173 -> 0.467565 | M192: =IF(AND(SUM(COUNTIF(K192:L192,"c"),(COUNTIF(J192,"c")))=1,AND(K192<>"",L192<>"",J192<>"")),"Residual Disclosure",IF(AND(SUM(COUNTIF(I192:J192,"c"),(COUNTIF(H192,"c")))=1,AND(I192<>"",J192<>"",H192<>"")),"Residual Disclosure","")) | N192: =IF(M192<>"","",IF(OR(AND(H192="c",OR(J192="c",I192="c")),AND(H192<>"",I192="c",J192="c"),AND(H192<>"",J192="",I192="")),"",IF(OR(I192="c",J192="c"),"c",IF(ABS(SUM(I192,J192)-SUM(H192))>0.9,SUM(I192,J192)-SUM(H192),"")))) | O192: =IF(M192<>"","",IF(OR(AND(J192="c",OR(L192="c",K192="c")),AND(J192<>"",K192="c",L192="c"),AND(J192<>"",L192="",K192="")),"",IF(COUNTIF(K192:L192,"c")>1,"",IF(ABS(SUM(K192,L192)-SUM(J192))>0.9,SUM(K192,L192)-SUM(J192),""))))
B193: .182 | D193: .A | E193: 173 | F193: PT | G193: Portugal | H193: =IF(AND(I193="",J193=""),"",IF(OR(I193="c",J193="c"),"c",SUM(I193,J193))) -> 138.24189 | I193: ='[1]Table 1'!$B174 -> 83.959591 | J193: =IF(AND(K193="",L193=""),"",IF(OR(K193="c",L193="c"),"c",SUM(K193,L193))) -> 54.282303 | K193: ='[1]Table 1'!$C174 -> 53.256284 | L193: ='[1]Table 1'!$D174 -> 1.0260189 | M193: =IF(AND(SUM(COUNTIF(K193:L193,"c"),(COUNTIF(J193,"c")))=1,AND(K193<>"",L193<>"",J193<>"")),"Residual Disclosure",IF(AND(SUM(COUNTIF(I193:J193,"c"),(COUNTIF(H193,"c")))=1,AND(I193<>"",J193<>"",H193<>"")),"Residual Disclosure","")) | N193: =IF(M193<>"","",IF(OR(AND(H193="c",OR(J193="c",I193="c")),AND(H193<>"",I193="c",J193="c"),AND(H193<>"",J193="",I193="")),"",IF(OR(I193="c",J193="c"),"c",IF(ABS(SUM(I193,J193)-SUM(H193))>0.9,SUM(I193,J193)-SUM(H193),"")))) | O193: =IF(M193<>"","",IF(OR(AND(J193="c",OR(L193="c",K193="c")),AND(J193<>"",K193="c",L193="c"),AND(J193<>"",L193="",K193="")),"",IF(COUNTIF(K193:L193,"c")>1,"",IF(ABS(SUM(K193,L193)-SUM(J193))>0.9,SUM(K193,L193)-SUM(J193),""))))
... B245: .112 | D245: .A | E245: 225 | F245: GB | G245: United Kingdom | H245: =IF(AND(I245="",J245=""),"",IF(OR(I245="c",J245="c"),"c",SUM(I245,J245))) -> 88534.001 | I245: ='[1]Table 1'!$B226 -> 26441.558 | J245: =IF(AND(K245="",L245=""),"",IF(OR(K245="c",L245="c"),"c",SUM(K245,L245))) -> 62092.443 | K245: ='[1]Table 1'!$C226 -> 48482.835 | L245: ='[1]Table 1'!$D226 -> 13609.608 | M245: =IF(AND(SUM(COUNTIF(K245:L245,"c"),(COUNTIF(J245,"c")))=1,AND(K245<>"",L245<>"",J245<>"")),"Residual Disclosure",IF(AND(SUM(COUNTIF(I245:J245,"c"),(COUNTIF(H245,"c")))=1,AND(I245<>"",J245<>"",H245<>"")),"Residual Disclosure","")) | N245: =IF(M245<>"","",IF(OR(AND(H245="c",OR(J245="c",I245="c")),AND(H245<>"",I245="c",J245="c"),AND(H245<>"",J245="",I245="")),"",IF(OR(I245="c",J245="c"),"c",IF(ABS(SUM(I245,J245)-SUM(H245))>0.9,SUM(I245,J245)-SUM(H245),"")))) | O245: =IF(M245<>"","",IF(OR(AND(J245="c",OR(L245="c",K245="c")),AND(J245<>"",K245="c",L245="c"),AND(J245<>"",L245="",K245="")),"",IF(COUNTIF(K245:L245,"c")>1,"",IF(ABS(SUM(K245,L245)-SUM(J245))>0.9,SUM(K245,L245)-SUM(J245),""))))
B246: .111 | D246: .A | E246: 226 | F246: US | G246: United States | H246: =IF(AND(I246="",J246=""),"",IF(OR(I246="c",J246="c"),"c",SUM(I246,J246))) -> 1928882.7 | I246: ='[1]Table 1'!$B227 -> 964347.9 | J246: =IF(AND(K246="",L246=""),"",IF(OR(K246="c",L246="c"),"c",SUM(K246,L246))) -> 964534.77 | K246: ='[1]Table 1'!$C227+0 -> 801543.53 | L246: ='[1]Table 1'!$D227 -> 162991.24 | M246: =IF(AND(SUM(COUNTIF(K246:L246,"c"),(COUNTIF(J246,"c")))=1,AND(K246<>"",L246<>"",J246<>"")),"Residual Disclosure",IF(AND(SUM(COUNTIF(I246:J246,"c"),(COUNTIF(H246,"c")))=1,AND(I246<>"",J246<>"",H246<>"")),"Residual Disclosure","")) | N246: =IF(M246<>"","",IF(OR(AND(H246="c",OR(J246="c",I246="c")),AND(H246<>"",I246="c",J246="c"),AND(H246<>"",J246="",I246="")),"",IF(OR(I246="c",J246="c"),"c",IF(ABS(SUM(I246,J246)-SUM(H246))>0.9,SUM(I246,J246)-SUM(H246),"")))) | O246: =IF(M246<>"","",IF(OR(AND(J246="c",OR(L246="c",K246="c")),AND(J246<>"",K246="c",L246="c"),AND(J246<>"",L246="",K246="")),"",IF(COUNTIF(K246:L246,"c")>1,"",IF(ABS(SUM(K246,L246)-SUM(J246))>0.9,SUM(K246,L246)-SUM(J246),""))))
B247: .374 | D247: .A | E247: 227 | F247: UM | G247: United States Minor Outlying Islands | H247: =IF(AND(I247="",J247=""),"",IF(OR(I247="c",J247="c"),"c",SUM(I247,J247))) -> 1574.6307 | I247: ='[1]Table 1'!$B228 -> 0 | J247: =IF(AND(K247="",L247=""),"",IF(OR(K247="c",L247="c"),"c",SUM(K247,L247))) -> 1574.6307 | K247: ='[1]Table 1'!$C228 -> 634.76409 | L247: ='[1]Table 1'!$D228 -> 939.86666 | M247: =IF(AND(SUM(COUNTIF(K247:L247,"c"),(COUNTIF(J247,"c")))=1,AND(K247<>"",L247<>"",J247<>"")),"Residual Disclosure",IF(AND(SUM(COUNTIF(I247:J247,"c"),(COUNTIF(H247,"c")))=1,AND(I247<>"",J247<>"",H247<>"")),"Residual Disclosure","")) | N247: =IF(M247<>"","",IF(OR(AND(H247="c",OR(J247="c",I247="c")),AND(H247<>"",I247="c",J247="c"),AND(H247<>"",J247="",I247="")),"",IF(OR(I247="c",J247="c"),"c",IF(ABS(SUM(I247,J247)-SUM(H247))>0.9,SUM(I247,J247)-SUM(H247),"")))) | O247: =IF(M247<>"","",IF(OR(AND(J247="c",OR(L247="c",K247="c")),AND(J247<>"",K247="c",L247="c"),AND(J247<>"",L247="",K247="")),"",IF(COUNTIF(K247:L247,"c")>1,"",IF(ABS(SUM(K247,L247)-SUM(J247))>0.9,SUM(K247,L247)-SUM(J247),""))))
B248: .298 | D248: .A | E248: 228 | F248: UY | G248: Uruguay | H248: =IF(AND(I248="",J248=""),"",IF(OR(I248="c",J248="c"),"c",SUM(I248,J248))) -> 50.907276 | I248: ='[1]Table 1'!$B229 -> 39.113562 | J248: =IF(AND(K248="",L248=""),"",IF(OR(K248="c",L248="c"),"c",SUM(K248,L248))) -> 11.793713 | K248: ='[1]Table 1'!$C229 -> 7.1688932 | L248: ='[1]Table 1'!$D229 -> 4.62482 | M248: =IF(AND(SUM(COUNTIF(K248:L248,"c"),(COUNTIF(J248,"c")))=1,AND(K248<>"",L248<>"",J248<>"")),"Residual Disclosure",IF(AND(SUM(COUNTIF(I248:J248,"c"),(COUNTIF(H248,"c")))=1,AND(I248<>"",J248<>"",H248<>"")),"Residual Disclosure","")) | N248: =IF(M248<>"","",IF(OR(AND(H248="c",OR(J248="c",I248="c")),AND(H248<>"",I248="c",J248="c"),AND(H248<>"",J248="",I248="")),"",IF(OR(I248="c",J248="c"),"c",IF(ABS(SUM(I248,J248)-SUM(H248))>0.9,SUM(I248,J248)-SUM(H248),"")))) | O248: =IF(M248<>"","",IF(OR(AND(J248="c",OR(L248="c",K248="c")),AND(J248<>"",K248="c",L248="c"),AND(J248<>"",L248="",K248="")),"",IF(COUNTIF(K248:L248,"c")>1,"",IF(ABS(SUM(K248,L248)-SUM(J248))>0.9,SUM(K248,L248)-SUM(J248),""))))
B249: .927 | D249: .A | E249: 229 | F249: UZ | G249: Uzbekistan | H249: =IF(AND(I249="",J249=""),"",IF(OR(I249="c",J249="c"),"c",SUM(I249,J249))) -> 41.012713 | I249: ='[1]Table 1'!$B230 -> 29.92245 | J249: =IF(AND(K249="",L249=""),"",IF(OR(K249="c",L249="c"),"c",SUM(K249,L249))) -> 11.090263 | K249: ='[1]Table 1'!$C230 -> 0 | L249: ='[1]Table 1'!$D230 -> 11.090263 | M249: =IF(AND(SUM(COUNTIF(K249:L249,"c"),(COUNTIF(J249,"c")))=1,AND(K249<>"",L249<>"",J249<>"")),"Residual Disclosure",IF(AND(SUM(COUNTIF(I249:J249,"c"),(COUNTIF(H249,"c")))=1,AND(I249<>"",J249<>"",H249<>"")),"Residual Disclosure","")) | N249: =IF(M249<>"","",IF(OR(AND(H249="c",OR(J249="c",I249="c")),AND(H249<>"",I249="c",J249="c"),AND(H249<>"",J249="",I249="")),"",IF(OR(I249="c",J249="c"),"c",IF(ABS(SUM(I249,J249)-SUM(H249))>0.9,SUM(I249,J249)-SUM(H249),"")))) | O249: =IF(M249<>"","",IF(OR(AND(J249="c",OR(L249="c",K249="c")),AND(J249<>"",K249="c",L249="c"),AND(J249<>"",L249="",K249="")),"",IF(COUNTIF(K249:L249,"c")>1,"",IF(ABS(SUM(K249,L249)-SUM(J249))>0.9,SUM(K249,L249)-SUM(J249),""))))
B250: .846 | D250: .A | E250: 230 | F250: VU | G250: Vanuatu | H250: =IF(AND(I250="",J250=""),"",IF(OR(I250="c",J250="c"),"c",SUM(I250,J250))) -> 0 | I250: ='[1]Table 1'!$B231 -> 0 | J250: =IF(AND(K250="",L250=""),"",IF(OR(K250="c",L250="c"),"c",SUM(K250,L250))) -> 0 | K250: ='[1]Table 1'!$C231 -> 0 | L250: ='[1]Table 1'!$D231 -> 0 | M250: =IF(AND(SUM(COUNTIF(K250:L250,"c"),(COUNTIF(J250,"c")))=1,AND(K250<>"",L250<>"",J250<>"")),"Residual Disclosure",IF(AND(SUM(COUNTIF(I250:J250,"c"),(COUNTIF(H250,"c")))=1,AND(I250<>"",J250<>"",H250<>"")),"Residual Disclosure","")) | N250: =IF(M250<>"","",IF(OR(AND(H250="c",OR(J250="c",I250="c")),AND(H250<>"",I250="c",J250="c"),AND(H250<>"",J250="",I250="")),"",IF(OR(I250="c",J250="c"),"c",IF(ABS(SUM(I250,J250)-SUM(H250))>0.9,SUM(I250,J250)-SUM(H250),"")))) | O250: =IF(M250<>"","",IF(OR(AND(J250="c",OR(L250="c",K250="c")),AND(J250<>"",K250="c",L250="c"),AND(J250<>"",L250="",K250="")),"",IF(COUNTIF(K250:L250,"c")>1,"",IF(ABS(SUM(K250,L250)-SUM(J250))>0.9,SUM(K250,L250)-SUM(J250),""))))
B251: .187 | D251: .A | E251: 231 | F251: VA | G251: Vatican City State | H251: =IF(AND(I251="",J251=""),"",IF(OR(I251="c",J251="c"),"c",SUM(I251,J251))) -> 0 | I251: ='[1]Table 1'!$B232 -> 0 | J251: =IF(AND(K251="",L251=""),"",IF(OR(K251="c",L251="c"),"c",SUM(K251,L251))) -> 0 | K251: ='[1]Table 1'!$C232 -> 0 | L251: ='[1]Table 1'!$D232 -> 0 | M251: =IF(AND(SUM(COUNTIF(K251:L251,"c"),(COUNTIF(J251,"c")))=1,AND(K251<>"",L251<>"",J251<>"")),"Residual Disclosure",IF(AND(SUM(COUNTIF(I251:J251,"c"),(COUNTIF(H251,"c")))=1,AND(I251<>"",J251<>"",H251<>"")),"Residual Disclosure","")) | N251: =IF(M251<>"","",IF(OR(AND(H251="c",OR(J251="c",I251="c")),AND(H251<>"",I251="c",J251="c"),AND(H251<>"",J251="",I251="")),"",IF(OR(I251="c",J251="c"),"c",IF(ABS(SUM(I251,J251)-SUM(H251))>0.9,SUM(I251,J251)-SUM(H251),"")))) | O251: =IF(M251<>"","",IF(OR(AND(J251="c",OR(L251="c",K251="c")),AND(J251<>"",K251="c",L251="c"),AND(J251<>"",L251="",K251="")),"",IF(COUNTIF(K251:L251,"c")>1,"",IF(ABS(SUM(K251,L251)-SUM(J251))>0.9,SUM(K251,L251)-SUM(J251),""))))
B252: .299 | D252: .A | E252: 232 | F252: VE | G252: Venezuela, República Bolivariana de | H252: =IF(AND(I252="",J252=""),"",IF(OR(I252="c",J252="c"),"c",SUM(I252,J252))) -> 305.80267 | I252: ='[1]Table 1'!$B233 -> 57.441687 | J252: =IF(AND(K252="",L252=""),"",IF(OR(K252="c",L252="c"),"c",SUM(K252,L252))) -> 248.36098 | K252: ='[1]Table 1'!$C233 -> 247.85644 | L252: ='[1]Table 1'!$D233 -> 0.50454674 | M252: =IF(AND(SUM(COUNTIF(K252:L252,"c"),(COUNTIF(J252,"c")))=1,AND(K252<>"",L252<>"",J252<>"")),"Residual Disclosure",IF(AND(SUM(COUNTIF(I252:J252,"c"),(COUNTIF(H252,"c")))=1,AND(I252<>"",J252<>"",H252<>"")),"Residual Disclosure","")) | N252: =IF(M252<>"","",IF(OR(AND(H252="c",OR(J252="c",I252="c")),AND(H252<>"",I252="c",J252="c"),AND(H252<>"",J252="",I252="")),"",IF(OR(I252="c",J252="c"),"c",IF(ABS(SUM(I252,J252)-SUM(H252))>0.9,SUM(I252,J252)-SUM(H252),"")))) | O252: =IF(M252<>"","",IF(OR(AND(J252="c",OR(L252="c",K252="c")),AND(J252<>"",K252="c",L252="c"),AND(J252<>"",L252="",K252="")),"",IF(COUNTIF(K252:L252,"c")>1,"",IF(ABS(SUM(K252,L252)-SUM(J252))>0.9,SUM(K252,L252)-SUM(J252),""))))
B253: .582 | D253: .A | E253: 233 | F253: VN | G253: Vietnam | H253: =IF(AND(I253="",J253=""),"",IF(OR(I253="c",J253="c"),"c",SUM(I253,J253))) -> 1842.5509 | I253: ='[1]Table 1'!$B234 -> 1840.1341 | J253: =IF(AND(K253="",L253=""),"",IF(OR(K253="c",L253="c"),"c",SUM(K253,L253))) -> 2.416832 | K253: ='[1]Table 1'!$C234 -> 2.416832 | L253: ='[1]Table 1'!$D234 -> 0 | M253: =IF(AND(SUM(COUNTIF(K253:L253,"c"),(COUNTIF(J253,"c")))=1,AND(K253<>"",L253<>"",J253<>"")),"Residual Disclosure",IF(AND(SUM(COUNTIF(I253:J253,"c"),(COUNTIF(H253,"c")))=1,AND(I253<>"",J253<>"",H253<>"")),"Residual Disclosure","")) | N253: =IF(M253<>"","",IF(OR(AND(H253="c",OR(J253="c",I253="c")),AND(H253<>"",I253="c",J253="c"),AND(H253<>"",J253="",I253="")),"",IF(OR(I253="c",J253="c"),"c",IF(ABS(SUM(I253,J253)-SUM(H253))>0.9,SUM(I253,J253)-SUM(H253),"")))) | O253: =IF(M253<>"","",IF(OR(AND(J253="c",OR(L253="c",K253="c")),AND(J253<>"",K253="c",L253="c"),AND(J253<>"",L253="",K253="")),"",IF(COUNTIF(K253:L253,"c")>1,"",IF(ABS(SUM(K253,L253)-SUM(J253))>0.9,SUM(K253,L253)-SUM(J253),""))))
B254: .371 | D254: .A | E254: 234 | F254: VG | G254: Virgin Islands, British | H254: =IF(AND(I254="",J254=""),"",IF(OR(I254="c",J254="c"),"c",SUM(I254,J254))) -> 5706.5978 | I254: ='[1]Table 1'!$B235 -> 2972.4649 | J254: =IF(AND(K254="",L254=""),"",IF(OR(K254="c",L254="c"),"c",SUM(K254,L254))) -> 2734.1329 | K254: ='[1]Table 1'!$C235 -> 2391.2888 | L254: ='[1]Table 1'!$D235 -> 342.84415 | M254: =IF(AND(SUM(COUNTIF(K254:L254,"c"),(COUNTIF(J254,"c")))=1,AND(K254<>"",L254<>"",J254<>"")),"Residual Disclosure",IF(AND(SUM(COUNTIF(I254:J254,"c"),(COUNTIF(H254,"c")))=1,AND(I254<>"",J254<>"",H254<>"")),"Residual Disclosure","")) | N254: =IF(M254<>"","",IF(OR(AND(H254="c",OR(J254="c",I254="c")),AND(H254<>"",I254="c",J254="c"),AND(H254<>"",J254="",I254="")),"",IF(OR(I254="c",J254="c"),"c",IF(ABS(SUM(I254,J254)-SUM(H254))>0.9,SUM(I254,J254)-SUM(H254),"")))) | O254: =IF(M254<>"","",IF(OR(AND(J254="c",OR(L254="c",K254="c")),AND(J254<>"",K254="c",L254="c"),AND(J254<>"",L254="",K254="")),"",IF(COUNTIF(K254:L254,"c")>1,"",IF(ABS(SUM(K254,L254)-SUM(J254))>0.9,SUM(K254,L254)-SUM(J254),""))))
B255: .373 | D255: .A | E255: 235 | F255: VI | G255: Virgin Islands, U.S. | H255: =IF(AND(I255="",J255=""),"",IF(OR(I255="c",J255="c"),"c",SUM(I255,J255))) -> 18.554802 | I255: ='[1]Table 1'!$B236 -> 17.16465 | J255: =IF(AND(K255="",L255=""),"",IF(OR(K255="c",L255="c"),"c",SUM(K255,L255))) -> 1.390152 | K255: ='[1]Table 1'!$C236 -> 1.390152 | L255: ='[1]Table 1'!$D236 -> 0 | M255: =IF(AND(SUM(COUNTIF(K255:L255,"c"),(COUNTIF(J255,"c")))=1,AND(K255<>"",L255<>"",J255<>"")),"Residual Disclosure",IF(AND(SUM(COUNTIF(I255:J255,"c"),(COUNTIF(H255,"c")))=1,AND(I255<>"",J255<>"",H255<>"")),"Residual Disclosure","")) | N255: =IF(M255<>"","",IF(OR(AND(H255="c",OR(J255="c",I255="c")),AND(H255<>"",I255="c",J255="c"),AND(H255<>"",J255="",I255="")),"",IF(OR(I255="c",J255="c"),"c",IF(ABS(SUM(I255,J255)-SUM(H255))>0.9,SUM(I255,J255)-SUM(H255),"")))) | O255: =IF(M255<>"","",IF(OR(AND(J255="c",OR(L255="c",K255="c")),AND(J255<>"",K255="c",L255="c"),AND(J255<>"",L255="",K255="")),"",IF(COUNTIF(K255:L255,"c")>1,"",IF(ABS(SUM(K255,L255)-SUM(J255))>0.9,SUM(K255,L255)-SUM(J255),""))))
B256: .857 | D256: .A | E256: 236 | F256: WF | G256: Wallis and Futuna Islands | H256: =IF(AND(I256="",J256=""),"",IF(OR(I256="c",J256="c"),"c",SUM(I256,J256))) -> 0 | I256: ='[1]Table 1'!$B237 -> 0 | J256: =IF(AND(K256="",L256=""),"",IF(OR(K256="c",L256="c"),"c",SUM(K256,L256))) -> 0 | K256: ='[1]Table 1'!$C237 -> 0 | L256: ='[1]Table 1'!$D237 -> 0 | M256: =IF(AND(SUM(COUNTIF(K256:L256,"c"),(COUNTIF(J256,"c")))=1,AND(K256<>"",L256<>"",J256<>"")),"Residual Disclosure",IF(AND(SUM(COUNTIF(I256:J256,"c"),(COUNTIF(H256,"c")))=1,AND(I256<>"",J256<>"",H256<>"")),"Residual Disclosure","")) | N256: =IF(M256<>"","",IF(OR(AND(H256="c",OR(J256="c",I256="c")),AND(H256<>"",I256="c",J256="c"),AND(H256<>"",J256="",I256="")),"",IF(OR(I256="c",J256="c"),"c",IF(ABS(SUM(I256,J256)-SUM(H256))>0.9,SUM(I256,J256)-SUM(H256),"")))) | O256: =IF(M256<>"","",IF(OR(AND(J256="c",OR(L256="c",K256="c")),AND(J256<>"",K256="c",L256="c"),AND(J256<>"",L256="",K256="")),"",IF(COUNTIF(K256:L256,"c")>1,"",IF(ABS(SUM(K256,L256)-SUM(J256))>0.9,SUM(K256,L256)-SUM(J256),""))))
B257: .487 | D257: .A | E257: 237 | F257: PS | G257: West Bank and Gaza Strip | H257: =IF(AND(I257="",J257=""),"",IF(OR(I257="c",J257="c"),"c",SUM(I257,J257))) -> 0 | I257: ='[1]Table 1'!$B238 -> 0 | J257: =IF(AND(K257="",L257=""),"",IF(OR(K257="c",L257="c"),"c",SUM(K257,L257))) -> 0 | K257: ='[1]Table 1'!$C238 -> 0 | L257: ='[1]Table 1'!$D238 -> 0 | M257: =IF(AND(SUM(COUNTIF(K257:L257,"c"),(COUNTIF(J257,"c")))=1,AND(K257<>"",L257<>"",J257<>"")),"Residual Disclosure",IF(AND(SUM(COUNTIF(I257:J257,"c"),(COUNTIF(H257,"c")))=1,AND(I257<>"",J257<>"",H257<>"")),"Residual Disclosure","")) | N257: =IF(M257<>"","",IF(OR(AND(H257="c",OR(J257="c",I257="c")),AND(H257<>"",I257="c",J257="c"),AND(H257<>"",J257="",I257="")),"",IF(OR(I257="c",J257="c"),"c",IF(ABS(SUM(I257,J257)-SUM(H257))>0.9,SUM(I257,J257)-SUM(H257),"")))) | O257: =IF(M257<>"","",IF(OR(AND(J257="c",OR(L257="c",K257="c")),AND(J257<>"",K257="c",L257="c"),AND(J257<>"",L257="",K257="")),"",IF(COUNTIF(K257:L257,"c")>1,"",IF(ABS(SUM(K257,L257)-SUM(J257))>0.9,SUM(K257,L257)-SUM(J257),""))))
B258: .793 | D258: .A | E258: 238 | F258: EH | G258: Western Sahara | H258: =IF(AND(I258="",J258=""),"",IF(OR(I258="c",J258="c"),"c",SUM(I258,J258))) -> 0 | I258: ='[1]Table 1'!$B239 -> 0 | J258: =IF(AND(K258="",L258=""),"",IF(OR(K258="c",L258="c"),"c",SUM(K258,L258))) -> 0 | K258: ='[1]Table 1'!$C239 -> 0 | L258: ='[1]Table 1'!$D239 -> 0 | M258: =IF(AND(SUM(COUNTIF(K258:L258,"c"),(COUNTIF(J258,"c")))=1,AND(K258<>"",L258<>"",J258<>"")),"Residual Disclosure",IF(AND(SUM(COUNTIF(I258:J258,"c"),(COUNTIF(H258,"c")))=1,AND(I258<>"",J258<>"",H258<>"")),"Residual Disclosure","")) | N258: =IF(M258<>"","",IF(OR(AND(H258="c",OR(J258="c",I258="c")),AND(H258<>"",I258="c",J258="c"),AND(H258<>"",J258="",I258="")),"",IF(OR(I258="c",J258="c"),"c",IF(ABS(SUM(I258,J258)-SUM(H258))>0.9,SUM(I258,J258)-SUM(H258),"")))) | O258: =IF(M258<>"","",IF(OR(AND(J258="c",OR(L258="c",K258="c")),AND(J258<>"",K258="c",L258="c"),AND(J258<>"",L258="",K258="")),"",IF(COUNTIF(K258:L258,"c")>1,"",IF(ABS(SUM(K258,L258)-SUM(J258))>0.9,SUM(K258,L258)-SUM(J258),""))))
... B261: .698 | D261: .A | E261: 241 | F261: ZW | G261: Zimbabwe | H261: =IF(AND(I261="",J261=""),"",IF(OR(I261="c",J261="c"),"c",SUM(I261,J261))) -> 47.746368 | I261: ='[1]Table 1'!$B242 -> 47.743551 | J261: =IF(AND(K261="",L261=""),"",IF(OR(K261="c",L261="c"),"c",SUM(K261,L261))) -> 0.002817 | K261: ='[1]Table 1'!$C242 -> 0.002817 | L261: ='[1]Table 1'!$D242 -> 0 | M261: =IF(AND(SUM(COUNTIF(K261:L261,"c"),(COUNTIF(J261,"c")))=1,AND(K261<>"",L261<>"",J261<>"")),"Residual Disclosure",IF(AND(SUM(COUNTIF(I261:J261,"c"),(COUNTIF(H261,"c")))=1,AND(I261<>"",J261<>"",H261<>"")),"Residual Disclosure","")) | N261: =IF(M261<>"","",IF(OR(AND(H261="c",OR(J261="c",I261="c")),AND(H261<>"",I261="c",J261="c"),AND(H261<>"",J261="",I261="")),"",IF(OR(I261="c",J261="c"),"c",IF(ABS(SUM(I261,J261)-SUM(H261))>0.9,SUM(I261,J261)-SUM(H261),"")))) | O261: =IF(M261<>"","",IF(OR(AND(J261="c",OR(L261="c",K261="c")),AND(J261<>"",K261="c",L261="c"),AND(J261<>"",L261="",K261="")),"",IF(COUNTIF(K261:L261,"c")>1,"",IF(ABS(SUM(K261,L261)-SUM(J261))>0.9,SUM(K261,L261)-SUM(J261),""))))
B262: .983 | D262: .A | E262: 242 | F262: _X | G262: Not Specified (including Confidential) | H262: =IF(AND(I262="",J262=""),"",IF(OR(I262="c",J262="c"),"c",SUM(I262,J262))) -> 0 | I262: ='[1]Table 1'!$B243 -> 0 | J262: =IF(AND(K262="",L262=""),"",IF(OR(K262="c",L262="c"),"c",SUM(K262,L262))) -> 0 | K262: ='[1]Table 1'!$C243 -> 0 | L262: ='[1]Table 1'!$D243 -> 0
B263: .091 | D263: .A | E263: 243 | F263: XX | G263: International Organizations | H263: =IF(AND(I263="",J263=""),"",IF(OR(I263="c",J263="c"),"c",SUM(I263,J263))) -> 3512.263 | I263: ='[1]Table 1'!$B244 -> 0.82475 | J263: =IF(AND(K263="",L263=""),"",IF(OR(K263="c",L263="c"),"c",SUM(K263,L263))) -> 3511.4382 | K263: ='[1]Table 1'!$C244 -> 3508.4447 | L263: ='[1]Table 1'!$D244 -> 2.993549 | M263: =IF(AND(SUM(COUNTIF(K263:L263,"c"),(COUNTIF(J263,"c")))=1,AND(K263<>"",L263<>"",J263<>"")),"Residual Disclosure",IF(AND(SUM(COUNTIF(I263:J263,"c"),(COUNTIF(H263,"c")))=1,AND(I263<>"",J263<>"",H263<>"")),"Residual Disclosure","")) | N263: =IF(M263<>"","",IF(OR(AND(H263="c",OR(J263="c",I263="c")),AND(H263<>"",I263="c",J263="c"),AND(H263<>"",J263="",I263="")),"",IF(OR(I263="c",J263="c"),"c",IF(ABS(SUM(I263,J263)-SUM(H263))>0.9,SUM(I263,J263)-SUM(H263),"")))) | O263: =IF(M263<>"","",IF(OR(AND(J263="c",OR(L263="c",K263="c")),AND(J263<>"",K263="c",L263="c"),AND(J263<>"",L263="",K263="")),"",IF(COUNTIF(K263:L263,"c")>1,"",IF(ABS(SUM(K263,L263)-SUM(J263))>0.9,SUM(K263,L263)-SUM(J263),""))))
B264: .001 | D264: .A | E264: 244 | G264: Total value of investment | H264: =IF(AND(I264="",J264=""),"",IF(OR(I264="c",J264="c"),"c",SUM(I264,J264))) -> 2891083.1 | I264: =2906603.1-1495908-9 -> 1410686.1 | J264: =IF(AND(K264="",L264=""),"",IF(OR(K264="c",L264="c"),"c",SUM(K264,L264))) -> 1480397 | K264: =1209214.85-30493.75-95 -> 1178626.1 | L264: =303621.9-1851 -> 301770.9 | M264: =IF(AND(SUM(COUNTIF(K264:L264,"c"),(COUNTIF(J264,"c")))=1,AND(K264<>"",L264<>"",J264<>"")),"Residual Disclosure",IF(AND(SUM(COUNTIF(I264:J264,"c"),(COUNTIF(H264,"c")))=1,AND(I264<>"",J264<>"",H264<>"")),"Residual Disclosure","")) | N264: =IF(M264<>"","",IF(OR(AND(H264="c",OR(J264="c",I264="c")),AND(H264<>"",I264="c",J264="c"),AND(H264<>"",J264="",I264="")),"",IF(OR(I264="c",J264="c"),"c",IF(ABS(SUM(I264,J264)-SUM(H264))>0.9,SUM(I264,J264)-SUM(H264),"")))) | O264: =IF(M264<>"","",IF(OR(AND(J264="c",OR(L264="c",K264="c")),AND(J264<>"",K264="c",L264="c"),AND(J264<>"",L264="",K264="")),"",IF(COUNTIF(K264:L264,"c")>1,"",IF(ABS(SUM(K264,L264)-SUM(J264))>0.9,SUM(K264,L264)-SUM(J264),""))))
G265: Calculated total value of investment | H265: =SUM(H21:H263) -> 2891083.1 | I265: =SUM(I21:I263) -> 1410686.1 | J265: =SUM(J21:J263) -> 1480397 | K265: =SUM(K21:K263) -> 1178626.1 | L265: =SUM(L21:L263) -> 301770.91
G266: Cross-check Total value of investment (SUM(21:263)-264) | H266: =SUM(H264)-SUM(H265) -> -0.01435642 | I266: =SUM(I264)-SUM(I265) -> -0.0095833293 | J266: =SUM(J264)-SUM(J265) -> -0.0047730901 | K266: =SUM(K264)-SUM(K265) -> 0.0004550002 | L266: =SUM(L264)-SUM(L265) -> -0.00522809
G267: Note: Data are reported by the economy of holder.
G268: 1/ Required of all CPIS participants.
G269: 2/ Includes investment fund shares.
G270: 3/ Based on original maturity. Long-term is greater than one year, and short-term is one year or less.

Sheet Table 2
H1: Table 2: CPIS: Portfolio Investment Assets by Currency of Denomination of the Securities Held: Encouraged
G4: Reporting Economy | H4: =Reporting_Country_Name -> Cayman Islands | J4: Country Code: | K4: =Reporting_Country_Code -> 377 | L4: Reference Date: | M4: =Reporting_Period_Code -> 2021S2
G7: Reporting Currency | H7: =Reporting_Currency_Name -> US Dollars | J7: Currency Code: | K7: =Reporting_Currency_Code -> 1 | L7: Scale | M7: =Reporting_Scale_Name -> Million
H14: Data Reported by Holder
G15: Currency of denomination of the Securities Held | M15: Residual Disclosure (Confidential value may be deducted through reported data) | N15: Cross-Check: Calculated Total = (I + J)-H | O15: Cross-Check: Calculated Total Debt Securities =( K + L)-J
H16: TOTAL | I16: Equity Securities1 | J16: Total Debt Securities2 | K16: Long-term Debt Securities | L16: Short-term Debt Securities
G17: Timeseries code: | H17: .8B999 | I17: .8BA00 | J17: .8BB00 | K17: .8BB00 | L17: .8BB00
H18: .A | I18: .A | J18: .A | K18: .A | L18: .A
G19: Maturity | H19: .A. | I19: .A. | J19: .A. | K19: .L. | L19: .S.
B20: PPP | C20: Of Which Currency | D20: Partner Sector
A21: 1 | B21: .001 | C21: P.A | D21: .A | G21: US Dollar | H21: =IF(AND(I21="",J21=""),"",IF(OR(I21="c",J21="c"),"c",I21+J21)) -> 2436769.9 | I21: =(601135805+'[1]2. FAR CPIS BY CURRENCY BY COUN'!$I$508)/1000000+1505447.3-1495908 -> 1313321.3 | J21: =IF(AND(K21="",L21=""),"",IF(OR(K21="c",L21="c"),"c",K21+L21)) -> 1123448.6 | K21: =(139060013+'[1]2. FAR CPIS BY CURRENCY BY COUN'!$L$508)/1000000+97899.9-30493.75 -> 839663.43 | L21: =(2740608+'[1]2. FAR CPIS BY CURRENCY BY COUN'!$O$508)/1000000+11697.8-1851 -> 283785.15 | M21: =IF(AND(SUM(COUNTIF(K21:L21,"c"),(COUNTIF(J21,"c")))=1,AND(K21<>"",L21<>"",J21<>"")),"Residual Disclosure",IF(AND(SUM(COUNTIF(I21:J21,"c"),(COUNTIF(H21,"c")))=1,AND(I21<>"",J21<>"",H21<>"")),"Residual Disclosure","")) | N21: =IF(M21<>"","",IF(OR(AND(H21="c",OR(J21="c",I21="c")),AND(H21<>"",I21="c",J21="c"),AND(H21<>"",J21="",I21="")),"",IF(OR(I21="c",J21="c"),"c",IF(ABS(SUM(I21,J21)-SUM(H21))>1,SUM(I21,J21)-SUM(H21),"")))) | O21: =IF(M21<>"","",IF(OR(AND(J21="c",OR(L21="c",K21="c")),AND(J21<>"",K21="c",L21="c"),AND(J21<>"",L21="",K21="")),"",IF(COUNTIF(K21:L21,"c")>1,"",IF(ABS(SUM(K21,L21)-SUM(J21))>1,SUM(K21,L21)-SUM(J21),""))))
A22: 2 | B22: .001 | C22: Q.A | D22: .A | G22: Euro | H22: =IF(AND(I22="",J22=""),"",IF(OR(I22="c",J22="c"),"c",I22+J22)) -> 39540.136 | I22: =('[1]2. FAR CPIS BY CURRENCY BY COUN'!$I$498)/1000000 -> 21771.431 | J22: =IF(AND(K22="",L22=""),"",IF(OR(K22="c",L22="c"),"c",K22+L22)) -> 17768.705 | K22: =('[1]2. FAR CPIS BY CURRENCY BY COUN'!$L$498)/1000000 -> 16359.605 | L22: =('[1]2. FAR CPIS BY CURRENCY BY COUN'!$O$498)/1000000 -> 1409.0999 | M22: =IF(AND(SUM(COUNTIF(K22:L22,"c"),(COUNTIF(J22,"c")))=1,AND(K22<>"",L22<>"",J22<>"")),"Residual Disclosure",IF(AND(SUM(COUNTIF(I22:J22,"c"),(COUNTIF(H22,"c")))=1,AND(I22<>"",J22<>"",H22<>"")),"Residual Disclosure","")) | N22: =IF(M22<>"","",IF(OR(AND(H22="c",OR(J22="c",I22="c")),AND(H22<>"",I22="c",J22="c"),AND(H22<>"",J22="",I22="")),"",IF(OR(I22="c",J22="c"),"c",IF(ABS(SUM(I22,J22)-SUM(H22))>1,SUM(I22,J22)-SUM(H22),"")))) | O22: =IF(M22<>"","",IF(OR(AND(J22="c",OR(L22="c",K22="c")),AND(J22<>"",K22="c",L22="c"),AND(J22<>"",L22="",K22="")),"",IF(COUNTIF(K22:L22,"c")>1,"",IF(ABS(SUM(K22,L22)-SUM(J22))>1,SUM(K22,L22)-SUM(J22),""))))
A23: 3 | B23: .001 | C23: R.A | D23: .A | G23: British Pound | H23: =IF(AND(I23="",J23=""),"",IF(OR(I23="c",J23="c"),"c",I23+J23)) -> 7705.4588 | I23: =('[1]2. FAR CPIS BY CURRENCY BY COUN'!$I$499)/1000000 -> 5630.3241 | J23: =IF(AND(K23="",L23=""),"",IF(OR(K23="c",L23="c"),"c",K23+L23)) -> 2075.1347 | K23: =('[1]2. FAR CPIS BY CURRENCY BY COUN'!$L$499)/1000000 -> 1403.7242 | L23: =('[1]2. FAR CPIS BY CURRENCY BY COUN'!$O$499)/1000000 -> 671.41049 | M23: =IF(AND(SUM(COUNTIF(K23:L23,"c"),(COUNTIF(J23,"c")))=1,AND(K23<>"",L23<>"",J23<>"")),"Residual Disclosure",IF(AND(SUM(COUNTIF(I23:J23,"c"),(COUNTIF(H23,"c")))=1,AND(I23<>"",J23<>"",H23<>"")),"Residual Disclosure","")) | N23: =IF(M23<>"","",IF(OR(AND(H23="c",OR(J23="c",I23="c")),AND(H23<>"",I23="c",J23="c"),AND(H23<>"",J23="",I23="")),"",IF(OR(I23="c",J23="c"),"c",IF(ABS(SUM(I23,J23)-SUM(H23))>1,SUM(I23,J23)-SUM(H23),"")))) | O23: =IF(M23<>"","",IF(OR(AND(J23="c",OR(L23="c",K23="c")),AND(J23<>"",K23="c",L23="c"),AND(J23<>"",L23="",K23="")),"",IF(COUNTIF(K23:L23,"c")>1,"",IF(ABS(SUM(K23,L23)-SUM(J23))>1,SUM(K23,L23)-SUM(J23),""))))
A24: 4 | B24: .001 | C24: S.A | D24: .A | G24: Japanese Yen | H24: =IF(AND(I24="",J24=""),"",IF(OR(I24="c",J24="c"),"c",I24+J24)) -> 376556.57 | I24: =('[1]2. FAR CPIS BY CURRENCY BY COUN'!$I$502)/1000000 -> 52912.664 | J24: =IF(AND(K24="",L24=""),"",IF(OR(K24="c",L24="c"),"c",K24+L24)) -> 323643.9 | K24: =('[1]2. FAR CPIS BY CURRENCY BY COUN'!$L$502)/1000000 -> 310615.34 | L24: =('[1]2. FAR CPIS BY CURRENCY BY COUN'!$O$502)/1000000 -> 13028.56 | M24: =IF(AND(SUM(COUNTIF(K24:L24,"c"),(COUNTIF(J24,"c")))=1,AND(K24<>"",L24<>"",J24<>"")),"Residual Disclosure",IF(AND(SUM(COUNTIF(I24:J24,"c"),(COUNTIF(H24,"c")))=1,AND(I24<>"",J24<>"",H24<>"")),"Residual Disclosure","")) | N24: =IF(M24<>"","",IF(OR(AND(H24="c",OR(J24="c",I24="c")),AND(H24<>"",I24="c",J24="c"),AND(H24<>"",J24="",I24="")),"",IF(OR(I24="c",J24="c"),"c",IF(ABS(SUM(I24,J24)-SUM(H24))>1,SUM(I24,J24)-SUM(H24),"")))) | O24: =IF(M24<>"","",IF(OR(AND(J24="c",OR(L24="c",K24="c")),AND(J24<>"",K24="c",L24="c"),AND(J24<>"",L24="",K24="")),"",IF(COUNTIF(K24:L24,"c")>1,"",IF(ABS(SUM(K24,L24)-SUM(J24))>1,SUM(K24,L24)-SUM(J24),""))))
A25: 5 | B25: .001 | C25: T.A | D25: .A | G25: Swiss Franc | H25: =IF(AND(I25="",J25=""),"",IF(OR(I25="c",J25="c"),"c",I25+J25)) -> 831.01556 | I25: =('[1]2. FAR CPIS BY CURRENCY BY COUN'!$I$494)/1000000 -> 652.77691 | J25: =IF(AND(K25="",L25=""),"",IF(OR(K25="c",L25="c"),"c",K25+L25)) -> 178.23865 | K25: =('[1]2. FAR CPIS BY CURRENCY BY COUN'!$L$494)/1000000 -> 151.38204 | L25: =('[1]2. FAR CPIS BY CURRENCY BY COUN'!$O$494)/1000000 -> 26.85662 | M25: =IF(AND(SUM(COUNTIF(K25:L25,"c"),(COUNTIF(J25,"c")))=1,AND(K25<>"",L25<>"",J25<>"")),"Residual Disclosure",IF(AND(SUM(COUNTIF(I25:J25,"c"),(COUNTIF(H25,"c")))=1,AND(I25<>"",J25<>"",H25<>"")),"Residual Disclosure","")) | N25: =IF(M25<>"","",IF(OR(AND(H25="c",OR(J25="c",I25="c")),AND(H25<>"",I25="c",J25="c"),AND(H25<>"",J25="",I25="")),"",IF(OR(I25="c",J25="c"),"c",IF(ABS(SUM(I25,J25)-SUM(H25))>1,SUM(I25,J25)-SUM(H25),"")))) | O25: =IF(M25<>"","",IF(OR(AND(J25="c",OR(L25="c",K25="c")),AND(J25<>"",K25="c",L25="c"),AND(J25<>"",L25="",K25="")),"",IF(COUNTIF(K25:L25,"c")>1,"",IF(ABS(SUM(K25,L25)-SUM(J25))>1,SUM(K25,L25)-SUM(J25),""))))
B26: .001 | C26: V.A | D26: .A | G26: Chinese Renminbi | H26: =IF(AND(I26="",J26=""),"",IF(OR(I26="c",J26="c"),"c",I26+J26)) -> 783.36477 | I26: =('[1]2. FAR CPIS BY CURRENCY BY COUN'!$I$496)/1000000 -> 280.48293 | J26: =IF(AND(K26="",L26=""),"",IF(OR(K26="c",L26="c"),"c",K26+L26)) -> 502.88184 | K26: =('[1]2. FAR CPIS BY CURRENCY BY COUN'!$L$496)/1000000 -> 502.88184 | L26: =('[1]2. FAR CPIS BY CURRENCY BY COUN'!$O$496)/1000000 -> 0 | M26: =IF(AND(SUM(COUNTIF(K26:L26,"c"),(COUNTIF(J26,"c")))=1,AND(K26<>"",L26<>"",J26<>"")),"Residual Disclosure",IF(AND(SUM(COUNTIF(I26:J26,"c"),(COUNTIF(H26,"c")))=1,AND(I26<>"",J26<>"",H26<>"")),"Residual Disclosure","")) | N26: =IF(M26<>"","",IF(OR(AND(H26="c",OR(J26="c",I26="c")),AND(H26<>"",I26="c",J26="c"),AND(H26<>"",J26="",I26="")),"",IF(OR(I26="c",J26="c"),"c",IF(ABS(SUM(I26,J26)-SUM(H26))>1,SUM(I26,J26)-SUM(H26),"")))) | O26: =IF(M26<>"","",IF(OR(AND(J26="c",OR(L26="c",K26="c")),AND(J26<>"",K26="c",L26="c"),AND(J26<>"",L26="",K26="")),"",IF(COUNTIF(K26:L26,"c")>1,"",IF(ABS(SUM(K26,L26)-SUM(J26))>1,SUM(K26,L26)-SUM(J26),""))))
B27: .001 | C27: W.A | D27: .A | G27: Australian Dollar | H27: =IF(AND(I27="",J27=""),"",IF(OR(I27="c",J27="c"),"c",I27+J27)) -> 4380.9234 | I27: =('[1]2. FAR CPIS BY CURRENCY BY COUN'!$I$491)/1000000 -> 2593.6978 | J27: =IF(AND(K27="",L27=""),"",IF(OR(K27="c",L27="c"),"c",K27+L27)) -> 1787.2256 | K27: =('[1]2. FAR CPIS BY CURRENCY BY COUN'!$L$491)/1000000 -> 1700.5099 | L27: =('[1]2. FAR CPIS BY CURRENCY BY COUN'!$O$491)/1000000 -> 86.715659 | M27: =IF(AND(SUM(COUNTIF(K27:L27,"c"),(COUNTIF(J27,"c")))=1,AND(K27<>"",L27<>"",J27<>"")),"Residual Disclosure",IF(AND(SUM(COUNTIF(I27:J27,"c"),(COUNTIF(H27,"c")))=1,AND(I27<>"",J27<>"",H27<>"")),"Residual Disclosure","")) | N27: =IF(M27<>"","",IF(OR(AND(H27="c",OR(J27="c",I27="c")),AND(H27<>"",I27="c",J27="c"),AND(H27<>"",J27="",I27="")),"",IF(OR(I27="c",J27="c"),"c",IF(ABS(SUM(I27,J27)-SUM(H27))>1,SUM(I27,J27)-SUM(H27),"")))) | O27: =IF(M27<>"","",IF(OR(AND(J27="c",OR(L27="c",K27="c")),AND(J27<>"",K27="c",L27="c"),AND(J27<>"",L27="",K27="")),"",IF(COUNTIF(K27:L27,"c")>1,"",IF(ABS(SUM(K27,L27)-SUM(J27))>1,SUM(K27,L27)-SUM(J27),""))))
B28: .001 | C28: X.A | D28: .A | G28: Canadian Dollar | H28: =IF(AND(I28="",J28=""),"",IF(OR(I28="c",J28="c"),"c",I28+J28)) -> 7626.5374 | I28: =('[1]2. FAR CPIS BY CURRENCY BY COUN'!$I$493)/1000000 -> 2869.7346 | J28: =IF(AND(K28="",L28=""),"",IF(OR(K28="c",L28="c"),"c",K28+L28)) -> 4756.8028 | K28: =('[1]2. FAR CPIS BY CURRENCY BY COUN'!$L$493)/1000000 -> 3744.2987 | L28: =('[1]2. FAR CPIS BY CURRENCY BY COUN'!$O$493)/1000000 -> 1012.5041 | M28: =IF(AND(SUM(COUNTIF(K28:L28,"c"),(COUNTIF(J28,"c")))=1,AND(K28<>"",L28<>"",J28<>"")),"Residual Disclosure",IF(AND(SUM(COUNTIF(I28:J28,"c"),(COUNTIF(H28,"c")))=1,AND(I28<>"",J28<>"",H28<>"")),"Residual Disclosure","")) | N28: =IF(M28<>"","",IF(OR(AND(H28="c",OR(J28="c",I28="c")),AND(H28<>"",I28="c",J28="c"),AND(H28<>"",J28="",I28="")),"",IF(OR(I28="c",J28="c"),"c",IF(ABS(SUM(I28,J28)-SUM(H28))>1,SUM(I28,J28)-SUM(H28),"")))) | O28: =IF(M28<>"","",IF(OR(AND(J28="c",OR(L28="c",K28="c")),AND(J28<>"",K28="c",L28="c"),AND(J28<>"",L28="",K28="")),"",IF(COUNTIF(K28:L28,"c")>1,"",IF(ABS(SUM(K28,L28)-SUM(J28))>1,SUM(K28,L28)-SUM(J28),""))))
A29: 6 | B29: .001 | C29: U.A | D29: .A | G29: Other3 | H29: =IF(AND(I29="",J29=""),"",IF(OR(I29="c",J29="c"),"c",I29+J29)) -> 16993.185 | I29: =('[1]2. FAR CPIS BY CURRENCY BY COUN'!$I$492+'[1]2. FAR CPIS BY CURRENCY BY COUN'!$I$495+'[1]2. FAR CPIS BY CURRENCY BY COUN'!$I$497+'[1]2. FAR CPIS BY CURRENCY BY COUN'!$I$500+'[1]2. FAR CPIS BY CURRENCY BY COUN'!$I$501+'[1]2. FAR CPIS BY CURRENCY BY COUN'!$I$503+'[1]2. FAR CPIS BY CURRENCY BY COUN'!$I$504+'[1]2. FAR CPIS BY CURRENCY BY COUN'!$I$505+'[1]2. FAR CPIS BY CURRENCY BY COUN'!$I$506+'[1]2. FAR CPIS BY CURRENCY BY COUN'!$I$507)/1000000 -> 10662.668 | J29: =IF(AND(K29="",L29=""),"",IF(OR(K29="c",L29="c"),"c",K29+L29)) -> 6330.5166 | K29: =('[1]2. FAR CPIS BY CURRENCY BY COUN'!$L$492+'[1]2. FAR CPIS BY CURRENCY BY COUN'!$L$495+'[1]2. FAR CPIS BY CURRENCY BY COUN'!$L$497+'[1]2. FAR CPIS BY CURRENCY BY COUN'!$L$500+'[1]2. FAR CPIS BY CURRENCY BY COUN'!$L$501+'[1]2. FAR CPIS BY CURRENCY BY COUN'!$L$503+'[1]2. FAR CPIS BY CURRENCY BY COUN'!$L$504+'[1]2. FAR CPIS BY CURRENCY BY COUN'!$L$505+'[1]2. FAR CPIS BY CURRENCY BY COUN'!$L$506+'[1]2. FAR CPIS BY CURRENCY BY COUN'!$L$507)/1000000 -> 4579.9494 | L29: =(119841452+'[1]2. FAR CPIS BY CURRENCY BY COUN'!$O$492+'[1]2. FAR CPIS BY CURRENCY BY COUN'!$O$495+'[1]2. FAR CPIS BY CURRENCY BY COUN'!$O$497+'[1]2. FAR CPIS BY CURRENCY BY COUN'!$O$500+'[1]2. FAR CPIS BY CURRENCY BY COUN'!$O$501+'[1]2. FAR CPIS BY CURRENCY BY COUN'!$O$503+'[1]2. FAR CPIS BY CURRENCY BY COUN'!$O$504+'[1]2. FAR CPIS BY CURRENCY BY COUN'!$O$505+'[1]2. FAR CPIS BY CURRENCY BY COUN'!$O$506+'[1]2. FAR CPIS BY CURRENCY BY COUN'!$O$507)/1000000 -> 1750.5672 | M29: =IF(AND(SUM(COUNTIF(K29:L29,"c"),(COUNTIF(J29,"c")))=1,AND(K29<>"",L29<>"",J29<>"")),"Residual Disclosure",IF(AND(SUM(COUNTIF(I29:J29,"c"),(COUNTIF(H29,"c")))=1,AND(I29<>"",J29<>"",H29<>"")),"Residual Disclosure","")) | N29: =IF(M29<>"","",IF(OR(AND(H29="c",OR(J29="c",I29="c")),AND(H29<>"",I29="c",J29="c"),AND(H29<>"",J29="",I29="")),"",IF(OR(I29="c",J29="c"),"c",IF(ABS(SUM(I29,J29)-SUM(H29))>1,SUM(I29,J29)-SUM(H29),"")))) | O29: =IF(M29<>"","",IF(OR(AND(J29="c",OR(L29="c",K29="c")),AND(J29<>"",K29="c",L29="c"),AND(J29<>"",L29="",K29="")),"",IF(COUNTIF(K29:L29,"c")>1,"",IF(ABS(SUM(K29,L29)-SUM(J29))>1,SUM(K29,L29)-SUM(J29),""))))
A30: 7 | G30: Total value of investment | H30: =IF('Table 1'!H264="","",'Table 1'!H264) -> 2891083.1 | I30: =IF('Table 1'!I264="","",'Table 1'!I264) -> 1410686.1 | J30: =IF('Table 1'!J264="","",'Table 1'!J264) -> 1480397 | K30: =IF('Table 1'!K264="","",'Table 1'!K264) -> 1178626.1 | L30: =IF('Table 1'!L264="","",'Table 1'!L264) -> 301770.9 | M30: =IF(AND(SUM(COUNTIF(K30:L30,"c"),(COUNTIF(J30,"c")))=1,AND(K30<>"",L30<>"",J30<>"")),"Residual Disclosure",IF(AND(SUM(COUNTIF(I30:J30,"c"),(COUNTIF(H30,"c")))=1,AND(I30<>"",J30<>"",H30<>"")),"Residual Disclosure","")) | N30: =IF(M30<>"","",IF(OR(AND(H30="c",OR(J30="c",I30="c")),AND(H30<>"",I30="c",J30="c"),AND(H30<>"",J30="",I30="")),"",IF(OR(I30="c",J30="c"),"c",IF(ABS(SUM(I30,J30)-SUM(H30))>1,SUM(I30,J30)-SUM(H30),"")))) | O30: =IF(M30<>"","",IF(OR(AND(J30="c",OR(L30="c",K30="c")),AND(J30<>"",K30="c",L30="c"),AND(J30<>"",L30="",K30="")),"",IF(COUNTIF(K30:L30,"c")>1,"",IF(ABS(SUM(K30,L30)-SUM(J30))>1,SUM(K30,L30)-SUM(J30),""))))
G31: Cross-checks Total Value of Investment (SUM(21:29) - 30) | H31: =SUM(H21:H29)-SUM(H30) -> 103.98606 | I31: =SUM(I21:I29)-SUM(I30) -> 9.001687 | J31: =SUM(J21:J29)-SUM(J30) -> 94.984371 | K31: =SUM(K21:K29)-SUM(K30) -> 95.019712 | L31: =SUM(L21:L29)-SUM(L30) -> -0.035341
G33: Note: Data are reported by the economy of holder.
G34: 1/ Includes investment fund shares. The currency of denomination of equity and investment fund
G35: shares is generally the domestic currency of the economy in which the issuer is resident. However,
G36: when equity is issued in a currency other than the domestic currency, then that currency is the
G37: currency of denomination.
G38: 2/ Based on original maturity. Long-term is greater than one year, and short-term is one year or less.
G39: 3/ May include non-zero values for one or more of the listed currencies if reporting systems at the time
G40: of collection could not separately identify the currency detail.

Sheet Table 3
H1: Table 3: CPIS: Total Portfolio Investment Assets by Sector of Resident Holder: Encouraged
G4: Reporting Economy | H4: =Reporting_Country_Name -> Cayman Islands | J4: Country Code: | K4: =Reporting_Country_Code -> 377 | L4: Reference Date: | M4: =Reporting_Period_Code -> 2021S2
G7: Reporting Currency | H7: =Reporting_Currency_Name -> US Dollars | J7: Currency Code: | K7: =Reporting_Currency_Code -> 1 | L7: Scale | M7: =Reporting_Scale_Name -> Million
H12: IMPORTANT! The CPIS compiler is only expected to report data for sectors on an "as available" basis.
H13: Sector of Resident Holder (Data Reported by Holder) | T13: Residual Disclosure (Confidential value may be deducted through reported data) | U13: Cross-check: Total Holdings =(I+J+K+O+P)-H | V13: Cross-check: Calculated OFCs =(L+M+N)-K | W13: Cross-check: Calculated NFCs, Households and NPISHs (Q+R+S)-P
E14: No. | F14: Code | G14: Economy of nonresident issuer
I15: Central Bank(CB)1 | J15: Deposit-taking Corporations except the Central Bank
H16: TOTAL HOLDINGS | K16: Other Financial Corporations | L16: Insurance Corporations and Pension Funds | M16: Money Market Funds | N16: Other | O16: General Government | P16: Nonfinancial Corporations, Households, and NPISHs | Q16: Nonfinancial Corporations | R16: Households | S16: NPISHs2
B17: PPP | D17: Sector PPP | G17: Indicator | H17: .8B9999.A | I17: .8B9999.A | J17: .8B9999.A | K17: .8B9999.A | L17: .8B9999.A | M17: .8B9999.A | N17: .8B9999.A | O17: .8B9999.A | P17: .8B9999.A | Q17: .8B9999.A | R17: .8B9999.A | S17: .8B9999.A
G18: Sector | H18: .A | I18: .C | J18: .D | K18: .F | L18: .P | M18: .J | N18: .T | O18: .G | P18: .N | Q18: .R | R18: .H | S18: .S
G19: Maturity | H19: .A. | I19: .A. | J19: .A. | K19: .A. | L19: .A. | M19: .A. | N19: .A. | O19: .A. | P19: .A. | Q19: .A. | R19: .A. | S19: .A.
B20: PPP | C20: Of Which Currency | D20: Partner Sector | G20: Partner Sector
B21: .512 | D21: .A | E21: 1 | F21: AF | G21: Afghanistan, Islamic State of | H21: ='Table 1'!H21 -> 0 | J21: ='[1]Data CPIS- Banking'!$F2 -> 0 | K21: =IF(AND(L21="",M21="",N21=""),"",IF(OR(L21="c",M21="c",N21="c"),"c",SUM(L21:N21))) -> 0 | L21: ='[1]Data CPIS- Insurance'!$F2 -> 0 | N21: ='[1]Data CPIS-Securities'!$F2 -> 0 | P21: =IF(AND(Q21="",R21="",S21=""),"",IF(OR(Q21="c",R21="c",S21="c"),"c",SUM(Q21:S21))) | T21: =IF(AND(ISNUMBER(H21),SUM(COUNTIF(I21:K21,"c"),COUNTIF(O21:P21,"c"))=1),"Res Disc",IF(AND(H21="c",ISNUMBER(I21),ISNUMBER(J21),ISNUMBER(K21),ISNUMBER(O21),ISNUMBER(P21)),"Res Disc",IF(AND(COUNTIF(Q21:S21,"c")=1,ISNUMBER(P21)),"Res Disc",IF(AND(P21="c",ISNUMBER(Q21),ISNUMBER(R21),ISNUMBER(S21)),"Res Disc",IF(AND(K21="c",ISNUMBER(L21),ISNUMBER(M21),ISNUMBER(N21)),"Res Disc",IF(AND(ISNUMBER(K21),COUNTIF(L21:N21,"c")=1),"Res Disc","")))))) | U21: =IF(T21<>"","",IF(SUM(COUNTIF(I21:K21,"c"),COUNTIF(O21:P21,"c"))>1,"",IF(OR(AND(H21="c",OR(I21="c",J21="c",K21="c",O21="c",P21="c")),AND(H21<>"",I21="c",J21="c",K21="c",O21="c",P21="c"),AND(H21<>"",I21="",J21="",K21="",O21="",P21="")),"",IF(ABS(SUM(I21:K21,O21:P21)-SUM(H21))>0.9,SUM(I21:K21,O21:P21)-SUM(H21),"")))) | V21: =IF(T21<>"","",IF(OR(AND(K21="c",OR(L21="c",N21="c",M21="c")),AND(K21<>"",L21="c",M21="c",N21="c"),AND(K21<>"",L21="",N21="",M21="")),"",IF(COUNTIF(L21:N21,"c")>1,"",IF(ABS(SUM(L21:N21)-SUM(K21))>0.9,SUM(L21:N21)-SUM(K21),"")))) | W21: =IF(T21<>"","",IF(OR(AND(P21="c",OR(Q21="c",S21="c",R21="c")),AND(P21<>"",Q21="c",R21="c",S21="c"),AND(P21<>"",Q21="",S21="",R21="")),"",IF(COUNTIF(Q21:S21,"c")>1,"",IF(ABS(SUM(Q21:S21)-SUM(P21))>0.9,SUM(Q21:S21)-SUM(P21),""))))
B22: .914 | D22: .A | E22: 2 | F22: AL | G22: Albania | H22: ='Table 1'!H22 -> 0 | J22: ='[1]Data CPIS- Banking'!$F3 -> 0 | K22: =IF(AND(L22="",M22="",N22=""),"",IF(OR(L22="c",M22="c",N22="c"),"c",SUM(L22:N22))) -> 0 | L22: ='[1]Data CPIS- Insurance'!$F3 -> 0 | N22: ='[1]Data CPIS-Securities'!$F3 -> 0 | P22: =IF(AND(Q22="",R22="",S22=""),"",IF(OR(Q22="c",R22="c",S22="c"),"c",SUM(Q22:S22))) | T22: =IF(AND(ISNUMBER(H22),SUM(COUNTIF(I22:K22,"c"),COUNTIF(O22:P22,"c"))=1),"Res Disc",IF(AND(H22="c",ISNUMBER(I22),ISNUMBER(J22),ISNUMBER(K22),ISNUMBER(O22),ISNUMBER(P22)),"Res Disc",IF(AND(COUNTIF(Q22:S22,"c")=1,ISNUMBER(P22)),"Res Disc",IF(AND(P22="c",ISNUMBER(Q22),ISNUMBER(R22),ISNUMBER(S22)),"Res Disc",IF(AND(K22="c",ISNUMBER(L22),ISNUMBER(M22),ISNUMBER(N22)),"Res Disc",IF(AND(ISNUMBER(K22),COUNTIF(L22:N22,"c")=1),"Res Disc","")))))) | U22: =IF(T22<>"","",IF(SUM(COUNTIF(I22:K22,"c"),COUNTIF(O22:P22,"c"))>1,"",IF(OR(AND(H22="c",OR(I22="c",J22="c",K22="c",O22="c",P22="c")),AND(H22<>"",I22="c",J22="c",K22="c",O22="c",P22="c"),AND(H22<>"",I22="",J22="",K22="",O22="",P22="")),"",IF(ABS(SUM(I22:K22,O22:P22)-SUM(H22))>0.9,SUM(I22:K22,O22:P22)-SUM(H22),"")))) | V22: =IF(T22<>"","",IF(OR(AND(K22="c",OR(L22="c",N22="c",M22="c")),AND(K22<>"",L22="c",M22="c",N22="c"),AND(K22<>"",L22="",N22="",M22="")),"",IF(COUNTIF(L22:N22,"c")>1,"",IF(ABS(SUM(L22:N22)-SUM(K22))>0.9,SUM(L22:N22)-SUM(K22),"")))) | W22: =IF(T22<>"","",IF(OR(AND(P22="c",OR(Q22="c",S22="c",R22="c")),AND(P22<>"",Q22="c",R22="c",S22="c"),AND(P22<>"",Q22="",S22="",R22="")),"",IF(COUNTIF(Q22:S22,"c")>1,"",IF(ABS(SUM(Q22:S22)-SUM(P22))>0.9,SUM(Q22:S22)-SUM(P22),""))))
B23: .612 | D23: .A | E23: 3 | F23: DZ | G23: Algeria | H23: ='Table 1'!H23 -> 0 | J23: ='[1]Data CPIS- Banking'!$F4 -> 0 | K23: =IF(AND(L23="",M23="",N23=""),"",IF(OR(L23="c",M23="c",N23="c"),"c",SUM(L23:N23))) -> 0 | L23: ='[1]Data CPIS- Insurance'!$F4 -> 0 | N23: ='[1]Data CPIS-Securities'!$F4 -> 0 | P23: =IF(AND(Q23="",R23="",S23=""),"",IF(OR(Q23="c",R23="c",S23="c"),"c",SUM(Q23:S23))) | T23: =IF(AND(ISNUMBER(H23),SUM(COUNTIF(I23:K23,"c"),COUNTIF(O23:P23,"c"))=1),"Res Disc",IF(AND(H23="c",ISNUMBER(I23),ISNUMBER(J23),ISNUMBER(K23),ISNUMBER(O23),ISNUMBER(P23)),"Res Disc",IF(AND(COUNTIF(Q23:S23,"c")=1,ISNUMBER(P23)),"Res Disc",IF(AND(P23="c",ISNUMBER(Q23),ISNUMBER(R23),ISNUMBER(S23)),"Res Disc",IF(AND(K23="c",ISNUMBER(L23),ISNUMBER(M23),ISNUMBER(N23)),"Res Disc",IF(AND(ISNUMBER(K23),COUNTIF(L23:N23,"c")=1),"Res Disc","")))))) | U23: =IF(T23<>"","",IF(SUM(COUNTIF(I23:K23,"c"),COUNTIF(O23:P23,"c"))>1,"",IF(OR(AND(H23="c",OR(I23="c",J23="c",K23="c",O23="c",P23="c")),AND(H23<>"",I23="c",J23="c",K23="c",O23="c",P23="c"),AND(H23<>"",I23="",J23="",K23="",O23="",P23="")),"",IF(ABS(SUM(I23:K23,O23:P23)-SUM(H23))>0.9,SUM(I23:K23,O23:P23)-SUM(H23),"")))) | V23: =IF(T23<>"","",IF(OR(AND(K23="c",OR(L23="c",N23="c",M23="c")),AND(K23<>"",L23="c",M23="c",N23="c"),AND(K23<>"",L23="",N23="",M23="")),"",IF(COUNTIF(L23:N23,"c")>1,"",IF(ABS(SUM(L23:N23)-SUM(K23))>0.9,SUM(L23:N23)-SUM(K23),"")))) | W23: =IF(T23<>"","",IF(OR(AND(P23="c",OR(Q23="c",S23="c",R23="c")),AND(P23<>"",Q23="c",R23="c",S23="c"),AND(P23<>"",Q23="",S23="",R23="")),"",IF(COUNTIF(Q23:S23,"c")>1,"",IF(ABS(SUM(Q23:S23)-SUM(P23))>0.9,SUM(Q23:S23)-SUM(P23),""))))
B24: .859 | D24: .A | E24: 4 | F24: AS | G24: American Samoa | H24: ='Table 1'!H24 -> 0 | J24: ='[1]Data CPIS- Banking'!$F5 -> 0 | K24: =IF(AND(L24="",M24="",N24=""),"",IF(OR(L24="c",M24="c",N24="c"),"c",SUM(L24:N24))) -> 0 | L24: ='[1]Data CPIS- Insurance'!$F5 -> 0 | N24: ='[1]Data CPIS-Securities'!$F5 -> 0 | P24: =IF(AND(Q24="",R24="",S24=""),"",IF(OR(Q24="c",R24="c",S24="c"),"c",SUM(Q24:S24))) | T24: =IF(AND(ISNUMBER(H24),SUM(COUNTIF(I24:K24,"c"),COUNTIF(O24:P24,"c"))=1),"Res Disc",IF(AND(H24="c",ISNUMBER(I24),ISNUMBER(J24),ISNUMBER(K24),ISNUMBER(O24),ISNUMBER(P24)),"Res Disc",IF(AND(COUNTIF(Q24:S24,"c")=1,ISNUMBER(P24)),"Res Disc",IF(AND(P24="c",ISNUMBER(Q24),ISNUMBER(R24),ISNUMBER(S24)),"Res Disc",IF(AND(K24="c",ISNUMBER(L24),ISNUMBER(M24),ISNUMBER(N24)),"Res Disc",IF(AND(ISNUMBER(K24),COUNTIF(L24:N24,"c")=1),"Res Disc","")))))) | U24: =IF(T24<>"","",IF(SUM(COUNTIF(I24:K24,"c"),COUNTIF(O24:P24,"c"))>1,"",IF(OR(AND(H24="c",OR(I24="c",J24="c",K24="c",O24="c",P24="c")),AND(H24<>"",I24="c",J24="c",K24="c",O24="c",P24="c"),AND(H24<>"",I24="",J24="",K24="",O24="",P24="")),"",IF(ABS(SUM(I24:K24,O24:P24)-SUM(H24))>0.9,SUM(I24:K24,O24:P24)-SUM(H24),"")))) | V24: =IF(T24<>"","",IF(OR(AND(K24="c",OR(L24="c",N24="c",M24="c")),AND(K24<>"",L24="c",M24="c",N24="c"),AND(K24<>"",L24="",N24="",M24="")),"",IF(COUNTIF(L24:N24,"c")>1,"",IF(ABS(SUM(L24:N24)-SUM(K24))>0.9,SUM(L24:N24)-SUM(K24),"")))) | W24: =IF(T24<>"","",IF(OR(AND(P24="c",OR(Q24="c",S24="c",R24="c")),AND(P24<>"",Q24="c",R24="c",S24="c"),AND(P24<>"",Q24="",S24="",R24="")),"",IF(COUNTIF(Q24:S24,"c")>1,"",IF(ABS(SUM(Q24:S24)-SUM(P24))>0.9,SUM(Q24:S24)-SUM(P24),""))))
B25: .171 | D25: .A | E25: 5 | F25: AD | G25: Andorra | H25: ='Table 1'!H25 -> 0 | J25: ='[1]Data CPIS- Banking'!$F6 -> 0 | K25: =IF(AND(L25="",M25="",N25=""),"",IF(OR(L25="c",M25="c",N25="c"),"c",SUM(L25:N25))) -> 0 | L25: ='[1]Data CPIS- Insurance'!$F6 -> 0 | N25: ='[1]Data CPIS-Securities'!$F6 -> 0 | P25: =IF(AND(Q25="",R25="",S25=""),"",IF(OR(Q25="c",R25="c",S25="c"),"c",SUM(Q25:S25))) | T25: =IF(AND(ISNUMBER(H25),SUM(COUNTIF(I25:K25,"c"),COUNTIF(O25:P25,"c"))=1),"Res Disc",IF(AND(H25="c",ISNUMBER(I25),ISNUMBER(J25),ISNUMBER(K25),ISNUMBER(O25),ISNUMBER(P25)),"Res Disc",IF(AND(COUNTIF(Q25:S25,"c")=1,ISNUMBER(P25)),"Res Disc",IF(AND(P25="c",ISNUMBER(Q25),ISNUMBER(R25),ISNUMBER(S25)),"Res Disc",IF(AND(K25="c",ISNUMBER(L25),ISNUMBER(M25),ISNUMBER(N25)),"Res Disc",IF(AND(ISNUMBER(K25),COUNTIF(L25:N25,"c")=1),"Res Disc","")))))) | U25: =IF(T25<>"","",IF(SUM(COUNTIF(I25:K25,"c"),COUNTIF(O25:P25,"c"))>1,"",IF(OR(AND(H25="c",OR(I25="c",J25="c",K25="c",O25="c",P25="c")),AND(H25<>"",I25="c",J25="c",K25="c",O25="c",P25="c"),AND(H25<>"",I25="",J25="",K25="",O25="",P25="")),"",IF(ABS(SUM(I25:K25,O25:P25)-SUM(H25))>0.9,SUM(I25:K25,O25:P25)-SUM(H25),"")))) | V25: =IF(T25<>"","",IF(OR(AND(K25="c",OR(L25="c",N25="c",M25="c")),AND(K25<>"",L25="c",M25="c",N25="c"),AND(K25<>"",L25="",N25="",M25="")),"",IF(COUNTIF(L25:N25,"c")>1,"",IF(ABS(SUM(L25:N25)-SUM(K25))>0.9,SUM(L25:N25)-SUM(K25),"")))) | W25: =IF(T25<>"","",IF(OR(AND(P25="c",OR(Q25="c",S25="c",R25="c")),AND(P25<>"",Q25="c",R25="c",S25="c"),AND(P25<>"",Q25="",S25="",R25="")),"",IF(COUNTIF(Q25:S25,"c")>1,"",IF(ABS(SUM(Q25:S25)-SUM(P25))>0.9,SUM(Q25:S25)-SUM(P25),""))))
B26: .614 | D26: .A | E26: 6 | F26: AO | G26: Angola | H26: ='Table 1'!H26 -> 166.69408 | J26: ='[1]Data CPIS- Banking'!$F7 -> 0 | K26: =IF(AND(L26="",M26="",N26=""),"",IF(OR(L26="c",M26="c",N26="c"),"c",SUM(L26:N26))) -> 166.69408 | L26: ='[1]Data CPIS- Insurance'!$F7 -> 0 | N26: ='[1]Data CPIS-Securities'!$F7 -> 166.69408 | P26: =IF(AND(Q26="",R26="",S26=""),"",IF(OR(Q26="c",R26="c",S26="c"),"c",SUM(Q26:S26))) | T26: =IF(AND(ISNUMBER(H26),SUM(COUNTIF(I26:K26,"c"),COUNTIF(O26:P26,"c"))=1),"Res Disc",IF(AND(H26="c",ISNUMBER(I26),ISNUMBER(J26),ISNUMBER(K26),ISNUMBER(O26),ISNUMBER(P26)),"Res Disc",IF(AND(COUNTIF(Q26:S26,"c")=1,ISNUMBER(P26)),"Res Disc",IF(AND(P26="c",ISNUMBER(Q26),ISNUMBER(R26),ISNUMBER(S26)),"Res Disc",IF(AND(K26="c",ISNUMBER(L26),ISNUMBER(M26),ISNUMBER(N26)),"Res Disc",IF(AND(ISNUMBER(K26),COUNTIF(L26:N26,"c")=1),"Res Disc","")))))) | U26: =IF(T26<>"","",IF(SUM(COUNTIF(I26:K26,"c"),COUNTIF(O26:P26,"c"))>1,"",IF(OR(AND(H26="c",OR(I26="c",J26="c",K26="c",O26="c",P26="c")),AND(H26<>"",I26="c",J26="c",K26="c",O26="c",P26="c"),AND(H26<>"",I26="",J26="",K26="",O26="",P26="")),"",IF(ABS(SUM(I26:K26,O26:P26)-SUM(H26))>0.9,SUM(I26:K26,O26:P26)-SUM(H26),"")))) | V26: =IF(T26<>"","",IF(OR(AND(K26="c",OR(L26="c",N26="c",M26="c")),AND(K26<>"",L26="c",M26="c",N26="c"),AND(K26<>"",L26="",N26="",M26="")),"",IF(COUNTIF(L26:N26,"c")>1,"",IF(ABS(SUM(L26:N26)-SUM(K26))>0.9,SUM(L26:N26)-SUM(K26),"")))) | W26: =IF(T26<>"","",IF(OR(AND(P26="c",OR(Q26="c",S26="c",R26="c")),AND(P26<>"",Q26="c",R26="c",S26="c"),AND(P26<>"",Q26="",S26="",R26="")),"",IF(COUNTIF(Q26:S26,"c")>1,"",IF(ABS(SUM(Q26:S26)-SUM(P26))>0.9,SUM(Q26:S26)-SUM(P26),""))))
B27: .312 | D27: .A | E27: 7 | F27: AI | G27: Anguilla | H27: ='Table 1'!H27 -> 205.40712 | J27: ='[1]Data CPIS- Banking'!$F8 -> 0 | K27: =IF(AND(L27="",M27="",N27=""),"",IF(OR(L27="c",M27="c",N27="c"),"c",SUM(L27:N27))) -> 205.40712 | L27: ='[1]Data CPIS- Insurance'!$F8 -> 0 | N27: ='[1]Data CPIS-Securities'!$F8 -> 205.40712 | P27: =IF(AND(Q27="",R27="",S27=""),"",IF(OR(Q27="c",R27="c",S27="c"),"c",SUM(Q27:S27))) | T27: =IF(AND(ISNUMBER(H27),SUM(COUNTIF(I27:K27,"c"),COUNTIF(O27:P27,"c"))=1),"Res Disc",IF(AND(H27="c",ISNUMBER(I27),ISNUMBER(J27),ISNUMBER(K27),ISNUMBER(O27),ISNUMBER(P27)),"Res Disc",IF(AND(COUNTIF(Q27:S27,"c")=1,ISNUMBER(P27)),"Res Disc",IF(AND(P27="c",ISNUMBER(Q27),ISNUMBER(R27),ISNUMBER(S27)),"Res Disc",IF(AND(K27="c",ISNUMBER(L27),ISNUMBER(M27),ISNUMBER(N27)),"Res Disc",IF(AND(ISNUMBER(K27),COUNTIF(L27:N27,"c")=1),"Res Disc","")))))) | U27: =IF(T27<>"","",IF(SUM(COUNTIF(I27:K27,"c"),COUNTIF(O27:P27,"c"))>1,"",IF(OR(AND(H27="c",OR(I27="c",J27="c",K27="c",O27="c",P27="c")),AND(H27<>"",I27="c",J27="c",K27="c",O27="c",P27="c"),AND(H27<>"",I27="",J27="",K27="",O27="",P27="")),"",IF(ABS(SUM(I27:K27,O27:P27)-SUM(H27))>0.9,SUM(I27:K27,O27:P27)-SUM(H27),"")))) | V27: =IF(T27<>"","",IF(OR(AND(K27="c",OR(L27="c",N27="c",M27="c")),AND(K27<>"",L27="c",M27="c",N27="c"),AND(K27<>"",L27="",N27="",M27="")),"",IF(COUNTIF(L27:N27,"c")>1,"",IF(ABS(SUM(L27:N27)-SUM(K27))>0.9,SUM(L27:N27)-SUM(K27),"")))) | W27: =IF(T27<>"","",IF(OR(AND(P27="c",OR(Q27="c",S27="c",R27="c")),AND(P27<>"",Q27="c",R27="c",S27="c"),AND(P27<>"",Q27="",S27="",R27="")),"",IF(COUNTIF(Q27:S27,"c")>1,"",IF(ABS(SUM(Q27:S27)-SUM(P27))>0.9,SUM(Q27:S27)-SUM(P27),""))))
B28: .311 | D28: .A | E28: 8 | F28: AG | G28: Antigua and Barbuda | H28: ='Table 1'!H28 -> 6.923839 | J28: ='[1]Data CPIS- Banking'!$F9 -> 0 | K28: =IF(AND(L28="",M28="",N28=""),"",IF(OR(L28="c",M28="c",N28="c"),"c",SUM(L28:N28))) -> 6.923839 | L28: ='[1]Data CPIS- Insurance'!$F9 -> 0 | N28: ='[1]Data CPIS-Securities'!$F9 -> 6.923839 | P28: =IF(AND(Q28="",R28="",S28=""),"",IF(OR(Q28="c",R28="c",S28="c"),"c",SUM(Q28:S28))) | T28: =IF(AND(ISNUMBER(H28),SUM(COUNTIF(I28:K28,"c"),COUNTIF(O28:P28,"c"))=1),"Res Disc",IF(AND(H28="c",ISNUMBER(I28),ISNUMBER(J28),ISNUMBER(K28),ISNUMBER(O28),ISNUMBER(P28)),"Res Disc",IF(AND(COUNTIF(Q28:S28,"c")=1,ISNUMBER(P28)),"Res Disc",IF(AND(P28="c",ISNUMBER(Q28),ISNUMBER(R28),ISNUMBER(S28)),"Res Disc",IF(AND(K28="c",ISNUMBER(L28),ISNUMBER(M28),ISNUMBER(N28)),"Res Disc",IF(AND(ISNUMBER(K28),COUNTIF(L28:N28,"c")=1),"Res Disc","")))))) | U28: =IF(T28<>"","",IF(SUM(COUNTIF(I28:K28,"c"),COUNTIF(O28:P28,"c"))>1,"",IF(OR(AND(H28="c",OR(I28="c",J28="c",K28="c",O28="c",P28="c")),AND(H28<>"",I28="c",J28="c",K28="c",O28="c",P28="c"),AND(H28<>"",I28="",J28="",K28="",O28="",P28="")),"",IF(ABS(SUM(I28:K28,O28:P28)-SUM(H28))>0.9,SUM(I28:K28,O28:P28)-SUM(H28),"")))) | V28: =IF(T28<>"","",IF(OR(AND(K28="c",OR(L28="c",N28="c",M28="c")),AND(K28<>"",L28="c",M28="c",N28="c"),AND(K28<>"",L28="",N28="",M28="")),"",IF(COUNTIF(L28:N28,"c")>1,"",IF(ABS(SUM(L28:N28)-SUM(K28))>0.9,SUM(L28:N28)-SUM(K28),"")))) | W28: =IF(T28<>"","",IF(OR(AND(P28="c",OR(Q28="c",S28="c",R28="c")),AND(P28<>"",Q28="c",R28="c",S28="c"),AND(P28<>"",Q28="",S28="",R28="")),"",IF(COUNTIF(Q28:S28,"c")>1,"",IF(ABS(SUM(Q28:S28)-SUM(P28))>0.9,SUM(Q28:S28)-SUM(P28),""))))
B29: .213 | D29: .A | E29: 9 | F29: AR | G29: Argentina | H29: ='Table 1'!H29 -> 3669.4002 | J29: ='[1]Data CPIS- Banking'!$F10 -> 9 | K29: =IF(AND(L29="",M29="",N29=""),"",IF(OR(L29="c",M29="c",N29="c"),"c",SUM(L29:N29))) -> 3660.4002 | L29: ='[1]Data CPIS- Insurance'!$F10 -> 17.444902 | N29: ='[1]Data CPIS-Securities'!$F10 -> 3642.9552 | P29: =IF(AND(Q29="",R29="",S29=""),"",IF(OR(Q29="c",R29="c",S29="c"),"c",SUM(Q29:S29))) | T29: =IF(AND(ISNUMBER(H29),SUM(COUNTIF(I29:K29,"c"),COUNTIF(O29:P29,"c"))=1),"Res Disc",IF(AND(H29="c",ISNUMBER(I29),ISNUMBER(J29),ISNUMBER(K29),ISNUMBER(O29),ISNUMBER(P29)),"Res Disc",IF(AND(COUNTIF(Q29:S29,"c")=1,ISNUMBER(P29)),"Res Disc",IF(AND(P29="c",ISNUMBER(Q29),ISNUMBER(R29),ISNUMBER(S29)),"Res Disc",IF(AND(K29="c",ISNUMBER(L29),ISNUMBER(M29),ISNUMBER(N29)),"Res Disc",IF(AND(ISNUMBER(K29),COUNTIF(L29:N29,"c")=1),"Res Disc","")))))) | U29: =IF(T29<>"","",IF(SUM(COUNTIF(I29:K29,"c"),COUNTIF(O29:P29,"c"))>1,"",IF(OR(AND(H29="c",OR(I29="c",J29="c",K29="c",O29="c",P29="c")),AND(H29<>"",I29="c",J29="c",K29="c",O29="c",P29="c"),AND(H29<>"",I29="",J29="",K29="",O29="",P29="")),"",IF(ABS(SUM(I29:K29,O29:P29)-SUM(H29))>0.9,SUM(I29:K29,O29:P29)-SUM(H29),"")))) | V29: =IF(T29<>"","",IF(OR(AND(K29="c",OR(L29="c",N29="c",M29="c")),AND(K29<>"",L29="c",M29="c",N29="c"),AND(K29<>"",L29="",N29="",M29="")),"",IF(COUNTIF(L29:N29,"c")>1,"",IF(ABS(SUM(L29:N29)-SUM(K29))>0.9,SUM(L29:N29)-SUM(K29),"")))) | W29: =IF(T29<>"","",IF(OR(AND(P29="c",OR(Q29="c",S29="c",R29="c")),AND(P29<>"",Q29="c",R29="c",S29="c"),AND(P29<>"",Q29="",S29="",R29="")),"",IF(COUNTIF(Q29:S29,"c")>1,"",IF(ABS(SUM(Q29:S29)-SUM(P29))>0.9,SUM(Q29:S29)-SUM(P29),""))))
B30: .911 | D30: .A | E30: 10 | F30: AM | G30: Armenia | H30: ='Table 1'!H30 -> 2.69832 | J30: ='[1]Data CPIS- Banking'!$F11 -> 0 | K30: =IF(AND(L30="",M30="",N30=""),"",IF(OR(L30="c",M30="c",N30="c"),"c",SUM(L30:N30))) -> 2.69832 | L30: ='[1]Data CPIS- Insurance'!$F11 -> 0 | N30: ='[1]Data CPIS-Securities'!$F11 -> 2.69832 | P30: =IF(AND(Q30="",R30="",S30=""),"",IF(OR(Q30="c",R30="c",S30="c"),"c",SUM(Q30:S30))) | T30: =IF(AND(ISNUMBER(H30),SUM(COUNTIF(I30:K30,"c"),COUNTIF(O30:P30,"c"))=1),"Res Disc",IF(AND(H30="c",ISNUMBER(I30),ISNUMBER(J30),ISNUMBER(K30),ISNUMBER(O30),ISNUMBER(P30)),"Res Disc",IF(AND(COUNTIF(Q30:S30,"c")=1,ISNUMBER(P30)),"Res Disc",IF(AND(P30="c",ISNUMBER(Q30),ISNUMBER(R30),ISNUMBER(S30)),"Res Disc",IF(AND(K30="c",ISNUMBER(L30),ISNUMBER(M30),ISNUMBER(N30)),"Res Disc",IF(AND(ISNUMBER(K30),COUNTIF(L30:N30,"c")=1),"Res Disc","")))))) | U30: =IF(T30<>"","",IF(SUM(COUNTIF(I30:K30,"c"),COUNTIF(O30:P30,"c"))>1,"",IF(OR(AND(H30="c",OR(I30="c",J30="c",K30="c",O30="c",P30="c")),AND(H30<>"",I30="c",J30="c",K30="c",O30="c",P30="c"),AND(H30<>"",I30="",J30="",K30="",O30="",P30="")),"",IF(ABS(SUM(I30:K30,O30:P30)-SUM(H30))>0.9,SUM(I30:K30,O30:P30)-SUM(H30),"")))) | V30: =IF(T30<>"","",IF(OR(AND(K30="c",OR(L30="c",N30="c",M30="c")),AND(K30<>"",L30="c",M30="c",N30="c"),AND(K30<>"",L30="",N30="",M30="")),"",IF(COUNTIF(L30:N30,"c")>1,"",IF(ABS(SUM(L30:N30)-SUM(K30))>0.9,SUM(L30:N30)-SUM(K30),"")))) | W30: =IF(T30<>"","",IF(OR(AND(P30="c",OR(Q30="c",S30="c",R30="c")),AND(P30<>"",Q30="c",R30="c",S30="c"),AND(P30<>"",Q30="",S30="",R30="")),"",IF(COUNTIF(Q30:S30,"c")>1,"",IF(ABS(SUM(Q30:S30)-SUM(P30))>0.9,SUM(Q30:S30)-SUM(P30),""))))
B31: .314 | D31: .A | E31: 11 | F31: AW | G31: Aruba | H31: ='Table 1'!H31 -> 30.479599 | J31: ='[1]Data CPIS- Banking'!$F12 -> 25 | K31: =IF(AND(L31="",M31="",N31=""),"",IF(OR(L31="c",M31="c",N31="c"),"c",SUM(L31:N31))) -> 5.479599 | L31: ='[1]Data CPIS- Insurance'!$F12 -> 5.479599 | N31: ='[1]Data CPIS-Securities'!$F12 -> 0 | P31: =IF(AND(Q31="",R31="",S31=""),"",IF(OR(Q31="c",R31="c",S31="c"),"c",SUM(Q31:S31))) | T31: =IF(AND(ISNUMBER(H31),SUM(COUNTIF(I31:K31,"c"),COUNTIF(O31:P31,"c"))=1),"Res Disc",IF(AND(H31="c",ISNUMBER(I31),ISNUMBER(J31),ISNUMBER(K31),ISNUMBER(O31),ISNUMBER(P31)),"Res Disc",IF(AND(COUNTIF(Q31:S31,"c")=1,ISNUMBER(P31)),"Res Disc",IF(AND(P31="c",ISNUMBER(Q31),ISNUMBER(R31),ISNUMBER(S31)),"Res Disc",IF(AND(K31="c",ISNUMBER(L31),ISNUMBER(M31),ISNUMBER(N31)),"Res Disc",IF(AND(ISNUMBER(K31),COUNTIF(L31:N31,"c")=1),"Res Disc","")))))) | U31: =IF(T31<>"","",IF(SUM(COUNTIF(I31:K31,"c"),COUNTIF(O31:P31,"c"))>1,"",IF(OR(AND(H31="c",OR(I31="c",J31="c",K31="c",O31="c",P31="c")),AND(H31<>"",I31="c",J31="c",K31="c",O31="c",P31="c"),AND(H31<>"",I31="",J31="",K31="",O31="",P31="")),"",IF(ABS(SUM(I31:K31,O31:P31)-SUM(H31))>0.9,SUM(I31:K31,O31:P31)-SUM(H31),"")))) | V31: =IF(T31<>"","",IF(OR(AND(K31="c",OR(L31="c",N31="c",M31="c")),AND(K31<>"",L31="c",M31="c",N31="c"),AND(K31<>"",L31="",N31="",M31="")),"",IF(COUNTIF(L31:N31,"c")>1,"",IF(ABS(SUM(L31:N31)-SUM(K31))>0.9,SUM(L31:N31)-SUM(K31),"")))) | W31: =IF(T31<>"","",IF(OR(AND(P31="c",OR(Q31="c",S31="c",R31="c")),AND(P31<>"",Q31="c",R31="c",S31="c"),AND(P31<>"",Q31="",S31="",R31="")),"",IF(COUNTIF(Q31:S31,"c")>1,"",IF(ABS(SUM(Q31:S31)-SUM(P31))>0.9,SUM(Q31:S31)-SUM(P31),""))))
B32: .193 | D32: .A | E32: 12 | F32: AU | G32: Australia | H32: ='Table 1'!H32 -> 13909.867 | J32: ='[1]Data CPIS- Banking'!$F13 -> 888 | K32: =IF(AND(L32="",M32="",N32=""),"",IF(OR(L32="c",M32="c",N32="c"),"c",SUM(L32:N32))) -> 13021.867 | L32: ='[1]Data CPIS- Insurance'!$F13 -> 288.40251 | N32: ='[1]Data CPIS-Securities'!$F13 -> 12733.464 | P32: =IF(AND(Q32="",R32="",S32=""),"",IF(OR(Q32="c",R32="c",S32="c"),"c",SUM(Q32:S32))) | T32: =IF(AND(ISNUMBER(H32),SUM(COUNTIF(I32:K32,"c"),COUNTIF(O32:P32,"c"))=1),"Res Disc",IF(AND(H32="c",ISNUMBER(I32),ISNUMBER(J32),ISNUMBER(K32),ISNUMBER(O32),ISNUMBER(P32)),"Res Disc",IF(AND(COUNTIF(Q32:S32,"c")=1,ISNUMBER(P32)),"Res Disc",IF(AND(P32="c",ISNUMBER(Q32),ISNUMBER(R32),ISNUMBER(S32)),"Res Disc",IF(AND(K32="c",ISNUMBER(L32),ISNUMBER(M32),ISNUMBER(N32)),"Res Disc",IF(AND(ISNUMBER(K32),COUNTIF(L32:N32,"c")=1),"Res Disc","")))))) | U32: =IF(T32<>"","",IF(SUM(COUNTIF(I32:K32,"c"),COUNTIF(O32:P32,"c"))>1,"",IF(OR(AND(H32="c",OR(I32="c",J32="c",K32="c",O32="c",P32="c")),AND(H32<>"",I32="c",J32="c",K32="c",O32="c",P32="c"),AND(H32<>"",I32="",J32="",K32="",O32="",P32="")),"",IF(ABS(SUM(I32:K32,O32:P32)-SUM(H32))>0.9,SUM(I32:K32,O32:P32)-SUM(H32),"")))) | V32: =IF(T32<>"","",IF(OR(AND(K32="c",OR(L32="c",N32="c",M32="c")),AND(K32<>"",L32="c",M32="c",N32="c"),AND(K32<>"",L32="",N32="",M32="")),"",IF(COUNTIF(L32:N32,"c")>1,"",IF(ABS(SUM(L32:N32)-SUM(K32))>0.9,SUM(L32:N32)-SUM(K32),"")))) | W32: =IF(T32<>"","",IF(OR(AND(P32="c",OR(Q32="c",S32="c",R32="c")),AND(P32<>"",Q32="c",R32="c",S32="c"),AND(P32<>"",Q32="",S32="",R32="")),"",IF(COUNTIF(Q32:S32,"c")>1,"",IF(ABS(SUM(Q32:S32)-SUM(P32))>0.9,SUM(Q32:S32)-SUM(P32),""))))
... B57: .624 | D57: .A | E57: 37 | F57: CV | G57: Cabo Verde | H57: ='Table 1'!H57 -> 3.218566 | J57: ='[1]Data CPIS- Banking'!$F38 -> 0 | K57: =IF(AND(L57="",M57="",N57=""),"",IF(OR(L57="c",M57="c",N57="c"),"c",SUM(L57:N57))) -> 3.218566 | L57: ='[1]Data CPIS- Insurance'!$F38 -> 0 | N57: ='[1]Data CPIS-Securities'!$F38 -> 3.218566 | P57: =IF(AND(Q57="",R57="",S57=""),"",IF(OR(Q57="c",R57="c",S57="c"),"c",SUM(Q57:S57))) | T57: =IF(AND(ISNUMBER(H57),SUM(COUNTIF(I57:K57,"c"),COUNTIF(O57:P57,"c"))=1),"Res Disc",IF(AND(H57="c",ISNUMBER(I57),ISNUMBER(J57),ISNUMBER(K57),ISNUMBER(O57),ISNUMBER(P57)),"Res Disc",IF(AND(COUNTIF(Q57:S57,"c")=1,ISNUMBER(P57)),"Res Disc",IF(AND(P57="c",ISNUMBER(Q57),ISNUMBER(R57),ISNUMBER(S57)),"Res Disc",IF(AND(K57="c",ISNUMBER(L57),ISNUMBER(M57),ISNUMBER(N57)),"Res Disc",IF(AND(ISNUMBER(K57),COUNTIF(L57:N57,"c")=1),"Res Disc","")))))) | U57: =IF(T57<>"","",IF(SUM(COUNTIF(I57:K57,"c"),COUNTIF(O57:P57,"c"))>1,"",IF(OR(AND(H57="c",OR(I57="c",J57="c",K57="c",O57="c",P57="c")),AND(H57<>"",I57="c",J57="c",K57="c",O57="c",P57="c"),AND(H57<>"",I57="",J57="",K57="",O57="",P57="")),"",IF(ABS(SUM(I57:K57,O57:P57)-SUM(H57))>0.9,SUM(I57:K57,O57:P57)-SUM(H57),"")))) | V57: =IF(T57<>"","",IF(OR(AND(K57="c",OR(L57="c",N57="c",M57="c")),AND(K57<>"",L57="c",M57="c",N57="c"),AND(K57<>"",L57="",N57="",M57="")),"",IF(COUNTIF(L57:N57,"c")>1,"",IF(ABS(SUM(L57:N57)-SUM(K57))>0.9,SUM(L57:N57)-SUM(K57),"")))) | W57: =IF(T57<>"","",IF(OR(AND(P57="c",OR(Q57="c",S57="c",R57="c")),AND(P57<>"",Q57="c",R57="c",S57="c"),AND(P57<>"",Q57="",S57="",R57="")),"",IF(COUNTIF(Q57:S57,"c")>1,"",IF(ABS(SUM(Q57:S57)-SUM(P57))>0.9,SUM(Q57:S57)-SUM(P57),""))))
B58: .156 | D58: .A | E58: 38 | F58: CA | G58: Canada | H58: ='Table 1'!H58 -> 53041.761 | J58: ='[1]Data CPIS- Banking'!$F39 -> 168 | K58: =IF(AND(L58="",M58="",N58=""),"",IF(OR(L58="c",M58="c",N58="c"),"c",SUM(L58:N58))) -> 52873.761 | L58: ='[1]Data CPIS- Insurance'!$F39-M58 -> 696.36347 | M58: ='Table 3.2'!M58 -> 127.75275 | N58: ='[1]Data CPIS-Securities'!$F39 -> 52049.645 | P58: =IF(AND(Q58="",R58="",S58=""),"",IF(OR(Q58="c",R58="c",S58="c"),"c",SUM(Q58:S58))) | T58: =IF(AND(ISNUMBER(H58),SUM(COUNTIF(I58:K58,"c"),COUNTIF(O58:P58,"c"))=1),"Res Disc",IF(AND(H58="c",ISNUMBER(I58),ISNUMBER(J58),ISNUMBER(K58),ISNUMBER(O58),ISNUMBER(P58)),"Res Disc",IF(AND(COUNTIF(Q58:S58,"c")=1,ISNUMBER(P58)),"Res Disc",IF(AND(P58="c",ISNUMBER(Q58),ISNUMBER(R58),ISNUMBER(S58)),"Res Disc",IF(AND(K58="c",ISNUMBER(L58),ISNUMBER(M58),ISNUMBER(N58)),"Res Disc",IF(AND(ISNUMBER(K58),COUNTIF(L58:N58,"c")=1),"Res Disc","")))))) | U58: =IF(T58<>"","",IF(SUM(COUNTIF(I58:K58,"c"),COUNTIF(O58:P58,"c"))>1,"",IF(OR(AND(H58="c",OR(I58="c",J58="c",K58="c",O58="c",P58="c")),AND(H58<>"",I58="c",J58="c",K58="c",O58="c",P58="c"),AND(H58<>"",I58="",J58="",K58="",O58="",P58="")),"",IF(ABS(SUM(I58:K58,O58:P58)-SUM(H58))>0.9,SUM(I58:K58,O58:P58)-SUM(H58),"")))) | V58: =IF(T58<>"","",IF(OR(AND(K58="c",OR(L58="c",N58="c",M58="c")),AND(K58<>"",L58="c",M58="c",N58="c"),AND(K58<>"",L58="",N58="",M58="")),"",IF(COUNTIF(L58:N58,"c")>1,"",IF(ABS(SUM(L58:N58)-SUM(K58))>0.9,SUM(L58:N58)-SUM(K58),"")))) | W58: =IF(T58<>"","",IF(OR(AND(P58="c",OR(Q58="c",S58="c",R58="c")),AND(P58<>"",Q58="c",R58="c",S58="c"),AND(P58<>"",Q58="",S58="",R58="")),"",IF(COUNTIF(Q58:S58,"c")>1,"",IF(ABS(SUM(Q58:S58)-SUM(P58))>0.9,SUM(Q58:S58)-SUM(P58),""))))
B59: .377 | D59: .A | E59: 39 | F59: KY | G59: Cayman Islands | H59: ='Table 1'!H59 -> 0 | J59: 0 | K59: =IF(AND(L59="",M59="",N59=""),"",IF(OR(L59="c",M59="c",N59="c"),"c",SUM(L59:N59))) -> 0 | L59: 0 | N59: 0 | P59: =IF(AND(Q59="",R59="",S59=""),"",IF(OR(Q59="c",R59="c",S59="c"),"c",SUM(Q59:S59))) | T59: =IF(AND(ISNUMBER(H59),SUM(COUNTIF(I59:K59,"c"),COUNTIF(O59:P59,"c"))=1),"Res Disc",IF(AND(H59="c",ISNUMBER(I59),ISNUMBER(J59),ISNUMBER(K59),ISNUMBER(O59),ISNUMBER(P59)),"Res Disc",IF(AND(COUNTIF(Q59:S59,"c")=1,ISNUMBER(P59)),"Res Disc",IF(AND(P59="c",ISNUMBER(Q59),ISNUMBER(R59),ISNUMBER(S59)),"Res Disc",IF(AND(K59="c",ISNUMBER(L59),ISNUMBER(M59),ISNUMBER(N59)),"Res Disc",IF(AND(ISNUMBER(K59),COUNTIF(L59:N59,"c")=1),"Res Disc","")))))) | U59: =IF(T59<>"","",IF(SUM(COUNTIF(I59:K59,"c"),COUNTIF(O59:P59,"c"))>1,"",IF(OR(AND(H59="c",OR(I59="c",J59="c",K59="c",O59="c",P59="c")),AND(H59<>"",I59="c",J59="c",K59="c",O59="c",P59="c"),AND(H59<>"",I59="",J59="",K59="",O59="",P59="")),"",IF(ABS(SUM(I59:K59,O59:P59)-SUM(H59))>0.9,SUM(I59:K59,O59:P59)-SUM(H59),"")))) | V59: =IF(T59<>"","",IF(OR(AND(K59="c",OR(L59="c",N59="c",M59="c")),AND(K59<>"",L59="c",M59="c",N59="c"),AND(K59<>"",L59="",N59="",M59="")),"",IF(COUNTIF(L59:N59,"c")>1,"",IF(ABS(SUM(L59:N59)-SUM(K59))>0.9,SUM(L59:N59)-SUM(K59),"")))) | W59: =IF(T59<>"","",IF(OR(AND(P59="c",OR(Q59="c",S59="c",R59="c")),AND(P59<>"",Q59="c",R59="c",S59="c"),AND(P59<>"",Q59="",S59="",R59="")),"",IF(COUNTIF(Q59:S59,"c")>1,"",IF(ABS(SUM(Q59:S59)-SUM(P59))>0.9,SUM(Q59:S59)-SUM(P59),""))))
B60: .626 | D60: .A | E60: 40 | F60: CF | G60: Central African Republic | H60: ='Table 1'!H60 -> 0 | J60: ='[1]Data CPIS- Banking'!$F41 -> 0 | K60: =IF(AND(L60="",M60="",N60=""),"",IF(OR(L60="c",M60="c",N60="c"),"c",SUM(L60:N60))) -> 0 | L60: ='[1]Data CPIS- Insurance'!$F41 -> 0 | N60: ='[1]Data CPIS-Securities'!$F41 -> 0 | P60: =IF(AND(Q60="",R60="",S60=""),"",IF(OR(Q60="c",R60="c",S60="c"),"c",SUM(Q60:S60))) | T60: =IF(AND(ISNUMBER(H60),SUM(COUNTIF(I60:K60,"c"),COUNTIF(O60:P60,"c"))=1),"Res Disc",IF(AND(H60="c",ISNUMBER(I60),ISNUMBER(J60),ISNUMBER(K60),ISNUMBER(O60),ISNUMBER(P60)),"Res Disc",IF(AND(COUNTIF(Q60:S60,"c")=1,ISNUMBER(P60)),"Res Disc",IF(AND(P60="c",ISNUMBER(Q60),ISNUMBER(R60),ISNUMBER(S60)),"Res Disc",IF(AND(K60="c",ISNUMBER(L60),ISNUMBER(M60),ISNUMBER(N60)),"Res Disc",IF(AND(ISNUMBER(K60),COUNTIF(L60:N60,"c")=1),"Res Disc","")))))) | U60: =IF(T60<>"","",IF(SUM(COUNTIF(I60:K60,"c"),COUNTIF(O60:P60,"c"))>1,"",IF(OR(AND(H60="c",OR(I60="c",J60="c",K60="c",O60="c",P60="c")),AND(H60<>"",I60="c",J60="c",K60="c",O60="c",P60="c"),AND(H60<>"",I60="",J60="",K60="",O60="",P60="")),"",IF(ABS(SUM(I60:K60,O60:P60)-SUM(H60))>0.9,SUM(I60:K60,O60:P60)-SUM(H60),"")))) | V60: =IF(T60<>"","",IF(OR(AND(K60="c",OR(L60="c",N60="c",M60="c")),AND(K60<>"",L60="c",M60="c",N60="c"),AND(K60<>"",L60="",N60="",M60="")),"",IF(COUNTIF(L60:N60,"c")>1,"",IF(ABS(SUM(L60:N60)-SUM(K60))>0.9,SUM(L60:N60)-SUM(K60),"")))) | W60: =IF(T60<>"","",IF(OR(AND(P60="c",OR(Q60="c",S60="c",R60="c")),AND(P60<>"",Q60="c",R60="c",S60="c"),AND(P60<>"",Q60="",S60="",R60="")),"",IF(COUNTIF(Q60:S60,"c")>1,"",IF(ABS(SUM(Q60:S60)-SUM(P60))>0.9,SUM(Q60:S60)-SUM(P60),""))))
B61: .628 | D61: .A | E61: 41 | F61: TD | G61: Chad | H61: ='Table 1'!H61 -> 0 | J61: ='[1]Data CPIS- Banking'!$F42 -> 0 | K61: =IF(AND(L61="",M61="",N61=""),"",IF(OR(L61="c",M61="c",N61="c"),"c",SUM(L61:N61))) -> 0 | L61: ='[1]Data CPIS- Insurance'!$F42 -> 0 | N61: ='[1]Data CPIS-Securities'!$F42 -> 0 | P61: =IF(AND(Q61="",R61="",S61=""),"",IF(OR(Q61="c",R61="c",S61="c"),"c",SUM(Q61:S61))) | T61: =IF(AND(ISNUMBER(H61),SUM(COUNTIF(I61:K61,"c"),COUNTIF(O61:P61,"c"))=1),"Res Disc",IF(AND(H61="c",ISNUMBER(I61),ISNUMBER(J61),ISNUMBER(K61),ISNUMBER(O61),ISNUMBER(P61)),"Res Disc",IF(AND(COUNTIF(Q61:S61,"c")=1,ISNUMBER(P61)),"Res Disc",IF(AND(P61="c",ISNUMBER(Q61),ISNUMBER(R61),ISNUMBER(S61)),"Res Disc",IF(AND(K61="c",ISNUMBER(L61),ISNUMBER(M61),ISNUMBER(N61)),"Res Disc",IF(AND(ISNUMBER(K61),COUNTIF(L61:N61,"c")=1),"Res Disc","")))))) | U61: =IF(T61<>"","",IF(SUM(COUNTIF(I61:K61,"c"),COUNTIF(O61:P61,"c"))>1,"",IF(OR(AND(H61="c",OR(I61="c",J61="c",K61="c",O61="c",P61="c")),AND(H61<>"",I61="c",J61="c",K61="c",O61="c",P61="c"),AND(H61<>"",I61="",J61="",K61="",O61="",P61="")),"",IF(ABS(SUM(I61:K61,O61:P61)-SUM(H61))>0.9,SUM(I61:K61,O61:P61)-SUM(H61),"")))) | V61: =IF(T61<>"","",IF(OR(AND(K61="c",OR(L61="c",N61="c",M61="c")),AND(K61<>"",L61="c",M61="c",N61="c"),AND(K61<>"",L61="",N61="",M61="")),"",IF(COUNTIF(L61:N61,"c")>1,"",IF(ABS(SUM(L61:N61)-SUM(K61))>0.9,SUM(L61:N61)-SUM(K61),"")))) | W61: =IF(T61<>"","",IF(OR(AND(P61="c",OR(Q61="c",S61="c",R61="c")),AND(P61<>"",Q61="c",R61="c",S61="c"),AND(P61<>"",Q61="",S61="",R61="")),"",IF(COUNTIF(Q61:S61,"c")>1,"",IF(ABS(SUM(Q61:S61)-SUM(P61))>0.9,SUM(Q61:S61)-SUM(P61),""))))
B62: .228 | D62: .A | E62: 42 | F62: CL | G62: Chile | H62: ='Table 1'!H62 -> 486.88594 | J62: ='[1]Data CPIS- Banking'!$F43 -> 203 | K62: =IF(AND(L62="",M62="",N62=""),"",IF(OR(L62="c",M62="c",N62="c"),"c",SUM(L62:N62))) -> 283.88594 | L62: ='[1]Data CPIS- Insurance'!$F43 -> 58.981148 | N62: ='[1]Data CPIS-Securities'!$F43 -> 224.90479 | P62: =IF(AND(Q62="",R62="",S62=""),"",IF(OR(Q62="c",R62="c",S62="c"),"c",SUM(Q62:S62))) | T62: =IF(AND(ISNUMBER(H62),SUM(COUNTIF(I62:K62,"c"),COUNTIF(O62:P62,"c"))=1),"Res Disc",IF(AND(H62="c",ISNUMBER(I62),ISNUMBER(J62),ISNUMBER(K62),ISNUMBER(O62),ISNUMBER(P62)),"Res Disc",IF(AND(COUNTIF(Q62:S62,"c")=1,ISNUMBER(P62)),"Res Disc",IF(AND(P62="c",ISNUMBER(Q62),ISNUMBER(R62),ISNUMBER(S62)),"Res Disc",IF(AND(K62="c",ISNUMBER(L62),ISNUMBER(M62),ISNUMBER(N62)),"Res Disc",IF(AND(ISNUMBER(K62),COUNTIF(L62:N62,"c")=1),"Res Disc","")))))) | U62: =IF(T62<>"","",IF(SUM(COUNTIF(I62:K62,"c"),COUNTIF(O62:P62,"c"))>1,"",IF(OR(AND(H62="c",OR(I62="c",J62="c",K62="c",O62="c",P62="c")),AND(H62<>"",I62="c",J62="c",K62="c",O62="c",P62="c"),AND(H62<>"",I62="",J62="",K62="",O62="",P62="")),"",IF(ABS(SUM(I62:K62,O62:P62)-SUM(H62))>0.9,SUM(I62:K62,O62:P62)-SUM(H62),"")))) | V62: =IF(T62<>"","",IF(OR(AND(K62="c",OR(L62="c",N62="c",M62="c")),AND(K62<>"",L62="c",M62="c",N62="c"),AND(K62<>"",L62="",N62="",M62="")),"",IF(COUNTIF(L62:N62,"c")>1,"",IF(ABS(SUM(L62:N62)-SUM(K62))>0.9,SUM(L62:N62)-SUM(K62),"")))) | W62: =IF(T62<>"","",IF(OR(AND(P62="c",OR(Q62="c",S62="c",R62="c")),AND(P62<>"",Q62="c",R62="c",S62="c"),AND(P62<>"",Q62="",S62="",R62="")),"",IF(COUNTIF(Q62:S62,"c")>1,"",IF(ABS(SUM(Q62:S62)-SUM(P62))>0.9,SUM(Q62:S62)-SUM(P62),""))))
B63: .532 | D63: .A | E63: 43 | F63: HK | G63: China, P.R.: Hong Kong | H63: ='Table 1'!H63 -> 22140.905 | J63: ='[1]Data CPIS- Banking'!$F44 -> 0 | K63: =IF(AND(L63="",M63="",N63=""),"",IF(OR(L63="c",M63="c",N63="c"),"c",SUM(L63:N63))) -> 22140.905 | L63: ='[1]Data CPIS- Insurance'!$F44 -> 38.496469 | N63: ='[1]Data CPIS-Securities'!$F44 -> 22102.408 | P63: =IF(AND(Q63="",R63="",S63=""),"",IF(OR(Q63="c",R63="c",S63="c"),"c",SUM(Q63:S63))) | T63: =IF(AND(ISNUMBER(H63),SUM(COUNTIF(I63:K63,"c"),COUNTIF(O63:P63,"c"))=1),"Res Disc",IF(AND(H63="c",ISNUMBER(I63),ISNUMBER(J63),ISNUMBER(K63),ISNUMBER(O63),ISNUMBER(P63)),"Res Disc",IF(AND(COUNTIF(Q63:S63,"c")=1,ISNUMBER(P63)),"Res Disc",IF(AND(P63="c",ISNUMBER(Q63),ISNUMBER(R63),ISNUMBER(S63)),"Res Disc",IF(AND(K63="c",ISNUMBER(L63),ISNUMBER(M63),ISNUMBER(N63)),"Res Disc",IF(AND(ISNUMBER(K63),COUNTIF(L63:N63,"c")=1),"Res Disc","")))))) | U63: =IF(T63<>"","",IF(SUM(COUNTIF(I63:K63,"c"),COUNTIF(O63:P63,"c"))>1,"",IF(OR(AND(H63="c",OR(I63="c",J63="c",K63="c",O63="c",P63="c")),AND(H63<>"",I63="c",J63="c",K63="c",O63="c",P63="c"),AND(H63<>"",I63="",J63="",K63="",O63="",P63="")),"",IF(ABS(SUM(I63:K63,O63:P63)-SUM(H63))>0.9,SUM(I63:K63,O63:P63)-SUM(H63),"")))) | V63: =IF(T63<>"","",IF(OR(AND(K63="c",OR(L63="c",N63="c",M63="c")),AND(K63<>"",L63="c",M63="c",N63="c"),AND(K63<>"",L63="",N63="",M63="")),"",IF(COUNTIF(L63:N63,"c")>1,"",IF(ABS(SUM(L63:N63)-SUM(K63))>0.9,SUM(L63:N63)-SUM(K63),"")))) | W63: =IF(T63<>"","",IF(OR(AND(P63="c",OR(Q63="c",S63="c",R63="c")),AND(P63<>"",Q63="c",R63="c",S63="c"),AND(P63<>"",Q63="",S63="",R63="")),"",IF(COUNTIF(Q63:S63,"c")>1,"",IF(ABS(SUM(Q63:S63)-SUM(P63))>0.9,SUM(Q63:S63)-SUM(P63),""))))
B64: .546 | D64: .A | E64: 44 | F64: MO | G64: China, P.R.: Macao | H64: ='Table 1'!H64 -> 52.344986 | J64: ='[1]Data CPIS- Banking'!$F45 -> 0 | K64: =IF(AND(L64="",M64="",N64=""),"",IF(OR(L64="c",M64="c",N64="c"),"c",SUM(L64:N64))) -> 52.344986 | L64: ='[1]Data CPIS- Insurance'!$F45 -> 1.608324 | N64: ='[1]Data CPIS-Securities'!$F45 -> 50.736662 | P64: =IF(AND(Q64="",R64="",S64=""),"",IF(OR(Q64="c",R64="c",S64="c"),"c",SUM(Q64:S64))) | T64: =IF(AND(ISNUMBER(H64),SUM(COUNTIF(I64:K64,"c"),COUNTIF(O64:P64,"c"))=1),"Res Disc",IF(AND(H64="c",ISNUMBER(I64),ISNUMBER(J64),ISNUMBER(K64),ISNUMBER(O64),ISNUMBER(P64)),"Res Disc",IF(AND(COUNTIF(Q64:S64,"c")=1,ISNUMBER(P64)),"Res Disc",IF(AND(P64="c",ISNUMBER(Q64),ISNUMBER(R64),ISNUMBER(S64)),"Res Disc",IF(AND(K64="c",ISNUMBER(L64),ISNUMBER(M64),ISNUMBER(N64)),"Res Disc",IF(AND(ISNUMBER(K64),COUNTIF(L64:N64,"c")=1),"Res Disc","")))))) | U64: =IF(T64<>"","",IF(SUM(COUNTIF(I64:K64,"c"),COUNTIF(O64:P64,"c"))>1,"",IF(OR(AND(H64="c",OR(I64="c",J64="c",K64="c",O64="c",P64="c")),AND(H64<>"",I64="c",J64="c",K64="c",O64="c",P64="c"),AND(H64<>"",I64="",J64="",K64="",O64="",P64="")),"",IF(ABS(SUM(I64:K64,O64:P64)-SUM(H64))>0.9,SUM(I64:K64,O64:P64)-SUM(H64),"")))) | V64: =IF(T64<>"","",IF(OR(AND(K64="c",OR(L64="c",N64="c",M64="c")),AND(K64<>"",L64="c",M64="c",N64="c"),AND(K64<>"",L64="",N64="",M64="")),"",IF(COUNTIF(L64:N64,"c")>1,"",IF(ABS(SUM(L64:N64)-SUM(K64))>0.9,SUM(L64:N64)-SUM(K64),"")))) | W64: =IF(T64<>"","",IF(OR(AND(P64="c",OR(Q64="c",S64="c",R64="c")),AND(P64<>"",Q64="c",R64="c",S64="c"),AND(P64<>"",Q64="",S64="",R64="")),"",IF(COUNTIF(Q64:S64,"c")>1,"",IF(ABS(SUM(Q64:S64)-SUM(P64))>0.9,SUM(Q64:S64)-SUM(P64),""))))
B65: .924 | D65: .A | E65: 45 | F65: CN | G65: China, P.R.: Mainland | H65: ='Table 1'!H65 -> 145633.2 | J65: ='[1]Data CPIS- Banking'!$F46 -> 170 | K65: =IF(AND(L65="",M65="",N65=""),"",IF(OR(L65="c",M65="c",N65="c"),"c",SUM(L65:N65))) -> 145463.2 | L65: ='[1]Data CPIS- Insurance'!$F46 -> 47.628607 | N65: ='[1]Data CPIS-Securities'!$F46 -> 145415.57 | P65: =IF(AND(Q65="",R65="",S65=""),"",IF(OR(Q65="c",R65="c",S65="c"),"c",SUM(Q65:S65))) | T65: =IF(AND(ISNUMBER(H65),SUM(COUNTIF(I65:K65,"c"),COUNTIF(O65:P65,"c"))=1),"Res Disc",IF(AND(H65="c",ISNUMBER(I65),ISNUMBER(J65),ISNUMBER(K65),ISNUMBER(O65),ISNUMBER(P65)),"Res Disc",IF(AND(COUNTIF(Q65:S65,"c")=1,ISNUMBER(P65)),"Res Disc",IF(AND(P65="c",ISNUMBER(Q65),ISNUMBER(R65),ISNUMBER(S65)),"Res Disc",IF(AND(K65="c",ISNUMBER(L65),ISNUMBER(M65),ISNUMBER(N65)),"Res Disc",IF(AND(ISNUMBER(K65),COUNTIF(L65:N65,"c")=1),"Res Disc","")))))) | U65: =IF(T65<>"","",IF(SUM(COUNTIF(I65:K65,"c"),COUNTIF(O65:P65,"c"))>1,"",IF(OR(AND(H65="c",OR(I65="c",J65="c",K65="c",O65="c",P65="c")),AND(H65<>"",I65="c",J65="c",K65="c",O65="c",P65="c"),AND(H65<>"",I65="",J65="",K65="",O65="",P65="")),"",IF(ABS(SUM(I65:K65,O65:P65)-SUM(H65))>0.9,SUM(I65:K65,O65:P65)-SUM(H65),"")))) | V65: =IF(T65<>"","",IF(OR(AND(K65="c",OR(L65="c",N65="c",M65="c")),AND(K65<>"",L65="c",M65="c",N65="c"),AND(K65<>"",L65="",N65="",M65="")),"",IF(COUNTIF(L65:N65,"c")>1,"",IF(ABS(SUM(L65:N65)-SUM(K65))>0.9,SUM(L65:N65)-SUM(K65),"")))) | W65: =IF(T65<>"","",IF(OR(AND(P65="c",OR(Q65="c",S65="c",R65="c")),AND(P65<>"",Q65="c",R65="c",S65="c"),AND(P65<>"",Q65="",S65="",R65="")),"",IF(COUNTIF(Q65:S65,"c")>1,"",IF(ABS(SUM(Q65:S65)-SUM(P65))>0.9,SUM(Q65:S65)-SUM(P65),""))))
B66: .814 | D66: .A | E66: 46 | F66: CX | G66: Christmas Island | H66: ='Table 1'!H66 -> 25.679247 | J66: ='[1]Data CPIS- Banking'!$F47 -> 0 | K66: =IF(AND(L66="",M66="",N66=""),"",IF(OR(L66="c",M66="c",N66="c"),"c",SUM(L66:N66))) -> 25.679247 | L66: ='[1]Data CPIS- Insurance'!$F47 -> 0 | N66: ='[1]Data CPIS-Securities'!$F47 -> 25.679247 | P66: =IF(AND(Q66="",R66="",S66=""),"",IF(OR(Q66="c",R66="c",S66="c"),"c",SUM(Q66:S66))) | T66: =IF(AND(ISNUMBER(H66),SUM(COUNTIF(I66:K66,"c"),COUNTIF(O66:P66,"c"))=1),"Res Disc",IF(AND(H66="c",ISNUMBER(I66),ISNUMBER(J66),ISNUMBER(K66),ISNUMBER(O66),ISNUMBER(P66)),"Res Disc",IF(AND(COUNTIF(Q66:S66,"c")=1,ISNUMBER(P66)),"Res Disc",IF(AND(P66="c",ISNUMBER(Q66),ISNUMBER(R66),ISNUMBER(S66)),"Res Disc",IF(AND(K66="c",ISNUMBER(L66),ISNUMBER(M66),ISNUMBER(N66)),"Res Disc",IF(AND(ISNUMBER(K66),COUNTIF(L66:N66,"c")=1),"Res Disc","")))))) | U66: =IF(T66<>"","",IF(SUM(COUNTIF(I66:K66,"c"),COUNTIF(O66:P66,"c"))>1,"",IF(OR(AND(H66="c",OR(I66="c",J66="c",K66="c",O66="c",P66="c")),AND(H66<>"",I66="c",J66="c",K66="c",O66="c",P66="c"),AND(H66<>"",I66="",J66="",K66="",O66="",P66="")),"",IF(ABS(SUM(I66:K66,O66:P66)-SUM(H66))>0.9,SUM(I66:K66,O66:P66)-SUM(H66),"")))) | V66: =IF(T66<>"","",IF(OR(AND(K66="c",OR(L66="c",N66="c",M66="c")),AND(K66<>"",L66="c",M66="c",N66="c"),AND(K66<>"",L66="",N66="",M66="")),"",IF(COUNTIF(L66:N66,"c")>1,"",IF(ABS(SUM(L66:N66)-SUM(K66))>0.9,SUM(L66:N66)-SUM(K66),"")))) | W66: =IF(T66<>"","",IF(OR(AND(P66="c",OR(Q66="c",S66="c",R66="c")),AND(P66<>"",Q66="c",R66="c",S66="c"),AND(P66<>"",Q66="",S66="",R66="")),"",IF(COUNTIF(Q66:S66,"c")>1,"",IF(ABS(SUM(Q66:S66)-SUM(P66))>0.9,SUM(Q66:S66)-SUM(P66),""))))
B67: .865 | D67: .A | E67: 47 | F67: CC | G67: Cocos (Keeling) Islands | H67: ='Table 1'!H67 -> 0 | J67: ='[1]Data CPIS- Banking'!$F48 -> 0 | K67: =IF(AND(L67="",M67="",N67=""),"",IF(OR(L67="c",M67="c",N67="c"),"c",SUM(L67:N67))) -> 0 | L67: ='[1]Data CPIS- Insurance'!$F48 -> 0 | N67: ='[1]Data CPIS-Securities'!$F48 -> 0 | P67: =IF(AND(Q67="",R67="",S67=""),"",IF(OR(Q67="c",R67="c",S67="c"),"c",SUM(Q67:S67))) | T67: =IF(AND(ISNUMBER(H67),SUM(COUNTIF(I67:K67,"c"),COUNTIF(O67:P67,"c"))=1),"Res Disc",IF(AND(H67="c",ISNUMBER(I67),ISNUMBER(J67),ISNUMBER(K67),ISNUMBER(O67),ISNUMBER(P67)),"Res Disc",IF(AND(COUNTIF(Q67:S67,"c")=1,ISNUMBER(P67)),"Res Disc",IF(AND(P67="c",ISNUMBER(Q67),ISNUMBER(R67),ISNUMBER(S67)),"Res Disc",IF(AND(K67="c",ISNUMBER(L67),ISNUMBER(M67),ISNUMBER(N67)),"Res Disc",IF(AND(ISNUMBER(K67),COUNTIF(L67:N67,"c")=1),"Res Disc","")))))) | U67: =IF(T67<>"","",IF(SUM(COUNTIF(I67:K67,"c"),COUNTIF(O67:P67,"c"))>1,"",IF(OR(AND(H67="c",OR(I67="c",J67="c",K67="c",O67="c",P67="c")),AND(H67<>"",I67="c",J67="c",K67="c",O67="c",P67="c"),AND(H67<>"",I67="",J67="",K67="",O67="",P67="")),"",IF(ABS(SUM(I67:K67,O67:P67)-SUM(H67))>0.9,SUM(I67:K67,O67:P67)-SUM(H67),"")))) | V67: =IF(T67<>"","",IF(OR(AND(K67="c",OR(L67="c",N67="c",M67="c")),AND(K67<>"",L67="c",M67="c",N67="c"),AND(K67<>"",L67="",N67="",M67="")),"",IF(COUNTIF(L67:N67,"c")>1,"",IF(ABS(SUM(L67:N67)-SUM(K67))>0.9,SUM(L67:N67)-SUM(K67),"")))) | W67: =IF(T67<>"","",IF(OR(AND(P67="c",OR(Q67="c",S67="c",R67="c")),AND(P67<>"",Q67="c",R67="c",S67="c"),AND(P67<>"",Q67="",S67="",R67="")),"",IF(COUNTIF(Q67:S67,"c")>1,"",IF(ABS(SUM(Q67:S67)-SUM(P67))>0.9,SUM(Q67:S67)-SUM(P67),""))))
B68: .233 | D68: .A | E68: 48 | F68: CO | G68: Colombia | H68: ='Table 1'!H68 -> 14936.652 | J68: ='[1]Data CPIS- Banking'!$F49 -> 67 | K68: =IF(AND(L68="",M68="",N68=""),"",IF(OR(L68="c",M68="c",N68="c"),"c",SUM(L68:N68))) -> 14869.652 | L68: ='[1]Data CPIS- Insurance'!$F49 -> 20.962011 | N68: ='[1]Data CPIS-Securities'!$F49 -> 14848.69 | P68: =IF(AND(Q68="",R68="",S68=""),"",IF(OR(Q68="c",R68="c",S68="c"),"c",SUM(Q68:S68))) | T68: =IF(AND(ISNUMBER(H68),SUM(COUNTIF(I68:K68,"c"),COUNTIF(O68:P68,"c"))=1),"Res Disc",IF(AND(H68="c",ISNUMBER(I68),ISNUMBER(J68),ISNUMBER(K68),ISNUMBER(O68),ISNUMBER(P68)),"Res Disc",IF(AND(COUNTIF(Q68:S68,"c")=1,ISNUMBER(P68)),"Res Disc",IF(AND(P68="c",ISNUMBER(Q68),ISNUMBER(R68),ISNUMBER(S68)),"Res Disc",IF(AND(K68="c",ISNUMBER(L68),ISNUMBER(M68),ISNUMBER(N68)),"Res Disc",IF(AND(ISNUMBER(K68),COUNTIF(L68:N68,"c")=1),"Res Disc","")))))) | U68: =IF(T68<>"","",IF(SUM(COUNTIF(I68:K68,"c"),COUNTIF(O68:P68,"c"))>1,"",IF(OR(AND(H68="c",OR(I68="c",J68="c",K68="c",O68="c",P68="c")),AND(H68<>"",I68="c",J68="c",K68="c",O68="c",P68="c"),AND(H68<>"",I68="",J68="",K68="",O68="",P68="")),"",IF(ABS(SUM(I68:K68,O68:P68)-SUM(H68))>0.9,SUM(I68:K68,O68:P68)-SUM(H68),"")))) | V68: =IF(T68<>"","",IF(OR(AND(K68="c",OR(L68="c",N68="c",M68="c")),AND(K68<>"",L68="c",M68="c",N68="c"),AND(K68<>"",L68="",N68="",M68="")),"",IF(COUNTIF(L68:N68,"c")>1,"",IF(ABS(SUM(L68:N68)-SUM(K68))>0.9,SUM(L68:N68)-SUM(K68),"")))) | W68: =IF(T68<>"","",IF(OR(AND(P68="c",OR(Q68="c",S68="c",R68="c")),AND(P68<>"",Q68="c",R68="c",S68="c"),AND(P68<>"",Q68="",S68="",R68="")),"",IF(COUNTIF(Q68:S68,"c")>1,"",IF(ABS(SUM(Q68:S68)-SUM(P68))>0.9,SUM(Q68:S68)-SUM(P68),""))))
B69: .632 | D69: .A | E69: 49 | F69: KM | G69: Comoros | H69: ='Table 1'!H69 -> 0 | J69: ='[1]Data CPIS- Banking'!$F50 -> 0 | K69: =IF(AND(L69="",M69="",N69=""),"",IF(OR(L69="c",M69="c",N69="c"),"c",SUM(L69:N69))) -> 0 | L69: ='[1]Data CPIS- Insurance'!$F50 -> 0 | N69: ='[1]Data CPIS-Securities'!$F50 -> 0 | P69: =IF(AND(Q69="",R69="",S69=""),"",IF(OR(Q69="c",R69="c",S69="c"),"c",SUM(Q69:S69))) | T69: =IF(AND(ISNUMBER(H69),SUM(COUNTIF(I69:K69,"c"),COUNTIF(O69:P69,"c"))=1),"Res Disc",IF(AND(H69="c",ISNUMBER(I69),ISNUMBER(J69),ISNUMBER(K69),ISNUMBER(O69),ISNUMBER(P69)),"Res Disc",IF(AND(COUNTIF(Q69:S69,"c")=1,ISNUMBER(P69)),"Res Disc",IF(AND(P69="c",ISNUMBER(Q69),ISNUMBER(R69),ISNUMBER(S69)),"Res Disc",IF(AND(K69="c",ISNUMBER(L69),ISNUMBER(M69),ISNUMBER(N69)),"Res Disc",IF(AND(ISNUMBER(K69),COUNTIF(L69:N69,"c")=1),"Res Disc","")))))) | U69: =IF(T69<>"","",IF(SUM(COUNTIF(I69:K69,"c"),COUNTIF(O69:P69,"c"))>1,"",IF(OR(AND(H69="c",OR(I69="c",J69="c",K69="c",O69="c",P69="c")),AND(H69<>"",I69="c",J69="c",K69="c",O69="c",P69="c"),AND(H69<>"",I69="",J69="",K69="",O69="",P69="")),"",IF(ABS(SUM(I69:K69,O69:P69)-SUM(H69))>0.9,SUM(I69:K69,O69:P69)-SUM(H69),"")))) | V69: =IF(T69<>"","",IF(OR(AND(K69="c",OR(L69="c",N69="c",M69="c")),AND(K69<>"",L69="c",M69="c",N69="c"),AND(K69<>"",L69="",N69="",M69="")),"",IF(COUNTIF(L69:N69,"c")>1,"",IF(ABS(SUM(L69:N69)-SUM(K69))>0.9,SUM(L69:N69)-SUM(K69),"")))) | W69: =IF(T69<>"","",IF(OR(AND(P69="c",OR(Q69="c",S69="c",R69="c")),AND(P69<>"",Q69="c",R69="c",S69="c"),AND(P69<>"",Q69="",S69="",R69="")),"",IF(COUNTIF(Q69:S69,"c")>1,"",IF(ABS(SUM(Q69:S69)-SUM(P69))>0.9,SUM(Q69:S69)-SUM(P69),""))))
B70: .636 | D70: .A | E70: 50 | F70: CD | G70: Congo, Dem. Rep. of | H70: ='Table 1'!H70 -> 20.089929 | J70: ='[1]Data CPIS- Banking'!$F51 -> 0 | K70: =IF(AND(L70="",M70="",N70=""),"",IF(OR(L70="c",M70="c",N70="c"),"c",SUM(L70:N70))) -> 20.089929 | L70: ='[1]Data CPIS- Insurance'!$F51 -> 0 | N70: ='[1]Data CPIS-Securities'!$F51 -> 20.089929 | P70: =IF(AND(Q70="",R70="",S70=""),"",IF(OR(Q70="c",R70="c",S70="c"),"c",SUM(Q70:S70))) | T70: =IF(AND(ISNUMBER(H70),SUM(COUNTIF(I70:K70,"c"),COUNTIF(O70:P70,"c"))=1),"Res Disc",IF(AND(H70="c",ISNUMBER(I70),ISNUMBER(J70),ISNUMBER(K70),ISNUMBER(O70),ISNUMBER(P70)),"Res Disc",IF(AND(COUNTIF(Q70:S70,"c")=1,ISNUMBER(P70)),"Res Disc",IF(AND(P70="c",ISNUMBER(Q70),ISNUMBER(R70),ISNUMBER(S70)),"Res Disc",IF(AND(K70="c",ISNUMBER(L70),ISNUMBER(M70),ISNUMBER(N70)),"Res Disc",IF(AND(ISNUMBER(K70),COUNTIF(L70:N70,"c")=1),"Res Disc","")))))) | U70: =IF(T70<>"","",IF(SUM(COUNTIF(I70:K70,"c"),COUNTIF(O70:P70,"c"))>1,"",IF(OR(AND(H70="c",OR(I70="c",J70="c",K70="c",O70="c",P70="c")),AND(H70<>"",I70="c",J70="c",K70="c",O70="c",P70="c"),AND(H70<>"",I70="",J70="",K70="",O70="",P70="")),"",IF(ABS(SUM(I70:K70,O70:P70)-SUM(H70))>0.9,SUM(I70:K70,O70:P70)-SUM(H70),"")))) | V70: =IF(T70<>"","",IF(OR(AND(K70="c",OR(L70="c",N70="c",M70="c")),AND(K70<>"",L70="c",M70="c",N70="c"),AND(K70<>"",L70="",N70="",M70="")),"",IF(COUNTIF(L70:N70,"c")>1,"",IF(ABS(SUM(L70:N70)-SUM(K70))>0.9,SUM(L70:N70)-SUM(K70),"")))) | W70: =IF(T70<>"","",IF(OR(AND(P70="c",OR(Q70="c",S70="c",R70="c")),AND(P70<>"",Q70="c",R70="c",S70="c"),AND(P70<>"",Q70="",S70="",R70="")),"",IF(COUNTIF(Q70:S70,"c")>1,"",IF(ABS(SUM(Q70:S70)-SUM(P70))>0.9,SUM(Q70:S70)-SUM(P70),""))))
B71: .634 | D71: .A | E71: 51 | F71: CG | G71: Congo, Rep. of | H71: ='Table 1'!H71 -> 0 | J71: ='[1]Data CPIS- Banking'!$F52 -> 0 | K71: =IF(AND(L71="",M71="",N71=""),"",IF(OR(L71="c",M71="c",N71="c"),"c",SUM(L71:N71))) -> 0 | L71: ='[1]Data CPIS- Insurance'!$F52 -> 0 | N71: ='[1]Data CPIS-Securities'!$F52 -> 0 | P71: =IF(AND(Q71="",R71="",S71=""),"",IF(OR(Q71="c",R71="c",S71="c"),"c",SUM(Q71:S71))) | T71: =IF(AND(ISNUMBER(H71),SUM(COUNTIF(I71:K71,"c"),COUNTIF(O71:P71,"c"))=1),"Res Disc",IF(AND(H71="c",ISNUMBER(I71),ISNUMBER(J71),ISNUMBER(K71),ISNUMBER(O71),ISNUMBER(P71)),"Res Disc",IF(AND(COUNTIF(Q71:S71,"c")=1,ISNUMBER(P71)),"Res Disc",IF(AND(P71="c",ISNUMBER(Q71),ISNUMBER(R71),ISNUMBER(S71)),"Res Disc",IF(AND(K71="c",ISNUMBER(L71),ISNUMBER(M71),ISNUMBER(N71)),"Res Disc",IF(AND(ISNUMBER(K71),COUNTIF(L71:N71,"c")=1),"Res Disc","")))))) | U71: =IF(T71<>"","",IF(SUM(COUNTIF(I71:K71,"c"),COUNTIF(O71:P71,"c"))>1,"",IF(OR(AND(H71="c",OR(I71="c",J71="c",K71="c",O71="c",P71="c")),AND(H71<>"",I71="c",J71="c",K71="c",O71="c",P71="c"),AND(H71<>"",I71="",J71="",K71="",O71="",P71="")),"",IF(ABS(SUM(I71:K71,O71:P71)-SUM(H71))>0.9,SUM(I71:K71,O71:P71)-SUM(H71),"")))) | V71: =IF(T71<>"","",IF(OR(AND(K71="c",OR(L71="c",N71="c",M71="c")),AND(K71<>"",L71="c",M71="c",N71="c"),AND(K71<>"",L71="",N71="",M71="")),"",IF(COUNTIF(L71:N71,"c")>1,"",IF(ABS(SUM(L71:N71)-SUM(K71))>0.9,SUM(L71:N71)-SUM(K71),"")))) | W71: =IF(T71<>"","",IF(OR(AND(P71="c",OR(Q71="c",S71="c",R71="c")),AND(P71<>"",Q71="c",R71="c",S71="c"),AND(P71<>"",Q71="",S71="",R71="")),"",IF(COUNTIF(Q71:S71,"c")>1,"",IF(ABS(SUM(Q71:S71)-SUM(P71))>0.9,SUM(Q71:S71)-SUM(P71),""))))
... B153: .678 | D153: .A | E153: 133 | F153: ML | G153: Mali | H153: ='Table 1'!H153 -> 0 | J153: ='[1]Data CPIS- Banking'!$F134 -> 0 | K153: =IF(AND(L153="",M153="",N153=""),"",IF(OR(L153="c",M153="c",N153="c"),"c",SUM(L153:N153))) -> 0 | L153: ='[1]Data CPIS- Insurance'!$F134 -> 0 | N153: ='[1]Data CPIS-Securities'!$F134 -> 0 | P153: =IF(AND(Q153="",R153="",S153=""),"",IF(OR(Q153="c",R153="c",S153="c"),"c",SUM(Q153:S153))) | T153: =IF(AND(ISNUMBER(H153),SUM(COUNTIF(I153:K153,"c"),COUNTIF(O153:P153,"c"))=1),"Res Disc",IF(AND(H153="c",ISNUMBER(I153),ISNUMBER(J153),ISNUMBER(K153),ISNUMBER(O153),ISNUMBER(P153)),"Res Disc",IF(AND(COUNTIF(Q153:S153,"c")=1,ISNUMBER(P153)),"Res Disc",IF(AND(P153="c",ISNUMBER(Q153),ISNUMBER(R153),ISNUMBER(S153)),"Res Disc",IF(AND(K153="c",ISNUMBER(L153),ISNUMBER(M153),ISNUMBER(N153)),"Res Disc",IF(AND(ISNUMBER(K153),COUNTIF(L153:N153,"c")=1),"Res Disc","")))))) | U153: =IF(T153<>"","",IF(SUM(COUNTIF(I153:K153,"c"),COUNTIF(O153:P153,"c"))>1,"",IF(OR(AND(H153="c",OR(I153="c",J153="c",K153="c",O153="c",P153="c")),AND(H153<>"",I153="c",J153="c",K153="c",O153="c",P153="c"),AND(H153<>"",I153="",J153="",K153="",O153="",P153="")),"",IF(ABS(SUM(I153:K153,O153:P153)-SUM(H153))>0.9,SUM(I153:K153,O153:P153)-SUM(H153),"")))) | V153: =IF(T153<>"","",IF(OR(AND(K153="c",OR(L153="c",N153="c",M153="c")),AND(K153<>"",L153="c",M153="c",N153="c"),AND(K153<>"",L153="",N153="",M153="")),"",IF(COUNTIF(L153:N153,"c")>1,"",IF(ABS(SUM(L153:N153)-SUM(K153))>0.9,SUM(L153:N153)-SUM(K153),"")))) | W153: =IF(T153<>"","",IF(OR(AND(P153="c",OR(Q153="c",S153="c",R153="c")),AND(P153<>"",Q153="c",R153="c",S153="c"),AND(P153<>"",Q153="",S153="",R153="")),"",IF(COUNTIF(Q153:S153,"c")>1,"",IF(ABS(SUM(Q153:S153)-SUM(P153))>0.9,SUM(Q153:S153)-SUM(P153),""))))
B154: .181 | D154: .A | E154: 134 | F154: MT | G154: Malta | H154: ='Table 1'!H154 -> 444.30812 | J154: ='[1]Data CPIS- Banking'!$F135 -> 0 | K154: =IF(AND(L154="",M154="",N154=""),"",IF(OR(L154="c",M154="c",N154="c"),"c",SUM(L154:N154))) -> 444.30812 | L154: ='[1]Data CPIS- Insurance'!$F135-M154 -> -26.715498 | M154: ='Table 3.2'!M154 -> 57.331243 | N154: ='[1]Data CPIS-Securities'!$F135 -> 413.69238 | P154: =IF(AND(Q154="",R154="",S154=""),"",IF(OR(Q154="c",R154="c",S154="c"),"c",SUM(Q154:S154))) | T154: =IF(AND(ISNUMBER(H154),SUM(COUNTIF(I154:K154,"c"),COUNTIF(O154:P154,"c"))=1),"Res Disc",IF(AND(H154="c",ISNUMBER(I154),ISNUMBER(J154),ISNUMBER(K154),ISNUMBER(O154),ISNUMBER(P154)),"Res Disc",IF(AND(COUNTIF(Q154:S154,"c")=1,ISNUMBER(P154)),"Res Disc",IF(AND(P154="c",ISNUMBER(Q154),ISNUMBER(R154),ISNUMBER(S154)),"Res Disc",IF(AND(K154="c",ISNUMBER(L154),ISNUMBER(M154),ISNUMBER(N154)),"Res Disc",IF(AND(ISNUMBER(K154),COUNTIF(L154:N154,"c")=1),"Res Disc","")))))) | U154: =IF(T154<>"","",IF(SUM(COUNTIF(I154:K154,"c"),COUNTIF(O154:P154,"c"))>1,"",IF(OR(AND(H154="c",OR(I154="c",J154="c",K154="c",O154="c",P154="c")),AND(H154<>"",I154="c",J154="c",K154="c",O154="c",P154="c"),AND(H154<>"",I154="",J154="",K154="",O154="",P154="")),"",IF(ABS(SUM(I154:K154,O154:P154)-SUM(H154))>0.9,SUM(I154:K154,O154:P154)-SUM(H154),"")))) | V154: =IF(T154<>"","",IF(OR(AND(K154="c",OR(L154="c",N154="c",M154="c")),AND(K154<>"",L154="c",M154="c",N154="c"),AND(K154<>"",L154="",N154="",M154="")),"",IF(COUNTIF(L154:N154,"c")>1,"",IF(ABS(SUM(L154:N154)-SUM(K154))>0.9,SUM(L154:N154)-SUM(K154),"")))) | W154: =IF(T154<>"","",IF(OR(AND(P154="c",OR(Q154="c",S154="c",R154="c")),AND(P154<>"",Q154="c",R154="c",S154="c"),AND(P154<>"",Q154="",S154="",R154="")),"",IF(COUNTIF(Q154:S154,"c")>1,"",IF(ABS(SUM(Q154:S154)-SUM(P154))>0.9,SUM(Q154:S154)-SUM(P154),""))))
B155: .867 | D155: .A | E155: 135 | F155: MH | G155: Marshall Islands | H155: ='Table 1'!H155 -> 37.166281 | J155: ='[1]Data CPIS- Banking'!$F136 -> 0 | K155: =IF(AND(L155="",M155="",N155=""),"",IF(OR(L155="c",M155="c",N155="c"),"c",SUM(L155:N155))) -> 37.166281 | L155: ='[1]Data CPIS- Insurance'!$F136 -> 0.46068545 | N155: ='[1]Data CPIS-Securities'!$F136 -> 36.705596 | P155: =IF(AND(Q155="",R155="",S155=""),"",IF(OR(Q155="c",R155="c",S155="c"),"c",SUM(Q155:S155))) | T155: =IF(AND(ISNUMBER(H155),SUM(COUNTIF(I155:K155,"c"),COUNTIF(O155:P155,"c"))=1),"Res Disc",IF(AND(H155="c",ISNUMBER(I155),ISNUMBER(J155),ISNUMBER(K155),ISNUMBER(O155),ISNUMBER(P155)),"Res Disc",IF(AND(COUNTIF(Q155:S155,"c")=1,ISNUMBER(P155)),"Res Disc",IF(AND(P155="c",ISNUMBER(Q155),ISNUMBER(R155),ISNUMBER(S155)),"Res Disc",IF(AND(K155="c",ISNUMBER(L155),ISNUMBER(M155),ISNUMBER(N155)),"Res Disc",IF(AND(ISNUMBER(K155),COUNTIF(L155:N155,"c")=1),"Res Disc","")))))) | U155: =IF(T155<>"","",IF(SUM(COUNTIF(I155:K155,"c"),COUNTIF(O155:P155,"c"))>1,"",IF(OR(AND(H155="c",OR(I155="c",J155="c",K155="c",O155="c",P155="c")),AND(H155<>"",I155="c",J155="c",K155="c",O155="c",P155="c"),AND(H155<>"",I155="",J155="",K155="",O155="",P155="")),"",IF(ABS(SUM(I155:K155,O155:P155)-SUM(H155))>0.9,SUM(I155:K155,O155:P155)-SUM(H155),"")))) | V155: =IF(T155<>"","",IF(OR(AND(K155="c",OR(L155="c",N155="c",M155="c")),AND(K155<>"",L155="c",M155="c",N155="c"),AND(K155<>"",L155="",N155="",M155="")),"",IF(COUNTIF(L155:N155,"c")>1,"",IF(ABS(SUM(L155:N155)-SUM(K155))>0.9,SUM(L155:N155)-SUM(K155),"")))) | W155: =IF(T155<>"","",IF(OR(AND(P155="c",OR(Q155="c",S155="c",R155="c")),AND(P155<>"",Q155="c",R155="c",S155="c"),AND(P155<>"",Q155="",S155="",R155="")),"",IF(COUNTIF(Q155:S155,"c")>1,"",IF(ABS(SUM(Q155:S155)-SUM(P155))>0.9,SUM(Q155:S155)-SUM(P155),""))))
B156: .349 | D156: .A | E156: 136 | F156: MQ | G156: Martinique | H156: ='Table 1'!H156 -> 0 | J156: ='[1]Data CPIS- Banking'!$F137 -> 0 | K156: =IF(AND(L156="",M156="",N156=""),"",IF(OR(L156="c",M156="c",N156="c"),"c",SUM(L156:N156))) -> 0 | L156: ='[1]Data CPIS- Insurance'!$F137 -> 0 | N156: ='[1]Data CPIS-Securities'!$F137 -> 0 | P156: =IF(AND(Q156="",R156="",S156=""),"",IF(OR(Q156="c",R156="c",S156="c"),"c",SUM(Q156:S156))) | T156: =IF(AND(ISNUMBER(H156),SUM(COUNTIF(I156:K156,"c"),COUNTIF(O156:P156,"c"))=1),"Res Disc",IF(AND(H156="c",ISNUMBER(I156),ISNUMBER(J156),ISNUMBER(K156),ISNUMBER(O156),ISNUMBER(P156)),"Res Disc",IF(AND(COUNTIF(Q156:S156,"c")=1,ISNUMBER(P156)),"Res Disc",IF(AND(P156="c",ISNUMBER(Q156),ISNUMBER(R156),ISNUMBER(S156)),"Res Disc",IF(AND(K156="c",ISNUMBER(L156),ISNUMBER(M156),ISNUMBER(N156)),"Res Disc",IF(AND(ISNUMBER(K156),COUNTIF(L156:N156,"c")=1),"Res Disc","")))))) | U156: =IF(T156<>"","",IF(SUM(COUNTIF(I156:K156,"c"),COUNTIF(O156:P156,"c"))>1,"",IF(OR(AND(H156="c",OR(I156="c",J156="c",K156="c",O156="c",P156="c")),AND(H156<>"",I156="c",J156="c",K156="c",O156="c",P156="c"),AND(H156<>"",I156="",J156="",K156="",O156="",P156="")),"",IF(ABS(SUM(I156:K156,O156:P156)-SUM(H156))>0.9,SUM(I156:K156,O156:P156)-SUM(H156),"")))) | V156: =IF(T156<>"","",IF(OR(AND(K156="c",OR(L156="c",N156="c",M156="c")),AND(K156<>"",L156="c",M156="c",N156="c"),AND(K156<>"",L156="",N156="",M156="")),"",IF(COUNTIF(L156:N156,"c")>1,"",IF(ABS(SUM(L156:N156)-SUM(K156))>0.9,SUM(L156:N156)-SUM(K156),"")))) | W156: =IF(T156<>"","",IF(OR(AND(P156="c",OR(Q156="c",S156="c",R156="c")),AND(P156<>"",Q156="c",R156="c",S156="c"),AND(P156<>"",Q156="",S156="",R156="")),"",IF(COUNTIF(Q156:S156,"c")>1,"",IF(ABS(SUM(Q156:S156)-SUM(P156))>0.9,SUM(Q156:S156)-SUM(P156),""))))
B157: .682 | D157: .A | E157: 137 | F157: MR | G157: Mauritania | H157: ='Table 1'!H157 -> 0 | J157: ='[1]Data CPIS- Banking'!$F138 -> 0 | K157: =IF(AND(L157="",M157="",N157=""),"",IF(OR(L157="c",M157="c",N157="c"),"c",SUM(L157:N157))) -> 0 | L157: ='[1]Data CPIS- Insurance'!$F138 -> 0 | N157: ='[1]Data CPIS-Securities'!$F138 -> 0 | P157: =IF(AND(Q157="",R157="",S157=""),"",IF(OR(Q157="c",R157="c",S157="c"),"c",SUM(Q157:S157))) | T157: =IF(AND(ISNUMBER(H157),SUM(COUNTIF(I157:K157,"c"),COUNTIF(O157:P157,"c"))=1),"Res Disc",IF(AND(H157="c",ISNUMBER(I157),ISNUMBER(J157),ISNUMBER(K157),ISNUMBER(O157),ISNUMBER(P157)),"Res Disc",IF(AND(COUNTIF(Q157:S157,"c")=1,ISNUMBER(P157)),"Res Disc",IF(AND(P157="c",ISNUMBER(Q157),ISNUMBER(R157),ISNUMBER(S157)),"Res Disc",IF(AND(K157="c",ISNUMBER(L157),ISNUMBER(M157),ISNUMBER(N157)),"Res Disc",IF(AND(ISNUMBER(K157),COUNTIF(L157:N157,"c")=1),"Res Disc","")))))) | U157: =IF(T157<>"","",IF(SUM(COUNTIF(I157:K157,"c"),COUNTIF(O157:P157,"c"))>1,"",IF(OR(AND(H157="c",OR(I157="c",J157="c",K157="c",O157="c",P157="c")),AND(H157<>"",I157="c",J157="c",K157="c",O157="c",P157="c"),AND(H157<>"",I157="",J157="",K157="",O157="",P157="")),"",IF(ABS(SUM(I157:K157,O157:P157)-SUM(H157))>0.9,SUM(I157:K157,O157:P157)-SUM(H157),"")))) | V157: =IF(T157<>"","",IF(OR(AND(K157="c",OR(L157="c",N157="c",M157="c")),AND(K157<>"",L157="c",M157="c",N157="c"),AND(K157<>"",L157="",N157="",M157="")),"",IF(COUNTIF(L157:N157,"c")>1,"",IF(ABS(SUM(L157:N157)-SUM(K157))>0.9,SUM(L157:N157)-SUM(K157),"")))) | W157: =IF(T157<>"","",IF(OR(AND(P157="c",OR(Q157="c",S157="c",R157="c")),AND(P157<>"",Q157="c",R157="c",S157="c"),AND(P157<>"",Q157="",S157="",R157="")),"",IF(COUNTIF(Q157:S157,"c")>1,"",IF(ABS(SUM(Q157:S157)-SUM(P157))>0.9,SUM(Q157:S157)-SUM(P157),""))))
B158: .684 | D158: .A | E158: 138 | F158: MU | G158: Mauritius | H158: ='Table 1'!H158 -> 9894.6056 | J158: ='[1]Data CPIS- Banking'!$F139 -> 2 | K158: =IF(AND(L158="",M158="",N158=""),"",IF(OR(L158="c",M158="c",N158="c"),"c",SUM(L158:N158))) -> 9892.6056 | L158: ='[1]Data CPIS- Insurance'!$F139 -> 4.427506 | N158: ='[1]Data CPIS-Securities'!$F139 -> 9888.1781 | P158: =IF(AND(Q158="",R158="",S158=""),"",IF(OR(Q158="c",R158="c",S158="c"),"c",SUM(Q158:S158))) | T158: =IF(AND(ISNUMBER(H158),SUM(COUNTIF(I158:K158,"c"),COUNTIF(O158:P158,"c"))=1),"Res Disc",IF(AND(H158="c",ISNUMBER(I158),ISNUMBER(J158),ISNUMBER(K158),ISNUMBER(O158),ISNUMBER(P158)),"Res Disc",IF(AND(COUNTIF(Q158:S158,"c")=1,ISNUMBER(P158)),"Res Disc",IF(AND(P158="c",ISNUMBER(Q158),ISNUMBER(R158),ISNUMBER(S158)),"Res Disc",IF(AND(K158="c",ISNUMBER(L158),ISNUMBER(M158),ISNUMBER(N158)),"Res Disc",IF(AND(ISNUMBER(K158),COUNTIF(L158:N158,"c")=1),"Res Disc","")))))) | U158: =IF(T158<>"","",IF(SUM(COUNTIF(I158:K158,"c"),COUNTIF(O158:P158,"c"))>1,"",IF(OR(AND(H158="c",OR(I158="c",J158="c",K158="c",O158="c",P158="c")),AND(H158<>"",I158="c",J158="c",K158="c",O158="c",P158="c"),AND(H158<>"",I158="",J158="",K158="",O158="",P158="")),"",IF(ABS(SUM(I158:K158,O158:P158)-SUM(H158))>0.9,SUM(I158:K158,O158:P158)-SUM(H158),"")))) | V158: =IF(T158<>"","",IF(OR(AND(K158="c",OR(L158="c",N158="c",M158="c")),AND(K158<>"",L158="c",M158="c",N158="c"),AND(K158<>"",L158="",N158="",M158="")),"",IF(COUNTIF(L158:N158,"c")>1,"",IF(ABS(SUM(L158:N158)-SUM(K158))>0.9,SUM(L158:N158)-SUM(K158),"")))) | W158: =IF(T158<>"","",IF(OR(AND(P158="c",OR(Q158="c",S158="c",R158="c")),AND(P158<>"",Q158="c",R158="c",S158="c"),AND(P158<>"",Q158="",S158="",R158="")),"",IF(COUNTIF(Q158:S158,"c")>1,"",IF(ABS(SUM(Q158:S158)-SUM(P158))>0.9,SUM(Q158:S158)-SUM(P158),""))))
B159: .920 | D159: .A | E159: 139 | F159: YT | G159: Mayotte | H159: ='Table 1'!H159 -> 0 | J159: ='[1]Data CPIS- Banking'!$F140 -> 0 | K159: =IF(AND(L159="",M159="",N159=""),"",IF(OR(L159="c",M159="c",N159="c"),"c",SUM(L159:N159))) -> 0 | L159: ='[1]Data CPIS- Insurance'!$F140 -> 0 | N159: ='[1]Data CPIS-Securities'!$F140 -> 0 | P159: =IF(AND(Q159="",R159="",S159=""),"",IF(OR(Q159="c",R159="c",S159="c"),"c",SUM(Q159:S159))) | T159: =IF(AND(ISNUMBER(H159),SUM(COUNTIF(I159:K159,"c"),COUNTIF(O159:P159,"c"))=1),"Res Disc",IF(AND(H159="c",ISNUMBER(I159),ISNUMBER(J159),ISNUMBER(K159),ISNUMBER(O159),ISNUMBER(P159)),"Res Disc",IF(AND(COUNTIF(Q159:S159,"c")=1,ISNUMBER(P159)),"Res Disc",IF(AND(P159="c",ISNUMBER(Q159),ISNUMBER(R159),ISNUMBER(S159)),"Res Disc",IF(AND(K159="c",ISNUMBER(L159),ISNUMBER(M159),ISNUMBER(N159)),"Res Disc",IF(AND(ISNUMBER(K159),COUNTIF(L159:N159,"c")=1),"Res Disc","")))))) | U159: =IF(T159<>"","",IF(SUM(COUNTIF(I159:K159,"c"),COUNTIF(O159:P159,"c"))>1,"",IF(OR(AND(H159="c",OR(I159="c",J159="c",K159="c",O159="c",P159="c")),AND(H159<>"",I159="c",J159="c",K159="c",O159="c",P159="c"),AND(H159<>"",I159="",J159="",K159="",O159="",P159="")),"",IF(ABS(SUM(I159:K159,O159:P159)-SUM(H159))>0.9,SUM(I159:K159,O159:P159)-SUM(H159),"")))) | V159: =IF(T159<>"","",IF(OR(AND(K159="c",OR(L159="c",N159="c",M159="c")),AND(K159<>"",L159="c",M159="c",N159="c"),AND(K159<>"",L159="",N159="",M159="")),"",IF(COUNTIF(L159:N159,"c")>1,"",IF(ABS(SUM(L159:N159)-SUM(K159))>0.9,SUM(L159:N159)-SUM(K159),"")))) | W159: =IF(T159<>"","",IF(OR(AND(P159="c",OR(Q159="c",S159="c",R159="c")),AND(P159<>"",Q159="c",R159="c",S159="c"),AND(P159<>"",Q159="",S159="",R159="")),"",IF(COUNTIF(Q159:S159,"c")>1,"",IF(ABS(SUM(Q159:S159)-SUM(P159))>0.9,SUM(Q159:S159)-SUM(P159),""))))
B160: .273 | D160: .A | E160: 140 | F160: MX | G160: Mexico | H160: ='Table 1'!H160 -> 9021.9263 | J160: ='[1]Data CPIS- Banking'!$F141 -> 992 | K160: =IF(AND(L160="",M160="",N160=""),"",IF(OR(L160="c",M160="c",N160="c"),"c",SUM(L160:N160))) -> 8029.9263 | L160: ='[1]Data CPIS- Insurance'!$F141 -> 55.860941 | N160: ='[1]Data CPIS-Securities'!$F141 -> 7974.0653 | P160: =IF(AND(Q160="",R160="",S160=""),"",IF(OR(Q160="c",R160="c",S160="c"),"c",SUM(Q160:S160))) | T160: =IF(AND(ISNUMBER(H160),SUM(COUNTIF(I160:K160,"c"),COUNTIF(O160:P160,"c"))=1),"Res Disc",IF(AND(H160="c",ISNUMBER(I160),ISNUMBER(J160),ISNUMBER(K160),ISNUMBER(O160),ISNUMBER(P160)),"Res Disc",IF(AND(COUNTIF(Q160:S160,"c")=1,ISNUMBER(P160)),"Res Disc",IF(AND(P160="c",ISNUMBER(Q160),ISNUMBER(R160),ISNUMBER(S160)),"Res Disc",IF(AND(K160="c",ISNUMBER(L160),ISNUMBER(M160),ISNUMBER(N160)),"Res Disc",IF(AND(ISNUMBER(K160),COUNTIF(L160:N160,"c")=1),"Res Disc","")))))) | U160: =IF(T160<>"","",IF(SUM(COUNTIF(I160:K160,"c"),COUNTIF(O160:P160,"c"))>1,"",IF(OR(AND(H160="c",OR(I160="c",J160="c",K160="c",O160="c",P160="c")),AND(H160<>"",I160="c",J160="c",K160="c",O160="c",P160="c"),AND(H160<>"",I160="",J160="",K160="",O160="",P160="")),"",IF(ABS(SUM(I160:K160,O160:P160)-SUM(H160))>0.9,SUM(I160:K160,O160:P160)-SUM(H160),"")))) | V160: =IF(T160<>"","",IF(OR(AND(K160="c",OR(L160="c",N160="c",M160="c")),AND(K160<>"",L160="c",M160="c",N160="c"),AND(K160<>"",L160="",N160="",M160="")),"",IF(COUNTIF(L160:N160,"c")>1,"",IF(ABS(SUM(L160:N160)-SUM(K160))>0.9,SUM(L160:N160)-SUM(K160),"")))) | W160: =IF(T160<>"","",IF(OR(AND(P160="c",OR(Q160="c",S160="c",R160="c")),AND(P160<>"",Q160="c",R160="c",S160="c"),AND(P160<>"",Q160="",S160="",R160="")),"",IF(COUNTIF(Q160:S160,"c")>1,"",IF(ABS(SUM(Q160:S160)-SUM(P160))>0.9,SUM(Q160:S160)-SUM(P160),""))))
B161: .868 | D161: .A | E161: 141 | F161: FM | G161: Micronesia, Federated States of | H161: ='Table 1'!H161 -> 0 | J161: ='[1]Data CPIS- Banking'!$F142 -> 0 | K161: =IF(AND(L161="",M161="",N161=""),"",IF(OR(L161="c",M161="c",N161="c"),"c",SUM(L161:N161))) -> 0 | L161: ='[1]Data CPIS- Insurance'!$F142 -> 0 | N161: ='[1]Data CPIS-Securities'!$F142 -> 0 | P161: =IF(AND(Q161="",R161="",S161=""),"",IF(OR(Q161="c",R161="c",S161="c"),"c",SUM(Q161:S161))) | T161: =IF(AND(ISNUMBER(H161),SUM(COUNTIF(I161:K161,"c"),COUNTIF(O161:P161,"c"))=1),"Res Disc",IF(AND(H161="c",ISNUMBER(I161),ISNUMBER(J161),ISNUMBER(K161),ISNUMBER(O161),ISNUMBER(P161)),"Res Disc",IF(AND(COUNTIF(Q161:S161,"c")=1,ISNUMBER(P161)),"Res Disc",IF(AND(P161="c",ISNUMBER(Q161),ISNUMBER(R161),ISNUMBER(S161)),"Res Disc",IF(AND(K161="c",ISNUMBER(L161),ISNUMBER(M161),ISNUMBER(N161)),"Res Disc",IF(AND(ISNUMBER(K161),COUNTIF(L161:N161,"c")=1),"Res Disc","")))))) | U161: =IF(T161<>"","",IF(SUM(COUNTIF(I161:K161,"c"),COUNTIF(O161:P161,"c"))>1,"",IF(OR(AND(H161="c",OR(I161="c",J161="c",K161="c",O161="c",P161="c")),AND(H161<>"",I161="c",J161="c",K161="c",O161="c",P161="c"),AND(H161<>"",I161="",J161="",K161="",O161="",P161="")),"",IF(ABS(SUM(I161:K161,O161:P161)-SUM(H161))>0.9,SUM(I161:K161,O161:P161)-SUM(H161),"")))) | V161: =IF(T161<>"","",IF(OR(AND(K161="c",OR(L161="c",N161="c",M161="c")),AND(K161<>"",L161="c",M161="c",N161="c"),AND(K161<>"",L161="",N161="",M161="")),"",IF(COUNTIF(L161:N161,"c")>1,"",IF(ABS(SUM(L161:N161)-SUM(K161))>0.9,SUM(L161:N161)-SUM(K161),"")))) | W161: =IF(T161<>"","",IF(OR(AND(P161="c",OR(Q161="c",S161="c",R161="c")),AND(P161<>"",Q161="c",R161="c",S161="c"),AND(P161<>"",Q161="",S161="",R161="")),"",IF(COUNTIF(Q161:S161,"c")>1,"",IF(ABS(SUM(Q161:S161)-SUM(P161))>0.9,SUM(Q161:S161)-SUM(P161),""))))
B162: .921 | D162: .A | E162: 142 | F162: MD | G162: Moldova | H162: ='Table 1'!H162 -> 9.108773 | J162: ='[1]Data CPIS- Banking'!$F143 -> 0 | K162: =IF(AND(L162="",M162="",N162=""),"",IF(OR(L162="c",M162="c",N162="c"),"c",SUM(L162:N162))) -> 9.108773 | L162: ='[1]Data CPIS- Insurance'!$F143 -> 0 | N162: ='[1]Data CPIS-Securities'!$F143 -> 9.108773 | P162: =IF(AND(Q162="",R162="",S162=""),"",IF(OR(Q162="c",R162="c",S162="c"),"c",SUM(Q162:S162))) | T162: =IF(AND(ISNUMBER(H162),SUM(COUNTIF(I162:K162,"c"),COUNTIF(O162:P162,"c"))=1),"Res Disc",IF(AND(H162="c",ISNUMBER(I162),ISNUMBER(J162),ISNUMBER(K162),ISNUMBER(O162),ISNUMBER(P162)),"Res Disc",IF(AND(COUNTIF(Q162:S162,"c")=1,ISNUMBER(P162)),"Res Disc",IF(AND(P162="c",ISNUMBER(Q162),ISNUMBER(R162),ISNUMBER(S162)),"Res Disc",IF(AND(K162="c",ISNUMBER(L162),ISNUMBER(M162),ISNUMBER(N162)),"Res Disc",IF(AND(ISNUMBER(K162),COUNTIF(L162:N162,"c")=1),"Res Disc","")))))) | U162: =IF(T162<>"","",IF(SUM(COUNTIF(I162:K162,"c"),COUNTIF(O162:P162,"c"))>1,"",IF(OR(AND(H162="c",OR(I162="c",J162="c",K162="c",O162="c",P162="c")),AND(H162<>"",I162="c",J162="c",K162="c",O162="c",P162="c"),AND(H162<>"",I162="",J162="",K162="",O162="",P162="")),"",IF(ABS(SUM(I162:K162,O162:P162)-SUM(H162))>0.9,SUM(I162:K162,O162:P162)-SUM(H162),"")))) | V162: =IF(T162<>"","",IF(OR(AND(K162="c",OR(L162="c",N162="c",M162="c")),AND(K162<>"",L162="c",M162="c",N162="c"),AND(K162<>"",L162="",N162="",M162="")),"",IF(COUNTIF(L162:N162,"c")>1,"",IF(ABS(SUM(L162:N162)-SUM(K162))>0.9,SUM(L162:N162)-SUM(K162),"")))) | W162: =IF(T162<>"","",IF(OR(AND(P162="c",OR(Q162="c",S162="c",R162="c")),AND(P162<>"",Q162="c",R162="c",S162="c"),AND(P162<>"",Q162="",S162="",R162="")),"",IF(COUNTIF(Q162:S162,"c")>1,"",IF(ABS(SUM(Q162:S162)-SUM(P162))>0.9,SUM(Q162:S162)-SUM(P162),""))))
B163: .183 | D163: .A | E163: 143 | F163: MC | G163: Monaco | H163: ='Table 1'!H163 -> 2.567987 | J163: ='[1]Data CPIS- Banking'!$F144 -> 0 | K163: =IF(AND(L163="",M163="",N163=""),"",IF(OR(L163="c",M163="c",N163="c"),"c",SUM(L163:N163))) -> 2.567987 | L163: ='[1]Data CPIS- Insurance'!$F144 -> 0 | N163: ='[1]Data CPIS-Securities'!$F144 -> 2.567987 | P163: =IF(AND(Q163="",R163="",S163=""),"",IF(OR(Q163="c",R163="c",S163="c"),"c",SUM(Q163:S163))) | T163: =IF(AND(ISNUMBER(H163),SUM(COUNTIF(I163:K163,"c"),COUNTIF(O163:P163,"c"))=1),"Res Disc",IF(AND(H163="c",ISNUMBER(I163),ISNUMBER(J163),ISNUMBER(K163),ISNUMBER(O163),ISNUMBER(P163)),"Res Disc",IF(AND(COUNTIF(Q163:S163,"c")=1,ISNUMBER(P163)),"Res Disc",IF(AND(P163="c",ISNUMBER(Q163),ISNUMBER(R163),ISNUMBER(S163)),"Res Disc",IF(AND(K163="c",ISNUMBER(L163),ISNUMBER(M163),ISNUMBER(N163)),"Res Disc",IF(AND(ISNUMBER(K163),COUNTIF(L163:N163,"c")=1),"Res Disc","")))))) | U163: =IF(T163<>"","",IF(SUM(COUNTIF(I163:K163,"c"),COUNTIF(O163:P163,"c"))>1,"",IF(OR(AND(H163="c",OR(I163="c",J163="c",K163="c",O163="c",P163="c")),AND(H163<>"",I163="c",J163="c",K163="c",O163="c",P163="c"),AND(H163<>"",I163="",J163="",K163="",O163="",P163="")),"",IF(ABS(SUM(I163:K163,O163:P163)-SUM(H163))>0.9,SUM(I163:K163,O163:P163)-SUM(H163),"")))) | V163: =IF(T163<>"","",IF(OR(AND(K163="c",OR(L163="c",N163="c",M163="c")),AND(K163<>"",L163="c",M163="c",N163="c"),AND(K163<>"",L163="",N163="",M163="")),"",IF(COUNTIF(L163:N163,"c")>1,"",IF(ABS(SUM(L163:N163)-SUM(K163))>0.9,SUM(L163:N163)-SUM(K163),"")))) | W163: =IF(T163<>"","",IF(OR(AND(P163="c",OR(Q163="c",S163="c",R163="c")),AND(P163<>"",Q163="c",R163="c",S163="c"),AND(P163<>"",Q163="",S163="",R163="")),"",IF(COUNTIF(Q163:S163,"c")>1,"",IF(ABS(SUM(Q163:S163)-SUM(P163))>0.9,SUM(Q163:S163)-SUM(P163),""))))
B164: .948 | D164: .A | E164: 144 | F164: MN | G164: Mongolia | H164: ='Table 1'!H164 -> 4.730878 | J164: ='[1]Data CPIS- Banking'!$F145 -> 0 | K164: =IF(AND(L164="",M164="",N164=""),"",IF(OR(L164="c",M164="c",N164="c"),"c",SUM(L164:N164))) -> 4.730878 | L164: ='[1]Data CPIS- Insurance'!$F145 -> 0 | N164: ='[1]Data CPIS-Securities'!$F145 -> 4.730878 | P164: =IF(AND(Q164="",R164="",S164=""),"",IF(OR(Q164="c",R164="c",S164="c"),"c",SUM(Q164:S164))) | T164: =IF(AND(ISNUMBER(H164),SUM(COUNTIF(I164:K164,"c"),COUNTIF(O164:P164,"c"))=1),"Res Disc",IF(AND(H164="c",ISNUMBER(I164),ISNUMBER(J164),ISNUMBER(K164),ISNUMBER(O164),ISNUMBER(P164)),"Res Disc",IF(AND(COUNTIF(Q164:S164,"c")=1,ISNUMBER(P164)),"Res Disc",IF(AND(P164="c",ISNUMBER(Q164),ISNUMBER(R164),ISNUMBER(S164)),"Res Disc",IF(AND(K164="c",ISNUMBER(L164),ISNUMBER(M164),ISNUMBER(N164)),"Res Disc",IF(AND(ISNUMBER(K164),COUNTIF(L164:N164,"c")=1),"Res Disc","")))))) | U164: =IF(T164<>"","",IF(SUM(COUNTIF(I164:K164,"c"),COUNTIF(O164:P164,"c"))>1,"",IF(OR(AND(H164="c",OR(I164="c",J164="c",K164="c",O164="c",P164="c")),AND(H164<>"",I164="c",J164="c",K164="c",O164="c",P164="c"),AND(H164<>"",I164="",J164="",K164="",O164="",P164="")),"",IF(ABS(SUM(I164:K164,O164:P164)-SUM(H164))>0.9,SUM(I164:K164,O164:P164)-SUM(H164),"")))) | V164: =IF(T164<>"","",IF(OR(AND(K164="c",OR(L164="c",N164="c",M164="c")),AND(K164<>"",L164="c",M164="c",N164="c"),AND(K164<>"",L164="",N164="",M164="")),"",IF(COUNTIF(L164:N164,"c")>1,"",IF(ABS(SUM(L164:N164)-SUM(K164))>0.9,SUM(L164:N164)-SUM(K164),"")))) | W164: =IF(T164<>"","",IF(OR(AND(P164="c",OR(Q164="c",S164="c",R164="c")),AND(P164<>"",Q164="c",R164="c",S164="c"),AND(P164<>"",Q164="",S164="",R164="")),"",IF(COUNTIF(Q164:S164,"c")>1,"",IF(ABS(SUM(Q164:S164)-SUM(P164))>0.9,SUM(Q164:S164)-SUM(P164),""))))
B165: .943 | D165: .A | E165: 145 | F165: ME | G165: Montenegro, Republic of | H165: ='Table 1'!H165 -> 0 | J165: ='[1]Data CPIS- Banking'!$F146 -> 0 | K165: =IF(AND(L165="",M165="",N165=""),"",IF(OR(L165="c",M165="c",N165="c"),"c",SUM(L165:N165))) -> 0 | L165: ='[1]Data CPIS- Insurance'!$F146 -> 0 | N165: ='[1]Data CPIS-Securities'!$F146 -> 0 | P165: =IF(AND(Q165="",R165="",S165=""),"",IF(OR(Q165="c",R165="c",S165="c"),"c",SUM(Q165:S165))) | T165: =IF(AND(ISNUMBER(H165),SUM(COUNTIF(I165:K165,"c"),COUNTIF(O165:P165,"c"))=1),"Res Disc",IF(AND(H165="c",ISNUMBER(I165),ISNUMBER(J165),ISNUMBER(K165),ISNUMBER(O165),ISNUMBER(P165)),"Res Disc",IF(AND(COUNTIF(Q165:S165,"c")=1,ISNUMBER(P165)),"Res Disc",IF(AND(P165="c",ISNUMBER(Q165),ISNUMBER(R165),ISNUMBER(S165)),"Res Disc",IF(AND(K165="c",ISNUMBER(L165),ISNUMBER(M165),ISNUMBER(N165)),"Res Disc",IF(AND(ISNUMBER(K165),COUNTIF(L165:N165,"c")=1),"Res Disc","")))))) | U165: =IF(T165<>"","",IF(SUM(COUNTIF(I165:K165,"c"),COUNTIF(O165:P165,"c"))>1,"",IF(OR(AND(H165="c",OR(I165="c",J165="c",K165="c",O165="c",P165="c")),AND(H165<>"",I165="c",J165="c",K165="c",O165="c",P165="c"),AND(H165<>"",I165="",J165="",K165="",O165="",P165="")),"",IF(ABS(SUM(I165:K165,O165:P165)-SUM(H165))>0.9,SUM(I165:K165,O165:P165)-SUM(H165),"")))) | V165: =IF(T165<>"","",IF(OR(AND(K165="c",OR(L165="c",N165="c",M165="c")),AND(K165<>"",L165="c",M165="c",N165="c"),AND(K165<>"",L165="",N165="",M165="")),"",IF(COUNTIF(L165:N165,"c")>1,"",IF(ABS(SUM(L165:N165)-SUM(K165))>0.9,SUM(L165:N165)-SUM(K165),"")))) | W165: =IF(T165<>"","",IF(OR(AND(P165="c",OR(Q165="c",S165="c",R165="c")),AND(P165<>"",Q165="c",R165="c",S165="c"),AND(P165<>"",Q165="",S165="",R165="")),"",IF(COUNTIF(Q165:S165,"c")>1,"",IF(ABS(SUM(Q165:S165)-SUM(P165))>0.9,SUM(Q165:S165)-SUM(P165),""))))
B166: .351 | D166: .A | E166: 146 | F166: MS | G166: Montserrat | H166: ='Table 1'!H166 -> 0 | J166: ='[1]Data CPIS- Banking'!$F147 -> 0 | K166: =IF(AND(L166="",M166="",N166=""),"",IF(OR(L166="c",M166="c",N166="c"),"c",SUM(L166:N166))) -> 0 | L166: ='[1]Data CPIS- Insurance'!$F147 -> 0 | N166: ='[1]Data CPIS-Securities'!$F147 -> 0 | P166: =IF(AND(Q166="",R166="",S166=""),"",IF(OR(Q166="c",R166="c",S166="c"),"c",SUM(Q166:S166))) | T166: =IF(AND(ISNUMBER(H166),SUM(COUNTIF(I166:K166,"c"),COUNTIF(O166:P166,"c"))=1),"Res Disc",IF(AND(H166="c",ISNUMBER(I166),ISNUMBER(J166),ISNUMBER(K166),ISNUMBER(O166),ISNUMBER(P166)),"Res Disc",IF(AND(COUNTIF(Q166:S166,"c")=1,ISNUMBER(P166)),"Res Disc",IF(AND(P166="c",ISNUMBER(Q166),ISNUMBER(R166),ISNUMBER(S166)),"Res Disc",IF(AND(K166="c",ISNUMBER(L166),ISNUMBER(M166),ISNUMBER(N166)),"Res Disc",IF(AND(ISNUMBER(K166),COUNTIF(L166:N166,"c")=1),"Res Disc","")))))) | U166: =IF(T166<>"","",IF(SUM(COUNTIF(I166:K166,"c"),COUNTIF(O166:P166,"c"))>1,"",IF(OR(AND(H166="c",OR(I166="c",J166="c",K166="c",O166="c",P166="c")),AND(H166<>"",I166="c",J166="c",K166="c",O166="c",P166="c"),AND(H166<>"",I166="",J166="",K166="",O166="",P166="")),"",IF(ABS(SUM(I166:K166,O166:P166)-SUM(H166))>0.9,SUM(I166:K166,O166:P166)-SUM(H166),"")))) | V166: =IF(T166<>"","",IF(OR(AND(K166="c",OR(L166="c",N166="c",M166="c")),AND(K166<>"",L166="c",M166="c",N166="c"),AND(K166<>"",L166="",N166="",M166="")),"",IF(COUNTIF(L166:N166,"c")>1,"",IF(ABS(SUM(L166:N166)-SUM(K166))>0.9,SUM(L166:N166)-SUM(K166),"")))) | W166: =IF(T166<>"","",IF(OR(AND(P166="c",OR(Q166="c",S166="c",R166="c")),AND(P166<>"",Q166="c",R166="c",S166="c"),AND(P166<>"",Q166="",S166="",R166="")),"",IF(COUNTIF(Q166:S166,"c")>1,"",IF(ABS(SUM(Q166:S166)-SUM(P166))>0.9,SUM(Q166:S166)-SUM(P166),""))))
... B237: .744 | D237: .A | E237: 217 | F237: TN | G237: Tunisia | H237: ='Table 1'!H237 -> 4.403129 | J237: ='[1]Data CPIS- Banking'!$F218 -> 0 | K237: =IF(AND(L237="",M237="",N237=""),"",IF(OR(L237="c",M237="c",N237="c"),"c",SUM(L237:N237))) -> 4.403129 | L237: ='[1]Data CPIS- Insurance'!$F218 -> 0 | N237: ='[1]Data CPIS-Securities'!$F218 -> 4.403129 | P237: =IF(AND(Q237="",R237="",S237=""),"",IF(OR(Q237="c",R237="c",S237="c"),"c",SUM(Q237:S237))) | T237: =IF(AND(ISNUMBER(H237),SUM(COUNTIF(I237:K237,"c"),COUNTIF(O237:P237,"c"))=1),"Res Disc",IF(AND(H237="c",ISNUMBER(I237),ISNUMBER(J237),ISNUMBER(K237),ISNUMBER(O237),ISNUMBER(P237)),"Res Disc",IF(AND(COUNTIF(Q237:S237,"c")=1,ISNUMBER(P237)),"Res Disc",IF(AND(P237="c",ISNUMBER(Q237),ISNUMBER(R237),ISNUMBER(S237)),"Res Disc",IF(AND(K237="c",ISNUMBER(L237),ISNUMBER(M237),ISNUMBER(N237)),"Res Disc",IF(AND(ISNUMBER(K237),COUNTIF(L237:N237,"c")=1),"Res Disc","")))))) | U237: =IF(T237<>"","",IF(SUM(COUNTIF(I237:K237,"c"),COUNTIF(O237:P237,"c"))>1,"",IF(OR(AND(H237="c",OR(I237="c",J237="c",K237="c",O237="c",P237="c")),AND(H237<>"",I237="c",J237="c",K237="c",O237="c",P237="c"),AND(H237<>"",I237="",J237="",K237="",O237="",P237="")),"",IF(ABS(SUM(I237:K237,O237:P237)-SUM(H237))>0.9,SUM(I237:K237,O237:P237)-SUM(H237),"")))) | V237: =IF(T237<>"","",IF(OR(AND(K237="c",OR(L237="c",N237="c",M237="c")),AND(K237<>"",L237="c",M237="c",N237="c"),AND(K237<>"",L237="",N237="",M237="")),"",IF(COUNTIF(L237:N237,"c")>1,"",IF(ABS(SUM(L237:N237)-SUM(K237))>0.9,SUM(L237:N237)-SUM(K237),"")))) | W237: =IF(T237<>"","",IF(OR(AND(P237="c",OR(Q237="c",S237="c",R237="c")),AND(P237<>"",Q237="c",R237="c",S237="c"),AND(P237<>"",Q237="",S237="",R237="")),"",IF(COUNTIF(Q237:S237,"c")>1,"",IF(ABS(SUM(Q237:S237)-SUM(P237))>0.9,SUM(Q237:S237)-SUM(P237),""))))
B238: .186 | D238: .A | E238: 218 | F238: TR | G238: Turkey | H238: ='Table 1'!H238 -> 396.92156 | J238: ='[1]Data CPIS- Banking'!$F219 -> 0 | K238: =IF(AND(L238="",M238="",N238=""),"",IF(OR(L238="c",M238="c",N238="c"),"c",SUM(L238:N238))) -> 396.92156 | L238: ='[1]Data CPIS- Insurance'!$F219-M238 -> -56.967589 | M238: ='Table 3.2'!M238 -> 62.510209 | N238: ='[1]Data CPIS-Securities'!$F219 -> 391.37894 | P238: =IF(AND(Q238="",R238="",S238=""),"",IF(OR(Q238="c",R238="c",S238="c"),"c",SUM(Q238:S238))) | T238: =IF(AND(ISNUMBER(H238),SUM(COUNTIF(I238:K238,"c"),COUNTIF(O238:P238,"c"))=1),"Res Disc",IF(AND(H238="c",ISNUMBER(I238),ISNUMBER(J238),ISNUMBER(K238),ISNUMBER(O238),ISNUMBER(P238)),"Res Disc",IF(AND(COUNTIF(Q238:S238,"c")=1,ISNUMBER(P238)),"Res Disc",IF(AND(P238="c",ISNUMBER(Q238),ISNUMBER(R238),ISNUMBER(S238)),"Res Disc",IF(AND(K238="c",ISNUMBER(L238),ISNUMBER(M238),ISNUMBER(N238)),"Res Disc",IF(AND(ISNUMBER(K238),COUNTIF(L238:N238,"c")=1),"Res Disc","")))))) | U238: =IF(T238<>"","",IF(SUM(COUNTIF(I238:K238,"c"),COUNTIF(O238:P238,"c"))>1,"",IF(OR(AND(H238="c",OR(I238="c",J238="c",K238="c",O238="c",P238="c")),AND(H238<>"",I238="c",J238="c",K238="c",O238="c",P238="c"),AND(H238<>"",I238="",J238="",K238="",O238="",P238="")),"",IF(ABS(SUM(I238:K238,O238:P238)-SUM(H238))>0.9,SUM(I238:K238,O238:P238)-SUM(H238),"")))) | V238: =IF(T238<>"","",IF(OR(AND(K238="c",OR(L238="c",N238="c",M238="c")),AND(K238<>"",L238="c",M238="c",N238="c"),AND(K238<>"",L238="",N238="",M238="")),"",IF(COUNTIF(L238:N238,"c")>1,"",IF(ABS(SUM(L238:N238)-SUM(K238))>0.9,SUM(L238:N238)-SUM(K238),"")))) | W238: =IF(T238<>"","",IF(OR(AND(P238="c",OR(Q238="c",S238="c",R238="c")),AND(P238<>"",Q238="c",R238="c",S238="c"),AND(P238<>"",Q238="",S238="",R238="")),"",IF(COUNTIF(Q238:S238,"c")>1,"",IF(ABS(SUM(Q238:S238)-SUM(P238))>0.9,SUM(Q238:S238)-SUM(P238),""))))
B239: .925 | D239: .A | E239: 219 | F239: TM | G239: Turkmenistan | H239: ='Table 1'!H239 -> 0 | J239: ='[1]Data CPIS- Banking'!$F220 -> 0 | K239: =IF(AND(L239="",M239="",N239=""),"",IF(OR(L239="c",M239="c",N239="c"),"c",SUM(L239:N239))) -> 0 | L239: ='[1]Data CPIS- Insurance'!$F220 -> 0 | N239: ='[1]Data CPIS-Securities'!$F220 -> 0 | P239: =IF(AND(Q239="",R239="",S239=""),"",IF(OR(Q239="c",R239="c",S239="c"),"c",SUM(Q239:S239))) | T239: =IF(AND(ISNUMBER(H239),SUM(COUNTIF(I239:K239,"c"),COUNTIF(O239:P239,"c"))=1),"Res Disc",IF(AND(H239="c",ISNUMBER(I239),ISNUMBER(J239),ISNUMBER(K239),ISNUMBER(O239),ISNUMBER(P239)),"Res Disc",IF(AND(COUNTIF(Q239:S239,"c")=1,ISNUMBER(P239)),"Res Disc",IF(AND(P239="c",ISNUMBER(Q239),ISNUMBER(R239),ISNUMBER(S239)),"Res Disc",IF(AND(K239="c",ISNUMBER(L239),ISNUMBER(M239),ISNUMBER(N239)),"Res Disc",IF(AND(ISNUMBER(K239),COUNTIF(L239:N239,"c")=1),"Res Disc","")))))) | U239: =IF(T239<>"","",IF(SUM(COUNTIF(I239:K239,"c"),COUNTIF(O239:P239,"c"))>1,"",IF(OR(AND(H239="c",OR(I239="c",J239="c",K239="c",O239="c",P239="c")),AND(H239<>"",I239="c",J239="c",K239="c",O239="c",P239="c"),AND(H239<>"",I239="",J239="",K239="",O239="",P239="")),"",IF(ABS(SUM(I239:K239,O239:P239)-SUM(H239))>0.9,SUM(I239:K239,O239:P239)-SUM(H239),"")))) | V239: =IF(T239<>"","",IF(OR(AND(K239="c",OR(L239="c",N239="c",M239="c")),AND(K239<>"",L239="c",M239="c",N239="c"),AND(K239<>"",L239="",N239="",M239="")),"",IF(COUNTIF(L239:N239,"c")>1,"",IF(ABS(SUM(L239:N239)-SUM(K239))>0.9,SUM(L239:N239)-SUM(K239),"")))) | W239: =IF(T239<>"","",IF(OR(AND(P239="c",OR(Q239="c",S239="c",R239="c")),AND(P239<>"",Q239="c",R239="c",S239="c"),AND(P239<>"",Q239="",S239="",R239="")),"",IF(COUNTIF(Q239:S239,"c")>1,"",IF(ABS(SUM(Q239:S239)-SUM(P239))>0.9,SUM(Q239:S239)-SUM(P239),""))))
B240: .381 | D240: .A | E240: 220 | F240: TC | G240: Turks and Caicos Islands | H240: ='Table 1'!H240 -> 170.92671 | J240: ='[1]Data CPIS- Banking'!$F221 -> 0 | K240: =IF(AND(L240="",M240="",N240=""),"",IF(OR(L240="c",M240="c",N240="c"),"c",SUM(L240:N240))) -> 170.92671 | L240: ='[1]Data CPIS- Insurance'!$F221 -> 0 | N240: ='[1]Data CPIS-Securities'!$F221 -> 170.92671 | P240: =IF(AND(Q240="",R240="",S240=""),"",IF(OR(Q240="c",R240="c",S240="c"),"c",SUM(Q240:S240))) | T240: =IF(AND(ISNUMBER(H240),SUM(COUNTIF(I240:K240,"c"),COUNTIF(O240:P240,"c"))=1),"Res Disc",IF(AND(H240="c",ISNUMBER(I240),ISNUMBER(J240),ISNUMBER(K240),ISNUMBER(O240),ISNUMBER(P240)),"Res Disc",IF(AND(COUNTIF(Q240:S240,"c")=1,ISNUMBER(P240)),"Res Disc",IF(AND(P240="c",ISNUMBER(Q240),ISNUMBER(R240),ISNUMBER(S240)),"Res Disc",IF(AND(K240="c",ISNUMBER(L240),ISNUMBER(M240),ISNUMBER(N240)),"Res Disc",IF(AND(ISNUMBER(K240),COUNTIF(L240:N240,"c")=1),"Res Disc","")))))) | U240: =IF(T240<>"","",IF(SUM(COUNTIF(I240:K240,"c"),COUNTIF(O240:P240,"c"))>1,"",IF(OR(AND(H240="c",OR(I240="c",J240="c",K240="c",O240="c",P240="c")),AND(H240<>"",I240="c",J240="c",K240="c",O240="c",P240="c"),AND(H240<>"",I240="",J240="",K240="",O240="",P240="")),"",IF(ABS(SUM(I240:K240,O240:P240)-SUM(H240))>0.9,SUM(I240:K240,O240:P240)-SUM(H240),"")))) | V240: =IF(T240<>"","",IF(OR(AND(K240="c",OR(L240="c",N240="c",M240="c")),AND(K240<>"",L240="c",M240="c",N240="c"),AND(K240<>"",L240="",N240="",M240="")),"",IF(COUNTIF(L240:N240,"c")>1,"",IF(ABS(SUM(L240:N240)-SUM(K240))>0.9,SUM(L240:N240)-SUM(K240),"")))) | W240: =IF(T240<>"","",IF(OR(AND(P240="c",OR(Q240="c",S240="c",R240="c")),AND(P240<>"",Q240="c",R240="c",S240="c"),AND(P240<>"",Q240="",S240="",R240="")),"",IF(COUNTIF(Q240:S240,"c")>1,"",IF(ABS(SUM(Q240:S240)-SUM(P240))>0.9,SUM(Q240:S240)-SUM(P240),""))))
B241: .869 | D241: .A | E241: 221 | F241: TV | G241: Tuvalu | H241: ='Table 1'!H241 -> 0 | J241: ='[1]Data CPIS- Banking'!$F222 -> 0 | K241: =IF(AND(L241="",M241="",N241=""),"",IF(OR(L241="c",M241="c",N241="c"),"c",SUM(L241:N241))) -> 0 | L241: ='[1]Data CPIS- Insurance'!$F222 -> 0 | N241: ='[1]Data CPIS-Securities'!$F222 -> 0 | P241: =IF(AND(Q241="",R241="",S241=""),"",IF(OR(Q241="c",R241="c",S241="c"),"c",SUM(Q241:S241))) | T241: =IF(AND(ISNUMBER(H241),SUM(COUNTIF(I241:K241,"c"),COUNTIF(O241:P241,"c"))=1),"Res Disc",IF(AND(H241="c",ISNUMBER(I241),ISNUMBER(J241),ISNUMBER(K241),ISNUMBER(O241),ISNUMBER(P241)),"Res Disc",IF(AND(COUNTIF(Q241:S241,"c")=1,ISNUMBER(P241)),"Res Disc",IF(AND(P241="c",ISNUMBER(Q241),ISNUMBER(R241),ISNUMBER(S241)),"Res Disc",IF(AND(K241="c",ISNUMBER(L241),ISNUMBER(M241),ISNUMBER(N241)),"Res Disc",IF(AND(ISNUMBER(K241),COUNTIF(L241:N241,"c")=1),"Res Disc","")))))) | U241: =IF(T241<>"","",IF(SUM(COUNTIF(I241:K241,"c"),COUNTIF(O241:P241,"c"))>1,"",IF(OR(AND(H241="c",OR(I241="c",J241="c",K241="c",O241="c",P241="c")),AND(H241<>"",I241="c",J241="c",K241="c",O241="c",P241="c"),AND(H241<>"",I241="",J241="",K241="",O241="",P241="")),"",IF(ABS(SUM(I241:K241,O241:P241)-SUM(H241))>0.9,SUM(I241:K241,O241:P241)-SUM(H241),"")))) | V241: =IF(T241<>"","",IF(OR(AND(K241="c",OR(L241="c",N241="c",M241="c")),AND(K241<>"",L241="c",M241="c",N241="c"),AND(K241<>"",L241="",N241="",M241="")),"",IF(COUNTIF(L241:N241,"c")>1,"",IF(ABS(SUM(L241:N241)-SUM(K241))>0.9,SUM(L241:N241)-SUM(K241),"")))) | W241: =IF(T241<>"","",IF(OR(AND(P241="c",OR(Q241="c",S241="c",R241="c")),AND(P241<>"",Q241="c",R241="c",S241="c"),AND(P241<>"",Q241="",S241="",R241="")),"",IF(COUNTIF(Q241:S241,"c")>1,"",IF(ABS(SUM(Q241:S241)-SUM(P241))>0.9,SUM(Q241:S241)-SUM(P241),""))))
B242: .746 | D242: .A | E242: 222 | F242: UG | G242: Uganda | H242: ='Table 1'!H242 -> 43.701723 | J242: ='[1]Data CPIS- Banking'!$F223 -> 0 | K242: =IF(AND(L242="",M242="",N242=""),"",IF(OR(L242="c",M242="c",N242="c"),"c",SUM(L242:N242))) -> 43.701723 | L242: ='[1]Data CPIS- Insurance'!$F223 -> 0 | N242: ='[1]Data CPIS-Securities'!$F223 -> 43.701723 | P242: =IF(AND(Q242="",R242="",S242=""),"",IF(OR(Q242="c",R242="c",S242="c"),"c",SUM(Q242:S242))) | T242: =IF(AND(ISNUMBER(H242),SUM(COUNTIF(I242:K242,"c"),COUNTIF(O242:P242,"c"))=1),"Res Disc",IF(AND(H242="c",ISNUMBER(I242),ISNUMBER(J242),ISNUMBER(K242),ISNUMBER(O242),ISNUMBER(P242)),"Res Disc",IF(AND(COUNTIF(Q242:S242,"c")=1,ISNUMBER(P242)),"Res Disc",IF(AND(P242="c",ISNUMBER(Q242),ISNUMBER(R242),ISNUMBER(S242)),"Res Disc",IF(AND(K242="c",ISNUMBER(L242),ISNUMBER(M242),ISNUMBER(N242)),"Res Disc",IF(AND(ISNUMBER(K242),COUNTIF(L242:N242,"c")=1),"Res Disc","")))))) | U242: =IF(T242<>"","",IF(SUM(COUNTIF(I242:K242,"c"),COUNTIF(O242:P242,"c"))>1,"",IF(OR(AND(H242="c",OR(I242="c",J242="c",K242="c",O242="c",P242="c")),AND(H242<>"",I242="c",J242="c",K242="c",O242="c",P242="c"),AND(H242<>"",I242="",J242="",K242="",O242="",P242="")),"",IF(ABS(SUM(I242:K242,O242:P242)-SUM(H242))>0.9,SUM(I242:K242,O242:P242)-SUM(H242),"")))) | V242: =IF(T242<>"","",IF(OR(AND(K242="c",OR(L242="c",N242="c",M242="c")),AND(K242<>"",L242="c",M242="c",N242="c"),AND(K242<>"",L242="",N242="",M242="")),"",IF(COUNTIF(L242:N242,"c")>1,"",IF(ABS(SUM(L242:N242)-SUM(K242))>0.9,SUM(L242:N242)-SUM(K242),"")))) | W242: =IF(T242<>"","",IF(OR(AND(P242="c",OR(Q242="c",S242="c",R242="c")),AND(P242<>"",Q242="c",R242="c",S242="c"),AND(P242<>"",Q242="",S242="",R242="")),"",IF(COUNTIF(Q242:S242,"c")>1,"",IF(ABS(SUM(Q242:S242)-SUM(P242))>0.9,SUM(Q242:S242)-SUM(P242),""))))
B243: .926 | D243: .A | E243: 223 | F243: UA | G243: Ukraine | H243: ='Table 1'!H243 -> 2151.6884 | J243: ='[1]Data CPIS- Banking'!$F224 -> 0 | K243: =IF(AND(L243="",M243="",N243=""),"",IF(OR(L243="c",M243="c",N243="c"),"c",SUM(L243:N243))) -> 2151.6884 | L243: ='[1]Data CPIS- Insurance'!$F224 -> 0 | N243: ='[1]Data CPIS-Securities'!$F224 -> 2151.6884 | P243: =IF(AND(Q243="",R243="",S243=""),"",IF(OR(Q243="c",R243="c",S243="c"),"c",SUM(Q243:S243))) | T243: =IF(AND(ISNUMBER(H243),SUM(COUNTIF(I243:K243,"c"),COUNTIF(O243:P243,"c"))=1),"Res Disc",IF(AND(H243="c",ISNUMBER(I243),ISNUMBER(J243),ISNUMBER(K243),ISNUMBER(O243),ISNUMBER(P243)),"Res Disc",IF(AND(COUNTIF(Q243:S243,"c")=1,ISNUMBER(P243)),"Res Disc",IF(AND(P243="c",ISNUMBER(Q243),ISNUMBER(R243),ISNUMBER(S243)),"Res Disc",IF(AND(K243="c",ISNUMBER(L243),ISNUMBER(M243),ISNUMBER(N243)),"Res Disc",IF(AND(ISNUMBER(K243),COUNTIF(L243:N243,"c")=1),"Res Disc","")))))) | U243: =IF(T243<>"","",IF(SUM(COUNTIF(I243:K243,"c"),COUNTIF(O243:P243,"c"))>1,"",IF(OR(AND(H243="c",OR(I243="c",J243="c",K243="c",O243="c",P243="c")),AND(H243<>"",I243="c",J243="c",K243="c",O243="c",P243="c"),AND(H243<>"",I243="",J243="",K243="",O243="",P243="")),"",IF(ABS(SUM(I243:K243,O243:P243)-SUM(H243))>0.9,SUM(I243:K243,O243:P243)-SUM(H243),"")))) | V243: =IF(T243<>"","",IF(OR(AND(K243="c",OR(L243="c",N243="c",M243="c")),AND(K243<>"",L243="c",M243="c",N243="c"),AND(K243<>"",L243="",N243="",M243="")),"",IF(COUNTIF(L243:N243,"c")>1,"",IF(ABS(SUM(L243:N243)-SUM(K243))>0.9,SUM(L243:N243)-SUM(K243),"")))) | W243: =IF(T243<>"","",IF(OR(AND(P243="c",OR(Q243="c",S243="c",R243="c")),AND(P243<>"",Q243="c",R243="c",S243="c"),AND(P243<>"",Q243="",S243="",R243="")),"",IF(COUNTIF(Q243:S243,"c")>1,"",IF(ABS(SUM(Q243:S243)-SUM(P243))>0.9,SUM(Q243:S243)-SUM(P243),""))))
B244: .466 | D244: .A | E244: 224 | F244: AE | G244: United Arab Emirates | H244: ='Table 1'!H244 -> 2419.028 | J244: ='[1]Data CPIS- Banking'!$F225 -> 323 | K244: =IF(AND(L244="",M244="",N244=""),"",IF(OR(L244="c",M244="c",N244="c"),"c",SUM(L244:N244))) -> 2096.028 | L244: ='[1]Data CPIS- Insurance'!$F225 -> 32.140004 | N244: ='[1]Data CPIS-Securities'!$F225 -> 2063.888 | P244: =IF(AND(Q244="",R244="",S244=""),"",IF(OR(Q244="c",R244="c",S244="c"),"c",SUM(Q244:S244))) | T244: =IF(AND(ISNUMBER(H244),SUM(COUNTIF(I244:K244,"c"),COUNTIF(O244:P244,"c"))=1),"Res Disc",IF(AND(H244="c",ISNUMBER(I244),ISNUMBER(J244),ISNUMBER(K244),ISNUMBER(O244),ISNUMBER(P244)),"Res Disc",IF(AND(COUNTIF(Q244:S244,"c")=1,ISNUMBER(P244)),"Res Disc",IF(AND(P244="c",ISNUMBER(Q244),ISNUMBER(R244),ISNUMBER(S244)),"Res Disc",IF(AND(K244="c",ISNUMBER(L244),ISNUMBER(M244),ISNUMBER(N244)),"Res Disc",IF(AND(ISNUMBER(K244),COUNTIF(L244:N244,"c")=1),"Res Disc","")))))) | U244: =IF(T244<>"","",IF(SUM(COUNTIF(I244:K244,"c"),COUNTIF(O244:P244,"c"))>1,"",IF(OR(AND(H244="c",OR(I244="c",J244="c",K244="c",O244="c",P244="c")),AND(H244<>"",I244="c",J244="c",K244="c",O244="c",P244="c"),AND(H244<>"",I244="",J244="",K244="",O244="",P244="")),"",IF(ABS(SUM(I244:K244,O244:P244)-SUM(H244))>0.9,SUM(I244:K244,O244:P244)-SUM(H244),"")))) | V244: =IF(T244<>"","",IF(OR(AND(K244="c",OR(L244="c",N244="c",M244="c")),AND(K244<>"",L244="c",M244="c",N244="c"),AND(K244<>"",L244="",N244="",M244="")),"",IF(COUNTIF(L244:N244,"c")>1,"",IF(ABS(SUM(L244:N244)-SUM(K244))>0.9,SUM(L244:N244)-SUM(K244),"")))) | W244: =IF(T244<>"","",IF(OR(AND(P244="c",OR(Q244="c",S244="c",R244="c")),AND(P244<>"",Q244="c",R244="c",S244="c"),AND(P244<>"",Q244="",S244="",R244="")),"",IF(COUNTIF(Q244:S244,"c")>1,"",IF(ABS(SUM(Q244:S244)-SUM(P244))>0.9,SUM(Q244:S244)-SUM(P244),""))))
B245: .112 | D245: .A | E245: 225 | F245: GB | G245: United Kingdom | H245: ='Table 1'!H245 -> 88534.001 | J245: ='[1]Data CPIS- Banking'!$F226 -> 3222 | K245: =IF(AND(L245="",M245="",N245=""),"",IF(OR(L245="c",M245="c",N245="c"),"c",SUM(L245:N245))) -> 85312.001 | L245: ='[1]Data CPIS- Insurance'!$F226 -> 207.22038 | N245: ='[1]Data CPIS-Securities'!$F226 -> 85104.78 | P245: =IF(AND(Q245="",R245="",S245=""),"",IF(OR(Q245="c",R245="c",S245="c"),"c",SUM(Q245:S245))) | T245: =IF(AND(ISNUMBER(H245),SUM(COUNTIF(I245:K245,"c"),COUNTIF(O245:P245,"c"))=1),"Res Disc",IF(AND(H245="c",ISNUMBER(I245),ISNUMBER(J245),ISNUMBER(K245),ISNUMBER(O245),ISNUMBER(P245)),"Res Disc",IF(AND(COUNTIF(Q245:S245,"c")=1,ISNUMBER(P245)),"Res Disc",IF(AND(P245="c",ISNUMBER(Q245),ISNUMBER(R245),ISNUMBER(S245)),"Res Disc",IF(AND(K245="c",ISNUMBER(L245),ISNUMBER(M245),ISNUMBER(N245)),"Res Disc",IF(AND(ISNUMBER(K245),COUNTIF(L245:N245,"c")=1),"Res Disc","")))))) | U245: =IF(T245<>"","",IF(SUM(COUNTIF(I245:K245,"c"),COUNTIF(O245:P245,"c"))>1,"",IF(OR(AND(H245="c",OR(I245="c",J245="c",K245="c",O245="c",P245="c")),AND(H245<>"",I245="c",J245="c",K245="c",O245="c",P245="c"),AND(H245<>"",I245="",J245="",K245="",O245="",P245="")),"",IF(ABS(SUM(I245:K245,O245:P245)-SUM(H245))>0.9,SUM(I245:K245,O245:P245)-SUM(H245),"")))) | V245: =IF(T245<>"","",IF(OR(AND(K245="c",OR(L245="c",N245="c",M245="c")),AND(K245<>"",L245="c",M245="c",N245="c"),AND(K245<>"",L245="",N245="",M245="")),"",IF(COUNTIF(L245:N245,"c")>1,"",IF(ABS(SUM(L245:N245)-SUM(K245))>0.9,SUM(L245:N245)-SUM(K245),"")))) | W245: =IF(T245<>"","",IF(OR(AND(P245="c",OR(Q245="c",S245="c",R245="c")),AND(P245<>"",Q245="c",R245="c",S245="c"),AND(P245<>"",Q245="",S245="",R245="")),"",IF(COUNTIF(Q245:S245,"c")>1,"",IF(ABS(SUM(Q245:S245)-SUM(P245))>0.9,SUM(Q245:S245)-SUM(P245),""))))
B246: .111 | D246: .A | E246: 226 | F246: US | G246: United States | H246: ='Table 1'!H246 -> 1928882.7 | J246: ='[1]Data CPIS- Banking'!$F227 -> 20184 | K246: =IF(AND(L246="",M246="",N246=""),"",IF(OR(L246="c",M246="c",N246="c"),"c",SUM(L246:N246))) -> 1908698.8 | L246: ='[1]Data CPIS- Insurance'!$F227+0.15-M246 -> 19437.37 | M246: ='Table 3.1'!M246+'Table 3.2'!M246 -> 615.00369 | N246: ='[1]Data CPIS-Securities'!$F227 -> 1888646.4 | P246: =IF(AND(Q246="",R246="",S246=""),"",IF(OR(Q246="c",R246="c",S246="c"),"c",SUM(Q246:S246))) | T246: =IF(AND(ISNUMBER(H246),SUM(COUNTIF(I246:K246,"c"),COUNTIF(O246:P246,"c"))=1),"Res Disc",IF(AND(H246="c",ISNUMBER(I246),ISNUMBER(J246),ISNUMBER(K246),ISNUMBER(O246),ISNUMBER(P246)),"Res Disc",IF(AND(COUNTIF(Q246:S246,"c")=1,ISNUMBER(P246)),"Res Disc",IF(AND(P246="c",ISNUMBER(Q246),ISNUMBER(R246),ISNUMBER(S246)),"Res Disc",IF(AND(K246="c",ISNUMBER(L246),ISNUMBER(M246),ISNUMBER(N246)),"Res Disc",IF(AND(ISNUMBER(K246),COUNTIF(L246:N246,"c")=1),"Res Disc","")))))) | U246: =IF(T246<>"","",IF(SUM(COUNTIF(I246:K246,"c"),COUNTIF(O246:P246,"c"))>1,"",IF(OR(AND(H246="c",OR(I246="c",J246="c",K246="c",O246="c",P246="c")),AND(H246<>"",I246="c",J246="c",K246="c",O246="c",P246="c"),AND(H246<>"",I246="",J246="",K246="",O246="",P246="")),"",IF(ABS(SUM(I246:K246,O246:P246)-SUM(H246))>0.9,SUM(I246:K246,O246:P246)-SUM(H246),"")))) | V246: =IF(T246<>"","",IF(OR(AND(K246="c",OR(L246="c",N246="c",M246="c")),AND(K246<>"",L246="c",M246="c",N246="c"),AND(K246<>"",L246="",N246="",M246="")),"",IF(COUNTIF(L246:N246,"c")>1,"",IF(ABS(SUM(L246:N246)-SUM(K246))>0.9,SUM(L246:N246)-SUM(K246),"")))) | W246: =IF(T246<>"","",IF(OR(AND(P246="c",OR(Q246="c",S246="c",R246="c")),AND(P246<>"",Q246="c",R246="c",S246="c"),AND(P246<>"",Q246="",S246="",R246="")),"",IF(COUNTIF(Q246:S246,"c")>1,"",IF(ABS(SUM(Q246:S246)-SUM(P246))>0.9,SUM(Q246:S246)-SUM(P246),""))))
B247: .374 | D247: .A | E247: 227 | F247: UM | G247: United States Minor Outlying Islands | H247: ='Table 1'!H247 -> 1574.6307 | J247: ='[1]Data CPIS- Banking'!$F228 -> 0 | K247: =IF(AND(L247="",M247="",N247=""),"",IF(OR(L247="c",M247="c",N247="c"),"c",SUM(L247:N247))) -> 1574.6307 | L247: ='[1]Data CPIS- Insurance'!$F228 -> 0 | N247: ='[1]Data CPIS-Securities'!$F228 -> 1574.6307 | P247: =IF(AND(Q247="",R247="",S247=""),"",IF(OR(Q247="c",R247="c",S247="c"),"c",SUM(Q247:S247))) | T247: =IF(AND(ISNUMBER(H247),SUM(COUNTIF(I247:K247,"c"),COUNTIF(O247:P247,"c"))=1),"Res Disc",IF(AND(H247="c",ISNUMBER(I247),ISNUMBER(J247),ISNUMBER(K247),ISNUMBER(O247),ISNUMBER(P247)),"Res Disc",IF(AND(COUNTIF(Q247:S247,"c")=1,ISNUMBER(P247)),"Res Disc",IF(AND(P247="c",ISNUMBER(Q247),ISNUMBER(R247),ISNUMBER(S247)),"Res Disc",IF(AND(K247="c",ISNUMBER(L247),ISNUMBER(M247),ISNUMBER(N247)),"Res Disc",IF(AND(ISNUMBER(K247),COUNTIF(L247:N247,"c")=1),"Res Disc","")))))) | U247: =IF(T247<>"","",IF(SUM(COUNTIF(I247:K247,"c"),COUNTIF(O247:P247,"c"))>1,"",IF(OR(AND(H247="c",OR(I247="c",J247="c",K247="c",O247="c",P247="c")),AND(H247<>"",I247="c",J247="c",K247="c",O247="c",P247="c"),AND(H247<>"",I247="",J247="",K247="",O247="",P247="")),"",IF(ABS(SUM(I247:K247,O247:P247)-SUM(H247))>0.9,SUM(I247:K247,O247:P247)-SUM(H247),"")))) | V247: =IF(T247<>"","",IF(OR(AND(K247="c",OR(L247="c",N247="c",M247="c")),AND(K247<>"",L247="c",M247="c",N247="c"),AND(K247<>"",L247="",N247="",M247="")),"",IF(COUNTIF(L247:N247,"c")>1,"",IF(ABS(SUM(L247:N247)-SUM(K247))>0.9,SUM(L247:N247)-SUM(K247),"")))) | W247: =IF(T247<>"","",IF(OR(AND(P247="c",OR(Q247="c",S247="c",R247="c")),AND(P247<>"",Q247="c",R247="c",S247="c"),AND(P247<>"",Q247="",S247="",R247="")),"",IF(COUNTIF(Q247:S247,"c")>1,"",IF(ABS(SUM(Q247:S247)-SUM(P247))>0.9,SUM(Q247:S247)-SUM(P247),""))))
B248: .298 | D248: .A | E248: 228 | F248: UY | G248: Uruguay | H248: ='Table 1'!H248 -> 50.907276 | J248: ='[1]Data CPIS- Banking'!$F229 -> 0 | K248: =IF(AND(L248="",M248="",N248=""),"",IF(OR(L248="c",M248="c",N248="c"),"c",SUM(L248:N248))) -> 50.907276 | L248: ='[1]Data CPIS- Insurance'!$F229 -> 4.7726516 | N248: ='[1]Data CPIS-Securities'!$F229 -> 46.134624 | P248: =IF(AND(Q248="",R248="",S248=""),"",IF(OR(Q248="c",R248="c",S248="c"),"c",SUM(Q248:S248))) | T248: =IF(AND(ISNUMBER(H248),SUM(COUNTIF(I248:K248,"c"),COUNTIF(O248:P248,"c"))=1),"Res Disc",IF(AND(H248="c",ISNUMBER(I248),ISNUMBER(J248),ISNUMBER(K248),ISNUMBER(O248),ISNUMBER(P248)),"Res Disc",IF(AND(COUNTIF(Q248:S248,"c")=1,ISNUMBER(P248)),"Res Disc",IF(AND(P248="c",ISNUMBER(Q248),ISNUMBER(R248),ISNUMBER(S248)),"Res Disc",IF(AND(K248="c",ISNUMBER(L248),ISNUMBER(M248),ISNUMBER(N248)),"Res Disc",IF(AND(ISNUMBER(K248),COUNTIF(L248:N248,"c")=1),"Res Disc","")))))) | U248: =IF(T248<>"","",IF(SUM(COUNTIF(I248:K248,"c"),COUNTIF(O248:P248,"c"))>1,"",IF(OR(AND(H248="c",OR(I248="c",J248="c",K248="c",O248="c",P248="c")),AND(H248<>"",I248="c",J248="c",K248="c",O248="c",P248="c"),AND(H248<>"",I248="",J248="",K248="",O248="",P248="")),"",IF(ABS(SUM(I248:K248,O248:P248)-SUM(H248))>0.9,SUM(I248:K248,O248:P248)-SUM(H248),"")))) | V248: =IF(T248<>"","",IF(OR(AND(K248="c",OR(L248="c",N248="c",M248="c")),AND(K248<>"",L248="c",M248="c",N248="c"),AND(K248<>"",L248="",N248="",M248="")),"",IF(COUNTIF(L248:N248,"c")>1,"",IF(ABS(SUM(L248:N248)-SUM(K248))>0.9,SUM(L248:N248)-SUM(K248),"")))) | W248: =IF(T248<>"","",IF(OR(AND(P248="c",OR(Q248="c",S248="c",R248="c")),AND(P248<>"",Q248="c",R248="c",S248="c"),AND(P248<>"",Q248="",S248="",R248="")),"",IF(COUNTIF(Q248:S248,"c")>1,"",IF(ABS(SUM(Q248:S248)-SUM(P248))>0.9,SUM(Q248:S248)-SUM(P248),""))))
B249: .927 | D249: .A | E249: 229 | F249: UZ | G249: Uzbekistan | H249: ='Table 1'!H249 -> 41.012713 | J249: ='[1]Data CPIS- Banking'!$F230 -> 0 | K249: =IF(AND(L249="",M249="",N249=""),"",IF(OR(L249="c",M249="c",N249="c"),"c",SUM(L249:N249))) -> 41.012713 | L249: ='[1]Data CPIS- Insurance'!$F230 -> 0 | N249: ='[1]Data CPIS-Securities'!$F230 -> 41.012713 | P249: =IF(AND(Q249="",R249="",S249=""),"",IF(OR(Q249="c",R249="c",S249="c"),"c",SUM(Q249:S249))) | T249: =IF(AND(ISNUMBER(H249),SUM(COUNTIF(I249:K249,"c"),COUNTIF(O249:P249,"c"))=1),"Res Disc",IF(AND(H249="c",ISNUMBER(I249),ISNUMBER(J249),ISNUMBER(K249),ISNUMBER(O249),ISNUMBER(P249)),"Res Disc",IF(AND(COUNTIF(Q249:S249,"c")=1,ISNUMBER(P249)),"Res Disc",IF(AND(P249="c",ISNUMBER(Q249),ISNUMBER(R249),ISNUMBER(S249)),"Res Disc",IF(AND(K249="c",ISNUMBER(L249),ISNUMBER(M249),ISNUMBER(N249)),"Res Disc",IF(AND(ISNUMBER(K249),COUNTIF(L249:N249,"c")=1),"Res Disc","")))))) | U249: =IF(T249<>"","",IF(SUM(COUNTIF(I249:K249,"c"),COUNTIF(O249:P249,"c"))>1,"",IF(OR(AND(H249="c",OR(I249="c",J249="c",K249="c",O249="c",P249="c")),AND(H249<>"",I249="c",J249="c",K249="c",O249="c",P249="c"),AND(H249<>"",I249="",J249="",K249="",O249="",P249="")),"",IF(ABS(SUM(I249:K249,O249:P249)-SUM(H249))>0.9,SUM(I249:K249,O249:P249)-SUM(H249),"")))) | V249: =IF(T249<>"","",IF(OR(AND(K249="c",OR(L249="c",N249="c",M249="c")),AND(K249<>"",L249="c",M249="c",N249="c"),AND(K249<>"",L249="",N249="",M249="")),"",IF(COUNTIF(L249:N249,"c")>1,"",IF(ABS(SUM(L249:N249)-SUM(K249))>0.9,SUM(L249:N249)-SUM(K249),"")))) | W249: =IF(T249<>"","",IF(OR(AND(P249="c",OR(Q249="c",S249="c",R249="c")),AND(P249<>"",Q249="c",R249="c",S249="c"),AND(P249<>"",Q249="",S249="",R249="")),"",IF(COUNTIF(Q249:S249,"c")>1,"",IF(ABS(SUM(Q249:S249)-SUM(P249))>0.9,SUM(Q249:S249)-SUM(P249),""))))
B250: .846 | D250: .A | E250: 230 | F250: VU | G250: Vanuatu | H250: ='Table 1'!H250 -> 0 | J250: ='[1]Data CPIS- Banking'!$F231 -> 0 | K250: =IF(AND(L250="",M250="",N250=""),"",IF(OR(L250="c",M250="c",N250="c"),"c",SUM(L250:N250))) -> 0 | L250: ='[1]Data CPIS- Insurance'!$F231 -> 0 | N250: ='[1]Data CPIS-Securities'!$F231 -> 0 | P250: =IF(AND(Q250="",R250="",S250=""),"",IF(OR(Q250="c",R250="c",S250="c"),"c",SUM(Q250:S250))) | T250: =IF(AND(ISNUMBER(H250),SUM(COUNTIF(I250:K250,"c"),COUNTIF(O250:P250,"c"))=1),"Res Disc",IF(AND(H250="c",ISNUMBER(I250),ISNUMBER(J250),ISNUMBER(K250),ISNUMBER(O250),ISNUMBER(P250)),"Res Disc",IF(AND(COUNTIF(Q250:S250,"c")=1,ISNUMBER(P250)),"Res Disc",IF(AND(P250="c",ISNUMBER(Q250),ISNUMBER(R250),ISNUMBER(S250)),"Res Disc",IF(AND(K250="c",ISNUMBER(L250),ISNUMBER(M250),ISNUMBER(N250)),"Res Disc",IF(AND(ISNUMBER(K250),COUNTIF(L250:N250,"c")=1),"Res Disc","")))))) | U250: =IF(T250<>"","",IF(SUM(COUNTIF(I250:K250,"c"),COUNTIF(O250:P250,"c"))>1,"",IF(OR(AND(H250="c",OR(I250="c",J250="c",K250="c",O250="c",P250="c")),AND(H250<>"",I250="c",J250="c",K250="c",O250="c",P250="c"),AND(H250<>"",I250="",J250="",K250="",O250="",P250="")),"",IF(ABS(SUM(I250:K250,O250:P250)-SUM(H250))>0.9,SUM(I250:K250,O250:P250)-SUM(H250),"")))) | V250: =IF(T250<>"","",IF(OR(AND(K250="c",OR(L250="c",N250="c",M250="c")),AND(K250<>"",L250="c",M250="c",N250="c"),AND(K250<>"",L250="",N250="",M250="")),"",IF(COUNTIF(L250:N250,"c")>1,"",IF(ABS(SUM(L250:N250)-SUM(K250))>0.9,SUM(L250:N250)-SUM(K250),"")))) | W250: =IF(T250<>"","",IF(OR(AND(P250="c",OR(Q250="c",S250="c",R250="c")),AND(P250<>"",Q250="c",R250="c",S250="c"),AND(P250<>"",Q250="",S250="",R250="")),"",IF(COUNTIF(Q250:S250,"c")>1,"",IF(ABS(SUM(Q250:S250)-SUM(P250))>0.9,SUM(Q250:S250)-SUM(P250),""))))
B251: .187 | D251: .A | E251: 231 | F251: VA | G251: Vatican City State | H251: ='Table 1'!H251 -> 0 | J251: ='[1]Data CPIS- Banking'!$F232 -> 0 | K251: =IF(AND(L251="",M251="",N251=""),"",IF(OR(L251="c",M251="c",N251="c"),"c",SUM(L251:N251))) -> 0 | L251: ='[1]Data CPIS- Insurance'!$F232 -> 0 | N251: ='[1]Data CPIS-Securities'!$F232 -> 0 | P251: =IF(AND(Q251="",R251="",S251=""),"",IF(OR(Q251="c",R251="c",S251="c"),"c",SUM(Q251:S251))) | T251: =IF(AND(ISNUMBER(H251),SUM(COUNTIF(I251:K251,"c"),COUNTIF(O251:P251,"c"))=1),"Res Disc",IF(AND(H251="c",ISNUMBER(I251),ISNUMBER(J251),ISNUMBER(K251),ISNUMBER(O251),ISNUMBER(P251)),"Res Disc",IF(AND(COUNTIF(Q251:S251,"c")=1,ISNUMBER(P251)),"Res Disc",IF(AND(P251="c",ISNUMBER(Q251),ISNUMBER(R251),ISNUMBER(S251)),"Res Disc",IF(AND(K251="c",ISNUMBER(L251),ISNUMBER(M251),ISNUMBER(N251)),"Res Disc",IF(AND(ISNUMBER(K251),COUNTIF(L251:N251,"c")=1),"Res Disc","")))))) | U251: =IF(T251<>"","",IF(SUM(COUNTIF(I251:K251,"c"),COUNTIF(O251:P251,"c"))>1,"",IF(OR(AND(H251="c",OR(I251="c",J251="c",K251="c",O251="c",P251="c")),AND(H251<>"",I251="c",J251="c",K251="c",O251="c",P251="c"),AND(H251<>"",I251="",J251="",K251="",O251="",P251="")),"",IF(ABS(SUM(I251:K251,O251:P251)-SUM(H251))>0.9,SUM(I251:K251,O251:P251)-SUM(H251),"")))) | V251: =IF(T251<>"","",IF(OR(AND(K251="c",OR(L251="c",N251="c",M251="c")),AND(K251<>"",L251="c",M251="c",N251="c"),AND(K251<>"",L251="",N251="",M251="")),"",IF(COUNTIF(L251:N251,"c")>1,"",IF(ABS(SUM(L251:N251)-SUM(K251))>0.9,SUM(L251:N251)-SUM(K251),"")))) | W251: =IF(T251<>"","",IF(OR(AND(P251="c",OR(Q251="c",S251="c",R251="c")),AND(P251<>"",Q251="c",R251="c",S251="c"),AND(P251<>"",Q251="",S251="",R251="")),"",IF(COUNTIF(Q251:S251,"c")>1,"",IF(ABS(SUM(Q251:S251)-SUM(P251))>0.9,SUM(Q251:S251)-SUM(P251),""))))
B252: .299 | D252: .A | E252: 232 | F252: VE | G252: Venezuela, República Bolivariana de | H252: ='Table 1'!H252 -> 305.80267 | J252: ='[1]Data CPIS- Banking'!$F233 -> 0 | K252: =IF(AND(L252="",M252="",N252=""),"",IF(OR(L252="c",M252="c",N252="c"),"c",SUM(L252:N252))) -> 305.80267 | L252: ='[1]Data CPIS- Insurance'!$F233 -> 0.50454674 | N252: ='[1]Data CPIS-Securities'!$F233 -> 305.29812 | P252: =IF(AND(Q252="",R252="",S252=""),"",IF(OR(Q252="c",R252="c",S252="c"),"c",SUM(Q252:S252))) | T252: =IF(AND(ISNUMBER(H252),SUM(COUNTIF(I252:K252,"c"),COUNTIF(O252:P252,"c"))=1),"Res Disc",IF(AND(H252="c",ISNUMBER(I252),ISNUMBER(J252),ISNUMBER(K252),ISNUMBER(O252),ISNUMBER(P252)),"Res Disc",IF(AND(COUNTIF(Q252:S252,"c")=1,ISNUMBER(P252)),"Res Disc",IF(AND(P252="c",ISNUMBER(Q252),ISNUMBER(R252),ISNUMBER(S252)),"Res Disc",IF(AND(K252="c",ISNUMBER(L252),ISNUMBER(M252),ISNUMBER(N252)),"Res Disc",IF(AND(ISNUMBER(K252),COUNTIF(L252:N252,"c")=1),"Res Disc","")))))) | U252: =IF(T252<>"","",IF(SUM(COUNTIF(I252:K252,"c"),COUNTIF(O252:P252,"c"))>1,"",IF(OR(AND(H252="c",OR(I252="c",J252="c",K252="c",O252="c",P252="c")),AND(H252<>"",I252="c",J252="c",K252="c",O252="c",P252="c"),AND(H252<>"",I252="",J252="",K252="",O252="",P252="")),"",IF(ABS(SUM(I252:K252,O252:P252)-SUM(H252))>0.9,SUM(I252:K252,O252:P252)-SUM(H252),"")))) | V252: =IF(T252<>"","",IF(OR(AND(K252="c",OR(L252="c",N252="c",M252="c")),AND(K252<>"",L252="c",M252="c",N252="c"),AND(K252<>"",L252="",N252="",M252="")),"",IF(COUNTIF(L252:N252,"c")>1,"",IF(ABS(SUM(L252:N252)-SUM(K252))>0.9,SUM(L252:N252)-SUM(K252),"")))) | W252: =IF(T252<>"","",IF(OR(AND(P252="c",OR(Q252="c",S252="c",R252="c")),AND(P252<>"",Q252="c",R252="c",S252="c"),AND(P252<>"",Q252="",S252="",R252="")),"",IF(COUNTIF(Q252:S252,"c")>1,"",IF(ABS(SUM(Q252:S252)-SUM(P252))>0.9,SUM(Q252:S252)-SUM(P252),""))))
B253: .582 | D253: .A | E253: 233 | F253: VN | G253: Vietnam | H253: ='Table 1'!H253 -> 1842.5509 | J253: ='[1]Data CPIS- Banking'!$F234 -> 0 | K253: =IF(AND(L253="",M253="",N253=""),"",IF(OR(L253="c",M253="c",N253="c"),"c",SUM(L253:N253))) -> 1842.5509 | L253: ='[1]Data CPIS- Insurance'!$F234 -> 0.292746 | N253: ='[1]Data CPIS-Securities'!$F234 -> 1842.2582 | P253: =IF(AND(Q253="",R253="",S253=""),"",IF(OR(Q253="c",R253="c",S253="c"),"c",SUM(Q253:S253))) | T253: =IF(AND(ISNUMBER(H253),SUM(COUNTIF(I253:K253,"c"),COUNTIF(O253:P253,"c"))=1),"Res Disc",IF(AND(H253="c",ISNUMBER(I253),ISNUMBER(J253),ISNUMBER(K253),ISNUMBER(O253),ISNUMBER(P253)),"Res Disc",IF(AND(COUNTIF(Q253:S253,"c")=1,ISNUMBER(P253)),"Res Disc",IF(AND(P253="c",ISNUMBER(Q253),ISNUMBER(R253),ISNUMBER(S253)),"Res Disc",IF(AND(K253="c",ISNUMBER(L253),ISNUMBER(M253),ISNUMBER(N253)),"Res Disc",IF(AND(ISNUMBER(K253),COUNTIF(L253:N253,"c")=1),"Res Disc","")))))) | U253: =IF(T253<>"","",IF(SUM(COUNTIF(I253:K253,"c"),COUNTIF(O253:P253,"c"))>1,"",IF(OR(AND(H253="c",OR(I253="c",J253="c",K253="c",O253="c",P253="c")),AND(H253<>"",I253="c",J253="c",K253="c",O253="c",P253="c"),AND(H253<>"",I253="",J253="",K253="",O253="",P253="")),"",IF(ABS(SUM(I253:K253,O253:P253)-SUM(H253))>0.9,SUM(I253:K253,O253:P253)-SUM(H253),"")))) | V253: =IF(T253<>"","",IF(OR(AND(K253="c",OR(L253="c",N253="c",M253="c")),AND(K253<>"",L253="c",M253="c",N253="c"),AND(K253<>"",L253="",N253="",M253="")),"",IF(COUNTIF(L253:N253,"c")>1,"",IF(ABS(SUM(L253:N253)-SUM(K253))>0.9,SUM(L253:N253)-SUM(K253),"")))) | W253: =IF(T253<>"","",IF(OR(AND(P253="c",OR(Q253="c",S253="c",R253="c")),AND(P253<>"",Q253="c",R253="c",S253="c"),AND(P253<>"",Q253="",S253="",R253="")),"",IF(COUNTIF(Q253:S253,"c")>1,"",IF(ABS(SUM(Q253:S253)-SUM(P253))>0.9,SUM(Q253:S253)-SUM(P253),""))))
B254: .371 | D254: .A | E254: 234 | F254: VG | G254: Virgin Islands, British | H254: ='Table 1'!H254 -> 5706.5978 | J254: ='[1]Data CPIS- Banking'!$F235 -> 12 | K254: =IF(AND(L254="",M254="",N254=""),"",IF(OR(L254="c",M254="c",N254="c"),"c",SUM(L254:N254))) -> 5694.5978 | L254: ='[1]Data CPIS- Insurance'!$F235 -> 107.31832 | N254: ='[1]Data CPIS-Securities'!$F235 -> 5587.2795 | P254: =IF(AND(Q254="",R254="",S254=""),"",IF(OR(Q254="c",R254="c",S254="c"),"c",SUM(Q254:S254))) | T254: =IF(AND(ISNUMBER(H254),SUM(COUNTIF(I254:K254,"c"),COUNTIF(O254:P254,"c"))=1),"Res Disc",IF(AND(H254="c",ISNUMBER(I254),ISNUMBER(J254),ISNUMBER(K254),ISNUMBER(O254),ISNUMBER(P254)),"Res Disc",IF(AND(COUNTIF(Q254:S254,"c")=1,ISNUMBER(P254)),"Res Disc",IF(AND(P254="c",ISNUMBER(Q254),ISNUMBER(R254),ISNUMBER(S254)),"Res Disc",IF(AND(K254="c",ISNUMBER(L254),ISNUMBER(M254),ISNUMBER(N254)),"Res Disc",IF(AND(ISNUMBER(K254),COUNTIF(L254:N254,"c")=1),"Res Disc","")))))) | U254: =IF(T254<>"","",IF(SUM(COUNTIF(I254:K254,"c"),COUNTIF(O254:P254,"c"))>1,"",IF(OR(AND(H254="c",OR(I254="c",J254="c",K254="c",O254="c",P254="c")),AND(H254<>"",I254="c",J254="c",K254="c",O254="c",P254="c"),AND(H254<>"",I254="",J254="",K254="",O254="",P254="")),"",IF(ABS(SUM(I254:K254,O254:P254)-SUM(H254))>0.9,SUM(I254:K254,O254:P254)-SUM(H254),"")))) | V254: =IF(T254<>"","",IF(OR(AND(K254="c",OR(L254="c",N254="c",M254="c")),AND(K254<>"",L254="c",M254="c",N254="c"),AND(K254<>"",L254="",N254="",M254="")),"",IF(COUNTIF(L254:N254,"c")>1,"",IF(ABS(SUM(L254:N254)-SUM(K254))>0.9,SUM(L254:N254)-SUM(K254),"")))) | W254: =IF(T254<>"","",IF(OR(AND(P254="c",OR(Q254="c",S254="c",R254="c")),AND(P254<>"",Q254="c",R254="c",S254="c"),AND(P254<>"",Q254="",S254="",R254="")),"",IF(COUNTIF(Q254:S254,"c")>1,"",IF(ABS(SUM(Q254:S254)-SUM(P254))>0.9,SUM(Q254:S254)-SUM(P254),""))))
B255: .373 | D255: .A | E255: 235 | F255: VI | G255: Virgin Islands, U.S. | H255: ='Table 1'!H255 -> 18.554802 | J255: ='[1]Data CPIS- Banking'!$F236 -> 0 | K255: =IF(AND(L255="",M255="",N255=""),"",IF(OR(L255="c",M255="c",N255="c"),"c",SUM(L255:N255))) -> 18.554802 | L255: ='[1]Data CPIS- Insurance'!$F236 -> 0 | N255: ='[1]Data CPIS-Securities'!$F236 -> 18.554802 | P255: =IF(AND(Q255="",R255="",S255=""),"",IF(OR(Q255="c",R255="c",S255="c"),"c",SUM(Q255:S255))) | T255: =IF(AND(ISNUMBER(H255),SUM(COUNTIF(I255:K255,"c"),COUNTIF(O255:P255,"c"))=1),"Res Disc",IF(AND(H255="c",ISNUMBER(I255),ISNUMBER(J255),ISNUMBER(K255),ISNUMBER(O255),ISNUMBER(P255)),"Res Disc",IF(AND(COUNTIF(Q255:S255,"c")=1,ISNUMBER(P255)),"Res Disc",IF(AND(P255="c",ISNUMBER(Q255),ISNUMBER(R255),ISNUMBER(S255)),"Res Disc",IF(AND(K255="c",ISNUMBER(L255),ISNUMBER(M255),ISNUMBER(N255)),"Res Disc",IF(AND(ISNUMBER(K255),COUNTIF(L255:N255,"c")=1),"Res Disc","")))))) | U255: =IF(T255<>"","",IF(SUM(COUNTIF(I255:K255,"c"),COUNTIF(O255:P255,"c"))>1,"",IF(OR(AND(H255="c",OR(I255="c",J255="c",K255="c",O255="c",P255="c")),AND(H255<>"",I255="c",J255="c",K255="c",O255="c",P255="c"),AND(H255<>"",I255="",J255="",K255="",O255="",P255="")),"",IF(ABS(SUM(I255:K255,O255:P255)-SUM(H255))>0.9,SUM(I255:K255,O255:P255)-SUM(H255),"")))) | V255: =IF(T255<>"","",IF(OR(AND(K255="c",OR(L255="c",N255="c",M255="c")),AND(K255<>"",L255="c",M255="c",N255="c"),AND(K255<>"",L255="",N255="",M255="")),"",IF(COUNTIF(L255:N255,"c")>1,"",IF(ABS(SUM(L255:N255)-SUM(K255))>0.9,SUM(L255:N255)-SUM(K255),"")))) | W255: =IF(T255<>"","",IF(OR(AND(P255="c",OR(Q255="c",S255="c",R255="c")),AND(P255<>"",Q255="c",R255="c",S255="c"),AND(P255<>"",Q255="",S255="",R255="")),"",IF(COUNTIF(Q255:S255,"c")>1,"",IF(ABS(SUM(Q255:S255)-SUM(P255))>0.9,SUM(Q255:S255)-SUM(P255),""))))
B256: .857 | D256: .A | E256: 236 | F256: WF | G256: Wallis and Futuna Islands | H256: ='Table 1'!H256 -> 0 | J256: ='[1]Data CPIS- Banking'!$F237 -> 0 | K256: =IF(AND(L256="",M256="",N256=""),"",IF(OR(L256="c",M256="c",N256="c"),"c",SUM(L256:N256))) -> 0 | L256: ='[1]Data CPIS- Insurance'!$F237 -> 0 | N256: ='[1]Data CPIS-Securities'!$F237 -> 0 | P256: =IF(AND(Q256="",R256="",S256=""),"",IF(OR(Q256="c",R256="c",S256="c"),"c",SUM(Q256:S256))) | T256: =IF(AND(ISNUMBER(H256),SUM(COUNTIF(I256:K256,"c"),COUNTIF(O256:P256,"c"))=1),"Res Disc",IF(AND(H256="c",ISNUMBER(I256),ISNUMBER(J256),ISNUMBER(K256),ISNUMBER(O256),ISNUMBER(P256)),"Res Disc",IF(AND(COUNTIF(Q256:S256,"c")=1,ISNUMBER(P256)),"Res Disc",IF(AND(P256="c",ISNUMBER(Q256),ISNUMBER(R256),ISNUMBER(S256)),"Res Disc",IF(AND(K256="c",ISNUMBER(L256),ISNUMBER(M256),ISNUMBER(N256)),"Res Disc",IF(AND(ISNUMBER(K256),COUNTIF(L256:N256,"c")=1),"Res Disc","")))))) | U256: =IF(T256<>"","",IF(SUM(COUNTIF(I256:K256,"c"),COUNTIF(O256:P256,"c"))>1,"",IF(OR(AND(H256="c",OR(I256="c",J256="c",K256="c",O256="c",P256="c")),AND(H256<>"",I256="c",J256="c",K256="c",O256="c",P256="c"),AND(H256<>"",I256="",J256="",K256="",O256="",P256="")),"",IF(ABS(SUM(I256:K256,O256:P256)-SUM(H256))>0.9,SUM(I256:K256,O256:P256)-SUM(H256),"")))) | V256: =IF(T256<>"","",IF(OR(AND(K256="c",OR(L256="c",N256="c",M256="c")),AND(K256<>"",L256="c",M256="c",N256="c"),AND(K256<>"",L256="",N256="",M256="")),"",IF(COUNTIF(L256:N256,"c")>1,"",IF(ABS(SUM(L256:N256)-SUM(K256))>0.9,SUM(L256:N256)-SUM(K256),"")))) | W256: =IF(T256<>"","",IF(OR(AND(P256="c",OR(Q256="c",S256="c",R256="c")),AND(P256<>"",Q256="c",R256="c",S256="c"),AND(P256<>"",Q256="",S256="",R256="")),"",IF(COUNTIF(Q256:S256,"c")>1,"",IF(ABS(SUM(Q256:S256)-SUM(P256))>0.9,SUM(Q256:S256)-SUM(P256),""))))
B257: .487 | D257: .A | E257: 237 | F257: PS | G257: West Bank and Gaza Strip | H257: ='Table 1'!H257 -> 0 | J257: ='[1]Data CPIS- Banking'!$F238 -> 0 | K257: =IF(AND(L257="",M257="",N257=""),"",IF(OR(L257="c",M257="c",N257="c"),"c",SUM(L257:N257))) -> 0 | L257: ='[1]Data CPIS- Insurance'!$F238 -> 0 | N257: ='[1]Data CPIS-Securities'!$F238 -> 0 | P257: =IF(AND(Q257="",R257="",S257=""),"",IF(OR(Q257="c",R257="c",S257="c"),"c",SUM(Q257:S257))) | T257: =IF(AND(ISNUMBER(H257),SUM(COUNTIF(I257:K257,"c"),COUNTIF(O257:P257,"c"))=1),"Res Disc",IF(AND(H257="c",ISNUMBER(I257),ISNUMBER(J257),ISNUMBER(K257),ISNUMBER(O257),ISNUMBER(P257)),"Res Disc",IF(AND(COUNTIF(Q257:S257,"c")=1,ISNUMBER(P257)),"Res Disc",IF(AND(P257="c",ISNUMBER(Q257),ISNUMBER(R257),ISNUMBER(S257)),"Res Disc",IF(AND(K257="c",ISNUMBER(L257),ISNUMBER(M257),ISNUMBER(N257)),"Res Disc",IF(AND(ISNUMBER(K257),COUNTIF(L257:N257,"c")=1),"Res Disc","")))))) | U257: =IF(T257<>"","",IF(SUM(COUNTIF(I257:K257,"c"),COUNTIF(O257:P257,"c"))>1,"",IF(OR(AND(H257="c",OR(I257="c",J257="c",K257="c",O257="c",P257="c")),AND(H257<>"",I257="c",J257="c",K257="c",O257="c",P257="c"),AND(H257<>"",I257="",J257="",K257="",O257="",P257="")),"",IF(ABS(SUM(I257:K257,O257:P257)-SUM(H257))>0.9,SUM(I257:K257,O257:P257)-SUM(H257),"")))) | V257: =IF(T257<>"","",IF(OR(AND(K257="c",OR(L257="c",N257="c",M257="c")),AND(K257<>"",L257="c",M257="c",N257="c"),AND(K257<>"",L257="",N257="",M257="")),"",IF(COUNTIF(L257:N257,"c")>1,"",IF(ABS(SUM(L257:N257)-SUM(K257))>0.9,SUM(L257:N257)-SUM(K257),"")))) | W257: =IF(T257<>"","",IF(OR(AND(P257="c",OR(Q257="c",S257="c",R257="c")),AND(P257<>"",Q257="c",R257="c",S257="c"),AND(P257<>"",Q257="",S257="",R257="")),"",IF(COUNTIF(Q257:S257,"c")>1,"",IF(ABS(SUM(Q257:S257)-SUM(P257))>0.9,SUM(Q257:S257)-SUM(P257),""))))
B258: .793 | D258: .A | E258: 238 | F258: EH | G258: Western Sahara | H258: ='Table 1'!H258 -> 0 | J258: ='[1]Data CPIS- Banking'!$F239 -> 0 | K258: =IF(AND(L258="",M258="",N258=""),"",IF(OR(L258="c",M258="c",N258="c"),"c",SUM(L258:N258))) -> 0 | L258: ='[1]Data CPIS- Insurance'!$F239 -> 0 | N258: ='[1]Data CPIS-Securities'!$F239 -> 0 | P258: =IF(AND(Q258="",R258="",S258=""),"",IF(OR(Q258="c",R258="c",S258="c"),"c",SUM(Q258:S258))) | T258: =IF(AND(ISNUMBER(H258),SUM(COUNTIF(I258:K258,"c"),COUNTIF(O258:P258,"c"))=1),"Res Disc",IF(AND(H258="c",ISNUMBER(I258),ISNUMBER(J258),ISNUMBER(K258),ISNUMBER(O258),ISNUMBER(P258)),"Res Disc",IF(AND(COUNTIF(Q258:S258,"c")=1,ISNUMBER(P258)),"Res Disc",IF(AND(P258="c",ISNUMBER(Q258),ISNUMBER(R258),ISNUMBER(S258)),"Res Disc",IF(AND(K258="c",ISNUMBER(L258),ISNUMBER(M258),ISNUMBER(N258)),"Res Disc",IF(AND(ISNUMBER(K258),COUNTIF(L258:N258,"c")=1),"Res Disc","")))))) | U258: =IF(T258<>"","",IF(SUM(COUNTIF(I258:K258,"c"),COUNTIF(O258:P258,"c"))>1,"",IF(OR(AND(H258="c",OR(I258="c",J258="c",K258="c",O258="c",P258="c")),AND(H258<>"",I258="c",J258="c",K258="c",O258="c",P258="c"),AND(H258<>"",I258="",J258="",K258="",O258="",P258="")),"",IF(ABS(SUM(I258:K258,O258:P258)-SUM(H258))>0.9,SUM(I258:K258,O258:P258)-SUM(H258),"")))) | V258: =IF(T258<>"","",IF(OR(AND(K258="c",OR(L258="c",N258="c",M258="c")),AND(K258<>"",L258="c",M258="c",N258="c"),AND(K258<>"",L258="",N258="",M258="")),"",IF(COUNTIF(L258:N258,"c")>1,"",IF(ABS(SUM(L258:N258)-SUM(K258))>0.9,SUM(L258:N258)-SUM(K258),"")))) | W258: =IF(T258<>"","",IF(OR(AND(P258="c",OR(Q258="c",S258="c",R258="c")),AND(P258<>"",Q258="c",R258="c",S258="c"),AND(P258<>"",Q258="",S258="",R258="")),"",IF(COUNTIF(Q258:S258,"c")>1,"",IF(ABS(SUM(Q258:S258)-SUM(P258))>0.9,SUM(Q258:S258)-SUM(P258),""))))
... B261: .698 | D261: .A | E261: 241 | F261: ZW | G261: Zimbabwe | H261: ='Table 1'!H261 -> 47.746368 | J261: ='[1]Data CPIS- Banking'!$F242 -> 0 | K261: =IF(AND(L261="",M261="",N261=""),"",IF(OR(L261="c",M261="c",N261="c"),"c",SUM(L261:N261))) -> 47.746368 | L261: ='[1]Data CPIS- Insurance'!$F242 -> 0 | N261: ='[1]Data CPIS-Securities'!$F242 -> 47.746368 | P261: =IF(AND(Q261="",R261="",S261=""),"",IF(OR(Q261="c",R261="c",S261="c"),"c",SUM(Q261:S261))) | T261: =IF(AND(ISNUMBER(H261),SUM(COUNTIF(I261:K261,"c"),COUNTIF(O261:P261,"c"))=1),"Res Disc",IF(AND(H261="c",ISNUMBER(I261),ISNUMBER(J261),ISNUMBER(K261),ISNUMBER(O261),ISNUMBER(P261)),"Res Disc",IF(AND(COUNTIF(Q261:S261,"c")=1,ISNUMBER(P261)),"Res Disc",IF(AND(P261="c",ISNUMBER(Q261),ISNUMBER(R261),ISNUMBER(S261)),"Res Disc",IF(AND(K261="c",ISNUMBER(L261),ISNUMBER(M261),ISNUMBER(N261)),"Res Disc",IF(AND(ISNUMBER(K261),COUNTIF(L261:N261,"c")=1),"Res Disc","")))))) | U261: =IF(T261<>"","",IF(SUM(COUNTIF(I261:K261,"c"),COUNTIF(O261:P261,"c"))>1,"",IF(OR(AND(H261="c",OR(I261="c",J261="c",K261="c",O261="c",P261="c")),AND(H261<>"",I261="c",J261="c",K261="c",O261="c",P261="c"),AND(H261<>"",I261="",J261="",K261="",O261="",P261="")),"",IF(ABS(SUM(I261:K261,O261:P261)-SUM(H261))>0.9,SUM(I261:K261,O261:P261)-SUM(H261),"")))) | V261: =IF(T261<>"","",IF(OR(AND(K261="c",OR(L261="c",N261="c",M261="c")),AND(K261<>"",L261="c",M261="c",N261="c"),AND(K261<>"",L261="",N261="",M261="")),"",IF(COUNTIF(L261:N261,"c")>1,"",IF(ABS(SUM(L261:N261)-SUM(K261))>0.9,SUM(L261:N261)-SUM(K261),"")))) | W261: =IF(T261<>"","",IF(OR(AND(P261="c",OR(Q261="c",S261="c",R261="c")),AND(P261<>"",Q261="c",R261="c",S261="c"),AND(P261<>"",Q261="",S261="",R261="")),"",IF(COUNTIF(Q261:S261,"c")>1,"",IF(ABS(SUM(Q261:S261)-SUM(P261))>0.9,SUM(Q261:S261)-SUM(P261),""))))
B262: .983 | D262: .A | E262: 242 | F262: _X | G262: Not Specified (including Confidential) | H262: ='Table 1'!H262 -> 0 | J262: ='[1]Data CPIS- Banking'!$F243 -> 0 | K262: =IF(AND(L262="",M262="",N262=""),"",IF(OR(L262="c",M262="c",N262="c"),"c",SUM(L262:N262))) -> 0 | L262: ='[1]Data CPIS- Insurance'!$F243 -> 0 | N262: ='[1]Data CPIS-Securities'!$F243 -> 0 | P262: =IF(AND(Q262="",R262="",S262=""),"",IF(OR(Q262="c",R262="c",S262="c"),"c",SUM(Q262:S262)))
B263: .091 | D263: .A | E263: 243 | F263: XX | G263: International Organizations | H263: ='Table 1'!H263 -> 3512.263 | J263: ='[1]Data CPIS- Banking'!$F244 -> 3212 | K263: =IF(AND(L263="",M263="",N263=""),"",IF(OR(L263="c",M263="c",N263="c"),"c",SUM(L263:N263))) -> 300.26298 | L263: ='[1]Data CPIS- Insurance'!$F244 -> 0 | N263: ='[1]Data CPIS-Securities'!$F244 -> 300.26298 | P263: =IF(AND(Q263="",R263="",S263=""),"",IF(OR(Q263="c",R263="c",S263="c"),"c",SUM(Q263:S263))) | T263: =IF(AND(ISNUMBER(H263),SUM(COUNTIF(I263:K263,"c"),COUNTIF(O263:P263,"c"))=1),"Res Disc",IF(AND(H263="c",ISNUMBER(I263),ISNUMBER(J263),ISNUMBER(K263),ISNUMBER(O263),ISNUMBER(P263)),"Res Disc",IF(AND(COUNTIF(Q263:S263,"c")=1,ISNUMBER(P263)),"Res Disc",IF(AND(P263="c",ISNUMBER(Q263),ISNUMBER(R263),ISNUMBER(S263)),"Res Disc",IF(AND(K263="c",ISNUMBER(L263),ISNUMBER(M263),ISNUMBER(N263)),"Res Disc",IF(AND(ISNUMBER(K263),COUNTIF(L263:N263,"c")=1),"Res Disc","")))))) | U263: =IF(T263<>"","",IF(SUM(COUNTIF(I263:K263,"c"),COUNTIF(O263:P263,"c"))>1,"",IF(OR(AND(H263="c",OR(I263="c",J263="c",K263="c",O263="c",P263="c")),AND(H263<>"",I263="c",J263="c",K263="c",O263="c",P263="c"),AND(H263<>"",I263="",J263="",K263="",O263="",P263="")),"",IF(ABS(SUM(I263:K263,O263:P263)-SUM(H263))>0.9,SUM(I263:K263,O263:P263)-SUM(H263),"")))) | V263: =IF(T263<>"","",IF(OR(AND(K263="c",OR(L263="c",N263="c",M263="c")),AND(K263<>"",L263="c",M263="c",N263="c"),AND(K263<>"",L263="",N263="",M263="")),"",IF(COUNTIF(L263:N263,"c")>1,"",IF(ABS(SUM(L263:N263)-SUM(K263))>0.9,SUM(L263:N263)-SUM(K263),"")))) | W263: =IF(T263<>"","",IF(OR(AND(P263="c",OR(Q263="c",S263="c",R263="c")),AND(P263<>"",Q263="c",R263="c",S263="c"),AND(P263<>"",Q263="",S263="",R263="")),"",IF(COUNTIF(Q263:S263,"c")>1,"",IF(ABS(SUM(Q263:S263)-SUM(P263))>0.9,SUM(Q263:S263)-SUM(P263),"")))) | Z263: =Z264 -> 0
B264: .001 | D264: .A | E264: 244 | G264: Total value of investment | H264: ='Table 1'!H264 -> 2891083.1 | J264: =64011-1797-104 -> 62110 | K264: =IF(AND(L264="",M264="",N264=""),"",IF(OR(L264="c",M264="c",N264="c"),"c",SUM(L264:N264))) -> 2828973.3 | L264: =26758.4-2179.8 -> 24578.6 | M264: 862.6 | N264: =4327807.9-1524275.8 -> 2803532.1 | P264: =IF(AND(Q264="",R264="",S264=""),"",IF(OR(Q264="c",R264="c",S264="c"),"c",SUM(Q264:S264))) | T264: =IF(AND(ISNUMBER(H264),SUM(COUNTIF(I264:K264,"c"),COUNTIF(O264:P264,"c"))=1),"Res Disc",IF(AND(H264="c",ISNUMBER(I264),ISNUMBER(J264),ISNUMBER(K264),ISNUMBER(O264),ISNUMBER(P264)),"Res Disc",IF(AND(COUNTIF(Q264:S264,"c")=1,ISNUMBER(P264)),"Res Disc",IF(AND(P264="c",ISNUMBER(Q264),ISNUMBER(R264),ISNUMBER(S264)),"Res Disc",IF(AND(K264="c",ISNUMBER(L264),ISNUMBER(M264),ISNUMBER(N264)),"Res Disc",IF(AND(ISNUMBER(K264),COUNTIF(L264:N264,"c")=1),"Res Disc","")))))) | U264: =IF(T264<>"","",IF(SUM(COUNTIF(I264:K264,"c"),COUNTIF(O264:P264,"c"))>1,"",IF(OR(AND(H264="c",OR(I264="c",J264="c",K264="c",O264="c",P264="c")),AND(H264<>"",I264="c",J264="c",K264="c",O264="c",P264="c"),AND(H264<>"",I264="",J264="",K264="",O264="",P264="")),"",IF(ABS(SUM(I264:K264,O264:P264)-SUM(H264))>0.9,SUM(I264:K264,O264:P264)-SUM(H264),"")))) | V264: =IF(T264<>"","",IF(OR(AND(K264="c",OR(L264="c",N264="c",M264="c")),AND(K264<>"",L264="c",M264="c",N264="c"),AND(K264<>"",L264="",N264="",M264="")),"",IF(COUNTIF(L264:N264,"c")>1,"",IF(ABS(SUM(L264:N264)-SUM(K264))>0.9,SUM(L264:N264)-SUM(K264),"")))) | W264: =IF(T264<>"","",IF(OR(AND(P264="c",OR(Q264="c",S264="c",R264="c")),AND(P264<>"",Q264="c",R264="c",S264="c"),AND(P264<>"",Q264="",S264="",R264="")),"",IF(COUNTIF(Q264:S264,"c")>1,"",IF(ABS(SUM(Q264:S264)-SUM(P264))>0.9,SUM(Q264:S264)-SUM(P264),""))))
G265: Calculated total value of investment | H265: =SUM(H21:H263) -> 2891083.1 | I265: =SUM(I21:I263) -> 0 | J265: =SUM(J21:J263) -> 62110 | K265: =SUM(K21:K263) -> 2828973.3 | L265: =SUM(L21:L263) -> 24578.608 | M265: =SUM(M21:M263) -> 862.5979 | N265: =SUM(N21:N263) -> 2803532.1 | O265: =SUM(O21:O263) -> 0 | ... S265: =SUM(S21:S263) -> 0
G266: Cross-checks Total Value of Investment (SUM(21:263)-264) | H266: =IF(COUNTIF(H21:H263,"c")=1,"Res Disc",SUM(H264)-SUM(H265)) -> -0.01435642 | I266: =IF(COUNTIF(I21:I263,"c")=1,"Res Disc",SUM(I264)-SUM(I265)) -> 0 | J266: =IF(COUNTIF(J21:J263,"c")=1,"Res Disc",SUM(J264)-SUM(J265)) -> 0 | K266: =IF(COUNTIF(K21:K263,"c")=1,"Res Disc",SUM(K264)-SUM(K265)) -> 0.03564358 | L266: =IF(COUNTIF(L21:L263,"c")=1,"Res Disc",SUM(L264)-SUM(L265)) -> -0.00828042 | M266: =IF(COUNTIF(M21:M263,"c")=1,"Res Disc",SUM(M264)-SUM(M265)) -> 0.002104 | N266: =IF(COUNTIF(N21:N263,"c")=1,"Res Disc",SUM(N264)-SUM(N265)) -> 0.04182 | O266: =IF(COUNTIF(O21:O263,"c")=1,"Res Disc",SUM(O264)-SUM(O265)) -> 0 | ... S266: =IF(COUNTIF(S21:S263,"c")=1,"Res Disc",SUM(S264)-SUM(S265)) -> 0
G267: Note: Data are reported by the economy of holder.
G268: 1/ Reserve assets should not be included here but reported in the survey of the geographical distribution of Securities held as Foreign Exchange Reserves (SEFER).
G269: 2/ Nonprofit Institutions Serving Households (NPISHs) may be combined with households.

Sheet Table 3.1
H1: Table 3.1: CPIS: Total Portfolio Investment Assets (Equity Securities) by Sector of Resident Holder: Encouraged
G4: Reporting Economy | H4: =Reporting_Country_Name -> Cayman Islands | J4: Country Code: | K4: =Reporting_Country_Code -> 377 | L4: Reference Date: | M4: =Reporting_Period_Code -> 2021S2
G7: Reporting Currency | H7: =Reporting_Currency_Name -> US Dollars | J7: Currency Code: | K7: =Reporting_Currency_Code -> 1 | L7: Scale | M7: =Reporting_Scale_Name -> Million
H12: IMPORTANT! The CPIS compiler is only expected to report data for sectors on an "as available" basis.
